Workbook
Name \0: #REF!
Name \0: [1]DR84PCRF!#REF!
Name \1: #REF!
Name \2: #REF!
Name \A: #REF!
Name \b: [2]SID_NI_5!#REF!
Name \c: [2]SID_NI_5!#REF!
Name \Convergence: 1000000
Name \d: #N/A
Name \E: '[3]Paulo de Carvalho'!#REF!
Name \f: #N/A
Name \fagf: #REF!
Name \I: #REF!
Name \IterationCount: 0
Name \m: #REF!
Name \p: #REF!
Name \p: [2]SID_NI_5!#REF!
Name \s: #REF!
Name \s: #REF!
Name \SA: [4]COMPOS1!#REF!
Name \WorstStream: " "
Name \x: #REF!
Name \x: [5]PLMUSEU!#REF!
Name \y: #REF!
Name \z: #REF!
Name \z: #REF!
Name \z: #REF!
Name _: #REF!
Name _\0: #REF!
Name _\1: #REF!
Name _\2: #REF!
Name _\2: #REF!
Name _\a: #REF!
Name _\I: #REF!
Name _\m: #REF!
Name _\p: #REF!
Name _\s: #REF!
Name ________\0: #REF!
Name ________\1: #REF!
Name ________\2: #REF!
Name ________\2: #REF!
Name ________\a: #REF!
Name ________\c: #REF!
Name ________\I: #REF!
Name ________\m: #REF!
Name ________\p: #REF!
Name ________\s: #REF!
Name ________\x: #REF!
Name ________\z: #REF!
Name ______________________________PL1: #REF!
Name _____________________________PL1: #REF!
Name ____________________________PL1: #REF!
Name ___________________________PL1: #REF!
Name __________________________PL1: #REF!
Name _________________________PL1: #REF!
Name ________________________PL1: #REF!
Name _______________________PL1: #REF!
Name ______________________PL1: #REF!
Name _____________________PL1: #REF!
Name ____________________PL1: #REF!

Sheet QUANT. GERAL - RODOVIA
A1: Código | B1: Descrição | C1: Unidade | D1: Quantidade
A2: Pavimentação
A3: ='Quant. Pav Rodovia'!A2 -> COMP | B3: ='Quant. Pav Rodovia'!B2 -> PAVIMENTO DE CONCRETO - AREIA E BRITA COMERCIAIS (INCLUSO: VIBROACABADORA E MÁQUINA TEXTURIZADORA E APLICADORA DE CURA QUÍMICA EM PAVIMENTO DE CONCRETO) | C3: ='Quant. Pav Rodovia'!C2 -> m³ | D3: ='Quant. Pav Rodovia'!D2 -> 7809.4
A4: 40436 | B4: TRANSPORTE LOCAL DE CONCRETO | C4: ='Quant. Pav Rodovia'!C3 -> m3km | D4: ='Quant. Pav Rodovia'!D3 -> 14413.807
A5: ='Quant. Pav Rodovia'!A4 -> 4011536 | B5: ='Quant. Pav Rodovia'!B4 -> MEMBRANA PLÁSTICA ISOLANTE E IMPERMEABILIZANTE COM ESPESSURA DE 0,2 MM - FORNECIMENTO E INSTALAÇÃO | C5: ='Quant. Pav Rodovia'!C4 -> m² | D5: ='Quant. Pav Rodovia'!D4 -> 39047.031
A6: ='Quant. Pav Rodovia'!A5 -> 40380 | B6: ='Quant. Pav Rodovia'!B5 -> IMPRIMAÇÃO | C6: ='Quant. Pav Rodovia'!C5 -> m2 | D6: ='Quant. Pav Rodovia'!D5 -> 17974.556
A7: ='Quant. Pav Rodovia'!A6 -> 40435 | B7: ='Quant. Pav Rodovia'!B6 -> TRANSPORTE LOCAL DE MATERIAL BETUMINOSO | C7: ='Quant. Pav Rodovia'!C6 -> TKM | D7: ='Quant. Pav Rodovia'!D6 -> 32.751472
A8: ='Quant. Pav Rodovia'!A7 -> 40617 | B8: ='Quant. Pav Rodovia'!B7 -> ESTABILIZAÇÃO BRITA GRADUADA TRATADA COM CIMENTO (BGTC) - USINA | C8: ='Quant. Pav Rodovia'!C7 -> m3 | D8: ='Quant. Pav Rodovia'!D7 -> 295.91526
A9: ='Quant. Pav Rodovia'!A8 -> COMP | B9: ='Quant. Pav Rodovia'!B8 -> ESTABILIZAÇÃO 50% FRESAGEM + 50% BRITA GRADUADA TRATADA COM CIMENTO (BGTC) - USINA | C9: ='Quant. Pav Rodovia'!C8 -> m3 | D9: ='Quant. Pav Rodovia'!D8 -> 1841.5647
A10: ='Quant. Pav Rodovia'!A9 -> 40325 | B10: ='Quant. Pav Rodovia'!B9 -> TRANSPORTE DA MISTURA | C10: ='Quant. Pav Rodovia'!C9 -> m3km | D10: ='Quant. Pav Rodovia'!D9 -> 5920.4946
A11: ='Quant. Pav Rodovia'!A10 -> 40470 | B11: ='Quant. Pav Rodovia'!B10 -> FRESAGEM CONTÍNUA Á FRIO | C11: ='Quant. Pav Rodovia'!C10 -> m3 | D11: ='Quant. Pav Rodovia'!D10 -> 920.804
A12: ='Quant. Pav Rodovia'!A11 -> 40430 | B12: ='Quant. Pav Rodovia'!B11 -> TRANSPORTE DE PAVIMENTO REMOVIDO | C12: ='Quant. Pav Rodovia'!C11 -> m3km | D12: ='Quant. Pav Rodovia'!D11 -> 2270.5196
A13: ='Quant. Pav Rodovia'!A12 -> 40310 | B13: ='Quant. Pav Rodovia'!B12 -> REGULARIZAÇÃO E COMPACTAÇÃO DO SUBLEITO | C13: ='Quant. Pav Rodovia'!C12 -> m2 | D13: ='Quant. Pav Rodovia'!D12 -> 16227.598
A14: ='Quant. Pav Rodovia'!A13 -> 40455 | B14: ='Quant. Pav Rodovia'!B13 -> TRANSPORTE COMERCIAL DE AGREGADOS | C14: ='Quant. Pav Rodovia'!C13 -> m3km | D14: ='Quant. Pav Rodovia'!D13 -> 490401.26
A15: ='Quant. Pav Rodovia'!A14 -> 40450 | B15: ='Quant. Pav Rodovia'!B14 -> TRANSPORTE COMERCIAL DE CIMENTO / CAL / FILLER | C15: ='Quant. Pav Rodovia'!C14 -> TKM | D15: ='Quant. Pav Rodovia'!D14 -> 533722.39
A16: ='Quant. Pav Rodovia'!A15 -> 40485 | B16: ='Quant. Pav Rodovia'!B15 -> FORNECIMENTO DE EMULSÃO ASFÁLTICA PARA IMPRIMAÇÃO - EAI | C16: ='Quant. Pav Rodovia'!C15 -> t | D16: ='Quant. Pav Rodovia'!D15 -> 23.366923
... A24: ='Quant. Pav Rodovia'!A23 -> 261610CC | B24: ='Quant. Pav Rodovia'!B23 -> Pintura esmalte Alquidico estrutura metálica 1 demão ( para barra de Transferência) | C24: ='Quant. Pav Rodovia'!C23 -> m2 | D24: ='Quant. Pav Rodovia'!D23 -> 528.41424
A25: Drenagem
A26: ='Quant. Dre Rodovia'!B5 -> 45410 | B26: ='Quant. Dre Rodovia'!C5 -> ESCAVAÇÃO MECÂNICA EM TERRA - BDI = 27,21 | C26: ='Quant. Dre Rodovia'!E5 -> m3 | D26: ='Quant. Dre Rodovia'!F5 -> 761.0925
A27: ='Quant. Dre Rodovia'!B6 -> 47027 | B27: ='Quant. Dre Rodovia'!C6 -> ESCAVAÇÃO MANUAL | C27: ='Quant. Dre Rodovia'!E6 -> m3 | D27: ='Quant. Dre Rodovia'!F6 -> 41.57
A28: ='Quant. Dre Rodovia'!B7 -> 40102 | B28: ='Quant. Dre Rodovia'!C7 -> COMPACTAÇÃO MANUAL | C28: ='Quant. Dre Rodovia'!E7 -> M3 | D28: ='Quant. Dre Rodovia'!F7 -> 17.21
A29: ='Quant. Dre Rodovia'!B8 -> 41800 | B29: ='Quant. Dre Rodovia'!C8 -> REMOÇÃO DE BUEIROS TUBULARES | C29: ='Quant. Dre Rodovia'!E8 -> m | D29: ='Quant. Dre Rodovia'!F8 -> 17
A30: ='Quant. Dre Rodovia'!B9 -> 40006 | B30: ='Quant. Dre Rodovia'!C9 -> TRANSPORTE DE ENTULHOS | C30: ='Quant. Dre Rodovia'!E9 -> m3km | D30: ='Quant. Dre Rodovia'!F9 -> 6.8
A31: ='Quant. Dre Rodovia'!B10 -> 41816 | B31: ='Quant. Dre Rodovia'!C10 -> CORPO DE BSTC D=1,00M (EXCETO ESCAVAÇÃO) | C31: ='Quant. Dre Rodovia'!E10 -> m | D31: ='Quant. Dre Rodovia'!F10 -> 17
A32: ='Quant. Dre Rodovia'!B11 -> 41806 | B32: ='Quant. Dre Rodovia'!C11 -> CORPO DE BSTC D=0,60M (EXCETO ESCAVAÇÃO) | C32: ='Quant. Dre Rodovia'!E11 -> m | D32: ='Quant. Dre Rodovia'!F11 -> 11
A33: ='Quant. Dre Rodovia'!B12 -> 41309 | B33: ='Quant. Dre Rodovia'!C12 -> DRENO PROFUNDO, CORTE EM SOLO PEAD - DPS13 (ANTIGO DPS07) (EXCETO ESCAVAÇÃO) (BC) | C33: ='Quant. Dre Rodovia'!E12 -> m | D33: ='Quant. Dre Rodovia'!F12 -> 793.07
A34: ='Quant. Dre Rodovia'!B13 -> 2003601 | B34: ='Quant. Dre Rodovia'!C13 -> Boca de saída para dreno longitudinal profundo - BSD 02 - tubo de concreto perfurado - areia e brita comerciais | C34: ='Quant. Dre Rodovia'!E13 -> un | D34: ='Quant. Dre Rodovia'!F13 -> 1
A35: ='Quant. Dre Rodovia'!B14 -> 2003517 | B35: ='Quant. Dre Rodovia'!C14 -> Caixa coletora de sarjeta - CCS 200-60 B - com grelha de aço - areia e brita comerciais | C35: ='Quant. Dre Rodovia'!E14 -> un | D35: ='Quant. Dre Rodovia'!F14 -> 1
A36: ='Quant. Dre Rodovia'!B15 -> 2003315 | B36: ='Quant. Dre Rodovia'!C15 -> Valeta de proteção de aterros com revestimento de concreto - VPAC 120-30 - escavação mecânica - areia e brita comerciais | C36: ='Quant. Dre Rodovia'!E15 -> M | D36: ='Quant. Dre Rodovia'!F15 -> 1239.7
A37: ='Quant. Dre Rodovia'!B16 -> 2003325 | B37: ='Quant. Dre Rodovia'!C16 -> Sarjeta triangular de concreto - STC 04 - escavação mecânica - areia e brita comerciais | C37: ='Quant. Dre Rodovia'!E16 -> m | D37: ='Quant. Dre Rodovia'!F16 -> 481.59
... A48: ='Quant. Dre Rodovia'!B27 -> 47050 | B48: ='Quant. Dre Rodovia'!C27 -> TRANSPORTE LOCAL DE MATERIAL BÁSICO | C48: ='Quant. Dre Rodovia'!E27 -> tkm | D48: ='Quant. Dre Rodovia'!F27 -> 2.1673398
A49: Terraplenagem
A50: ='Modelo 10.0 - Resumo e Quant.'!A65 -> 40010 | B50: ='Modelo 10.0 - Resumo e Quant.'!B65 -> ESCAVAÇÃO, CARGA E TRANSPORTE DE MATERIAL DE 1ª CATEGORIA ATÉ 50M | C50: ='Modelo 10.0 - Resumo e Quant.'!J65 -> m3 | D50: ='Modelo 10.0 - Resumo e Quant.'!K65 -> 7315.47
A51: ='Modelo 10.0 - Resumo e Quant.'!A68 -> 40015 | B51: ='Modelo 10.0 - Resumo e Quant.'!B68 -> ESCAV., CARGA E TRANSPORTE DE MAT. 1ª CATEG. - C/ ESCAVADEIRA - (DT: 51 A 200M) | C51: ='Modelo 10.0 - Resumo e Quant.'!J68 -> m3 | D51: ='Modelo 10.0 - Resumo e Quant.'!K68 -> 140.756
A52: ='Modelo 10.0 - Resumo e Quant.'!A69 -> 40016 | B52: ='Modelo 10.0 - Resumo e Quant.'!B69 -> ESCAV., CARGA E TRANSPORTE DE MAT. 1ª CATEG. - C/ ESCAVADEIRA - (DT: 201 A 400M) | C52: ='Modelo 10.0 - Resumo e Quant.'!J69 -> m3 | D52: ='Modelo 10.0 - Resumo e Quant.'!K69 -> 94.984
A53: ='Modelo 10.0 - Resumo e Quant.'!A70 -> 40017 | B53: ='Modelo 10.0 - Resumo e Quant.'!B70 -> ESCAV., CARGA E TRANSPORTE DE MAT. 1ª CATEG. - C/ ESCAVADEIRA - (DT: 401 A 600M) | C53: ='Modelo 10.0 - Resumo e Quant.'!J70 -> m3 | D53: ='Modelo 10.0 - Resumo e Quant.'!K70 -> 15.35
A54: ='Modelo 10.0 - Resumo e Quant.'!A80 -> 40027 | B54: ='Modelo 10.0 - Resumo e Quant.'!B80 -> ESCAV., CARGA E TRANSPORTE DE MAT. 1ª CATEG. - C/ ESCAVADEIRA - (DT: 5.001 A 10.000M) | C54: ='Modelo 10.0 - Resumo e Quant.'!J80 -> m3 | D54: ='Modelo 10.0 - Resumo e Quant.'!K80 -> 1225.073
A55: ='Modelo 10.0 - Resumo e Quant.'!A111 -> 40101 | B55: ='Modelo 10.0 - Resumo e Quant.'!B111 -> COMPACTAÇÃO A 100% DO PROCTOR NORMAL | C55: ='Modelo 10.0 - Resumo e Quant.'!J111 -> m3 | D55: ='Modelo 10.0 - Resumo e Quant.'!K111 -> 12228.955
A56: Sinalização de Obras
A57: ='Quant. SIN RODOVIA'!A3 -> 40850 | B57: ='Quant. SIN RODOVIA'!B3 -> SINALIZAÇÃO VERTICAL SEMI-REFLETIVA | C57: ='Quant. SIN RODOVIA'!C3 -> m² | D57: ='Quant. SIN RODOVIA'!D3 -> 53.816
A58: ='Quant. SIN RODOVIA'!A4 -> 5213835* | B58: ='Quant. SIN RODOVIA'!B4 -> Cone Plástico Para Canalização de Trânsito - Utilização de 150 ciclos - Fornecimento, 01 implantação e 01 retirada diária | C58: ='Quant. SIN RODOVIA'!C4 -> un.dia | D58: ='Quant. SIN RODOVIA'!D4 -> 23184
A59: ='Quant. SIN RODOVIA'!A5 -> 5213349* | B59: ='Quant. SIN RODOVIA'!B5 -> Dispositivo de direcionamento ou bloqueio tipo tela plástica com suporte fixo - utilização de 150 ciclos - fornecimento, 01 implantação e 01 retirada diária | C59: ='Quant. SIN RODOVIA'!C5 -> m².dia | D59: ='Quant. SIN RODOVIA'!D5 -> 21252
A60: ='Quant. SIN RODOVIA'!A6 -> 5213838 | B60: ='Quant. SIN RODOVIA'!B6 -> Cilindro canalizador de tráfego com base quadrada de 111 x 56 x 56 cm - utilização de 600 ciclos - fornecimento, 01 implantação e 01 retirada diária | C60: ='Quant. SIN RODOVIA'!C6 -> un.dia | D60: ='Quant. SIN RODOVIA'!D6 -> 7020
A61: Obras Complementares
A62: ='Quant. OC Rodovia'!B2 -> 40895 | B62: ='Quant. OC Rodovia'!D2 -> SEMEADURA MANUAL | C62: ='Quant. OC Rodovia'!E2 -> m2 | D62: ='Quant. OC Rodovia'!F2 -> 3820
A64: - | B64: Administração Local | C64: und | D64: 1
A65: - | B65: Mobilização e Desmobilização | C65: und | D65: 1
A66: - | B66: Canteiro de Obras | C66: und | D66: 1

Sheet PV 17-LINEAR DE DISTR. MAT
B2: DIAGRAMA DE LOCALIZAÇÃO DAS FONTES DE MATERIAIS
BT21: GO-210
V32: 28,60 km
BW41: 5,00 km | DL41: 21,00 km
S46: INÍCIO DO TRECHO: km - 00,00 | DQ46: FINAL DO TRECHO: km - 6,50
Y47: RIO VERDE | BW47: 0,04 km | CY47: MONTIVIDIU (TREVO GO-174)
V55: 164,00 km
V64: km - 00,25 | Z64: km - 00,50 | AD64: km - 00,75 | AH64: km - 01,00 | AL64: km - 01,25 | AP64: km - 01,50 | AT64: km - 01,75 | AX64: km - 02,00 | BB64: km - 02,25 | BF64: km - 02,50 | BJ64: km - 02,75 | BN64: km - 03,00 | BR64: km - 03,25 | BV64: km - 03,50 | BZ64: km - 03,75 | CD64: km - 04,00 | CH64: km - 04,25 | CL64: km - 04,50 | CP64: km - 04,75 | CT64: km - 05,00 | CX64: km - 05,25 | DB64: km - 05,50 | DF64: km - 05,75 | DJ64: km - 06,00 | DN64: km - 06,25
O66: 127,50 km
V77: 227,00 km
Q88: 243,00 km
B94: Legenda:
J95: = | K95: Rodovia Projetada | CL95: PEDREIRA | CW95: DISTRIBUIDORA MATERIAL BETUMINOSO | DQ95: AREAL
BG96: FÁBRICA DE CIMENTO
J97: = | K97: Pavimentada | Y97: CANTEIRO DE OBRAS | AQ97: DISTRIBUIDORA DE AÇO | BW97: CAIXA DE EMPRESTIMO
J99: = | K99: Não Pavimentada

Sheet RESUMO
A1: PROJETO EXECUTIVO DE ENGENHARIA
A2: Rodovia: | B2: GO-210 | G2: EXTENSÃO: | H2: 3,22 km
A3: Trecho: | B3: Perímetro Urbano Rio Verde/ Trevo GO-174 (Sentido Montividiu) | G3: LOTE: | H3: ÚNICO
A5: Quadro Resumo de Serviços de Pavimentação
A6: TRECHO | B6: Remoção de Pavimento Existente (m³) | C6: Regularização de Subleito (m²) | D6: Sub-base BGTC (m³) | E6: Imprimação (m²) | G6: Pavimento de Concreto
E7: Área (m²) | F7: EAI (t) | G7: Área (m²) | H7: Volume(m³)
A8: GO-210 | B8: ='MC BGTC'!O56 -> 2846.0574 | C8: ='MC Reg_Subleito'!L76 -> 16227.598 | D8: ='MC BGTC'!O117 -> 1841.5647 | E8: ='Quant. Pav Rodovia'!D5 -> 17974.556 | F8: ='MC IMPR'!Q16 -> 50.76114 | G8: ='MC CCP'!M27 -> 39047.031 | H8: ='MC CCP'!O27 -> 7809.4
A9: Total | B9: =SUM(B8:B8) -> 2846.0574 | C9: =SUM(C8:C8) -> 16227.598 | D9: =SUM(D8:D8) -> 1841.5647 | E9: =SUM(E8:E8) -> 17974.556 | F9: =SUM(F8:F8) -> 50.76114 | G9: =SUM(G8:G8) -> 39047.031 | H9: =SUM(H8:H8) -> 7809.4

Sheet MC Reg_Subleito
C2: Ocorrência | D2: Destino | E2: Entre Estacas | I2: Exten- | J2: Lar- | K2: Área | L2: Área
B3: SERVIÇO | C3: Origem | E3: Inicial | G3: Final | I3: são | J3: gura | K3: Variável | L3: Total
E4: Int. | F4: Frac. | G4: Int. | H4: Frac. | I4: (m) | J4: (m) | K4: (m2) | L4: (m2)
B5: REGULARIZAÇÃO DO SUBLEITO | C5: Caixa 01 | D5: Retorno 01 | E5: 15 | F5: 9.67 | G5: 92 | H5: 1.55 | I5: =IF(E5="","",((G5-E5)*20)+H5-F5) -> 1531.88 | K5: 24316.75 | L5: =IF(E5="","",(I5*J5)+K5) -> 24316.75 | O5: 0 | P5: 76+14,05 | S5: TOTAL NO INTERVALO
C6: Caixa 01 | D6: SEGMENTO 02 - PE | E6: 92 | F6: 1.55 | G6: 132 | H6: 12.12 | I6: 810.57 | J6: 12.4 | L6: =IF(E6="","",(I6*J6)+K6) -> 10051.068 | W6: =I6*J6 -> 10051.068
C7: Caixa 01 | D7: Retorno 02 | E7: 132 | F7: 12.12 | G7: 176 | H7: 12.12 | I7: =IF(E7="","",((G7-E7)*20)+H7-F7) -> 880 | K7: 13733.72 | L7: =IF(E7="","",(I7*J7)+K7) -> 13733.72 | O7: 0 | P7: 57 | Q7: Aprovado | R7: 1140
I33: =SUM(I5:I32) -> 3222.45 | L33: =SUM(L5:L32) -> 48101.538
B35: MEMÓRIA DE CÁLCULO DE QUANTIDADES - REGULARIZAÇÃO DO SUBLEITO
C41: Ocorrência | D41: Destino | E41: Entre Estacas | I41: Exten- | J41: Lar- | K41: Área | L41: Área
B42: SERVIÇO | C42: Origem | E42: Inicial | G42: Final | I42: são | J42: gura | K42: Variável | L42: Total
E43: Int. | F43: Frac. | G43: Int. | H43: Frac. | I43: (m) | J43: (m) | K43: (m2) | L43: (m2)
B44: REGULARIZAÇÃO DO SUBLEITO | C44: Caixa 01 | D44: Retorno 01 | E44: 15 | F44: 9.67 | G44: 61 | H44: 1.67 | I44: =IF(E44="","",((G44-E44)*20)+H44-F44) -> 912 | K44: 13217.29 | L44: =IF(E44="","",(I44*J44)+K44) -> 13217.29
C45: Caixa 01 | D45: Retorno 01 | E45: 80 | F45: 14.67 | G45: 92 | H45: 1.55 | I45: =IF(E45="","",((G45-E45)*20)+H45-F45) -> 226.88 | K45: 2597.93 | L45: =IF(E45="","",(I45*J45)+K45) -> 2597.93
C46: Caixa 01 | D46: SEGMENTO 02 - PE | E46: 92 | F46: 1.55 | G46: 120 | H46: 0 | I46: =(G46-E46)*20+H46-F46 -> 558.45 | J46: 12.4 | L46: =IF(E46="","",(I46*J46)+K46) -> 6924.78 | W46: =I46*J46 -> 6924.78
C47: Caixa 01 | D47: Retorno 02 | E47: 142 | F47: 0 | G47: 170 | H47: 12.12 | I47: =IF(E47="","",((G47-E47)*20)+H47-F47) -> 572.12 | K47: 9133.94 | L47: =IF(E47="","",(I47*J47)+K47) -> 9133.94
S50: TOTAL EXECUTADO
I55: =SUM(I44:I54) -> 2269.45 | L55: =SUM(L44:L54) -> 31873.94
B57: MEMÓRIA DE CÁLCULO DE QUANTIDADES - REGULARIZAÇÃO DO SUBLEITO
V60: .
C63: Ocorrência | D63: Destino | E63: Entre Estacas | I63: Exten- | J63: Lar- | K63: Área | L63: Área
B64: SERVIÇO | C64: Origem | E64: Inicial | G64: Final | I64: são | J64: gura | K64: Variável | L64: Total
E65: Int. | F65: Frac. | G65: Int. | H65: Frac. | I65: (m) | J65: (m) | K65: (m2) | L65: (m2)
B66: REGULARIZAÇÃO DO SUBLEITO | C66: Caixa 01 | D66: Retorno 01 | E66: 61 | F66: 1.67 | G66: 80 | H66: 14.67 | I66: =IF(E66="","",((G66-E66)*20)+H66-F66) -> 393 | K66: 8501.53 | L66: =IF(E66="","",(I66*J66)+K66) -> 8501.53
C67: Caixa 01 | D67: SEGMENTO 02 - PE | E67: 120 | F67: 0 | G67: 132 | H67: 12.12 | I67: =(G67-E67)*20+H67-F67 -> 252.12 | J67: 12.4 | L67: =IF(E67="","",(I67*J67)+K67) -> 3126.288
C68: Caixa 01 | D68: Retorno 02 | E68: 132 | F68: 12.12 | G68: 142 | H68: 0 | I68: =IF(E68="","",((G68-E68)*20)+H68-F68) -> 187.88 | K68: 2700.03 | L68: =IF(E68="","",(I68*J68)+K68) -> 2700.03
C69: Caixa 01 | D69: Retorno 02 | E69: 170 | F69: 12.12 | G69: 176 | H69: 12.12 | I69: =IF(E69="","",((G69-E69)*20)+H69-F69) -> 120 | K69: 1899.75 | L69: =IF(E69="","",(I69*J69)+K69) -> 1899.75 | S69: TOTAL A EXECUTAR
I76: =SUM(I66:I75) -> 953 | L76: =SUM(L66:L75) -> 16227.598
B78: MEMÓRIA DE CÁLCULO DE QUANTIDADES - REGULARIZAÇÃO DO SUBLEITO
K82: =K44+K45+K66 -> 24316.75 | L82: =L55+L76 -> 48101.538
I84: =

Sheet MC BGTC
C2: Ocorrência | E2: Destino | F2: Entre Estacas | J2: Exten- | K2: Lar- | L2: Área | M2: Área | P2: Densidade | S2: DMT (Km) | W2: Momento
B3: SERVIÇO | C3: Origem | D3: Acesso | F3: Inicial | H3: Final | J3: são | K3: gura | L3: Variável | M3: Total | N3: Esp. | O3: Volume | P3: ou | R3: Peso | S3: Fixa | T3: Da fonte | U3: No | V3: DMT | W3: Transporte
D4: Est. | F4: Int. | G4: Frac. | H4: Int. | I4: Frac. | J4: (m) | K4: (m) | L4: (m2) | M4: (m2) | N4: (cm) | O4: (m3) | P4: Taxa | R4: (t) | T4: ao Seg | U4: Seg. | V4: Seg. | W4: (m3 x Km)
B5: SUB-BASE DE BRITA GRADUADA TRATADA COM CIMENTO | C5: Canteiro | D5: 187 | E5: Pista - Esquerda Retorno 01 | F5: 15 | G5: 9.67 | H5: 92 | I5: 1.55 | J5: =IF(F5="","",((H5-F5)*20)+I5-G5) -> 1531.88 | L5: 19478.98 | M5: =+J5*K5+L5 -> 19478.98 | N5: 10 | O5: =IF(F5="","",M5*N5/100) -> 1947.898 | P5: 2.248 | Q5: t/m3 | R5: =+P5*O5 -> 4378.8747 | S5: 0.04 | T5: =IF(F5="","",IF(D5>H5,((D5-H5)*0.02),IF(D5<F5,((F5-D5)*0.02),IF(F5="","",0)))) -> 1.9 | U5: =IF(F5="","",IF(D5>H5,((((H5-F5)*20)+I5-G5)/2000),IF(D5>F5,((((D5-F5)*0.02)^2)+(((H5-D5)*0.02)^2))/(2*((H5-F5)*0.02)),((((H5-F5)*20)+I5-G5)/2000)))) -> 0.76594 | V5: =IF(F5="","",S5+T5+U5) -> 2.70594 | W5: =IF(F5="","",O5*V5*1.48) -> 7800.9248 | AC5: TOTAL NO INTERVALO
C6: =+C5 -> Canteiro | D6: 187 | E6: Pista Esquerda Segmento 02 | F6: 92 | G6: 1.55 | H6: 132 | I6: 12.12 | J6: =IF(F6="","",((H6-F6)*20)+I6-G6) -> 810.57 | K6: 10.83 | M6: =+J6*K6+L6 -> 8778.4731 | N6: 10 | O6: =IF(F6="","",M6*N6/100) -> 877.84731 | P6: 2.248 | Q6: t/m3 | R6: =+P6*O6 -> 1973.4008 | S6: 0.04 | T6: =IF(F6="","",IF(D6>H6,((D6-H6)*0.02),IF(D6<F6,((F6-D6)*0.02),IF(F6="","",0)))) -> 1.1 | U6: =IF(F6="","",IF(D6>H6,((((H6-F6)*20)+I6-G6)/2000),IF(D6>F6,((((D6-F6)*0.02)^2)+(((H6-D6)*0.02)^2))/(2*((H6-F6)*0.02)),((((H6-F6)*20)+I6-G6)/2000)))) -> 0.405285 | V6: =IF(F6="","",S6+T6+U6) -> 1.545285 | W6: =IF(F6="","",O6*V6*1.48) -> 2007.6559
C7: =+C6 -> Canteiro | D7: 187 | E7: Pista - Esquerda Retorno 02 | F7: 132 | G7: 12.12 | H7: 176 | I7: 12.12 | J7: =IF(F7="","",((H7-F7)*20)+I7-G7) -> 880 | L7: 12362.26 | M7: =+J7*K7+L7 -> 12362.26 | N7: 10 | O7: =IF(F7="","",M7*N7/100) -> 1236.226 | P7: 2.248 | Q7: t/m3 | R7: =+P7*O7 -> 2779.036 | S7: 0.04 | T7: =IF(F7="","",IF(D7>H7,((D7-H7)*0.02),IF(D7<F7,((F7-D7)*0.02),IF(F7="","",0)))) -> 0.22 | U7: =IF(F7="","",IF(D7>H7,((((H7-F7)*20)+I7-G7)/2000),IF(D7>F7,((((D7-F7)*0.02)^2)+(((H7-D7)*0.02)^2))/(2*((H7-F7)*0.02)),((((H7-F7)*20)+I7-G7)/2000)))) -> 0.44 | V7: =IF(F7="","",S7+T7+U7) -> 0.7 | W7: =IF(F7="","",O7*V7*1.48) -> 1280.7301
Z10: 11954.217
M31: =IF(F31="","",(J31*K31)+L31+#REF!) | O31: =IF(F31="","",M31*N31/100) | T31: =IF(F31="","",IF(D31>H31,((D31-H31)*0.02),IF(D31<F31,((F31-D31)*0.02),IF(F31="","",0)))) | U31: =IF(F31="","",IF(D31>H31,((((H31-F31)*20)+I31-G31)/2000),IF(D31>F31,((((D31-F31)*0.02)^2)+(((H31-D31)*0.02)^2))/(2*((H31-F31)*0.02)),((((H31-F31)*20)+I31-G31)/2000)))) | V31: =IF(F31="","",S31+T31+U31) | W31: =IF(F31="","",O31*V31)
J32: =SUM(J5:J31) -> 3222.45 | M32: =SUM(M5:M31) -> 40619.713 | O32: =SUM(O5:O31) -> 4061.9713 | R32: =SUM(R5:R31) -> 9131.3115 | S32: DMT final = | U32: =W32/O32 -> 2.7300318 | V32: Km | W32: =SUM(W5:W31) -> 11089.311
B34: MEMÓRIA DE CÁLCULO DE QUANTIDADES - SUB-BASE BGTC
C41: Ocorrência | E41: Destino | F41: Entre Estacas | J41: Exten- | K41: Lar- | L41: Área | M41: Área | P41: Densidade | S41: DMT (Km) | W41: Momento
B42: SERVIÇO | C42: Origem | D42: Acesso | F42: Inicial | H42: Final | J42: são | K42: gura | L42: Variável | M42: Total | N42: Esp. | O42: Volume | P42: ou | R42: Peso | S42: Fixa | T42: Da fonte | U42: No | V42: DMT | W42: Transporte
D43: Est. | F43: Int. | G43: Frac. | H43: Int. | I43: Frac. | J43: (m) | K43: (m) | L43: (m2) | M43: (m2) | N43: (cm) | O43: (m3) | P43: Taxa | R43: (t) | T43: ao Seg | U43: Seg. | V43: Seg. | W43: (m3 x Km)
B44: SUB-BASE DE BRITA GRADUADA TRATADA COM CIMENTO | C44: Canteiro | D44: 187 | E44: Pista - Esquerda Retorno 01 | F44: 15 | G44: 9.67 | H44: 61 | I44: 1.67 | J44: =IF(F44="","",((H44-F44)*20)+I44-G44) -> 912 | L44: 11848.47 | M44: =+J44*K44+L44 -> 11848.47 | N44: 10 | O44: =IF(F44="","",M44*N44/100) -> 1184.847 | P44: 2.248 | Q44: t/m3 | R44: =+P44*O44 -> 2663.5361 | S44: 0.04 | T44: =IF(F44="","",IF(D44>H44,((D44-H44)*0.02),IF(D44<F44,((F44-D44)*0.02),IF(F44="","",0)))) -> 2.52 | U44: =IF(F44="","",IF(D44>H44,((((H44-F44)*20)+I44-G44)/2000),IF(D44>F44,((((D44-F44)*0.02)^2)+(((H44-D44)*0.02)^2))/(2*((H44-F44)*0.02)),((((H44-F44)*20)+I44-G44)/2000)))) -> 0.456 | V44: =IF(F44="","",S44+T44+U44) -> 3.016 | W44: =IF(F44="","",O44*V44*1.48) -> 5288.7779
C45: Canteiro | D45: 187 | E45: Pista - Esquerda Retorno 01 | F45: 80 | G45: 14.67 | H45: 92 | I45: 1.55 | J45: =IF(F45="","",((H45-F45)*20)+I45-G45) -> 226.88 | L45: 2322.48 | M45: =+J45*K45+L45 -> 2322.48 | N45: 10 | O45: =IF(F45="","",M45*N45/100) -> 232.248 | P45: 2.248 | Q45: t/m3 | R45: =+P45*O45 -> 522.0935 | S45: 0.04 | T45: =IF(F45="","",IF(D45>H45,((D45-H45)*0.02),IF(D45<F45,((F45-D45)*0.02),IF(F45="","",0)))) -> 1.9 | U45: =IF(F45="","",IF(D45>H45,((((H45-F45)*20)+I45-G45)/2000),IF(D45>F45,((((D45-F45)*0.02)^2)+(((H45-D45)*0.02)^2))/(2*((H45-F45)*0.02)),((((H45-F45)*20)+I45-G45)/2000)))) -> 0.11344 | V45: =IF(F45="","",S45+T45+U45) -> 2.05344 | W45: =IF(F45="","",O45*V45*1.48) -> 705.82285
C46: =+C44 -> Canteiro | D46: 187 | E46: Pista Esquerda Segmento 02 | F46: 92 | G46: 1.55 | H46: 120 | I46: 0 | J46: =IF(F46="","",((H46-F46)*20)+I46-G46) -> 558.45 | K46: 10.83 | M46: =+J46*K46+L46 -> 6048.0135 | N46: 10 | O46: =IF(F46="","",M46*N46/100) -> 604.80135 | P46: 2.248 | Q46: t/m3 | R46: =+P46*O46 -> 1359.5934 | S46: 0.04 | T46: =IF(F46="","",IF(D46>H46,((D46-H46)*0.02),IF(D46<F46,((F46-D46)*0.02),IF(F46="","",0)))) -> 1.34 | U46: =IF(F46="","",IF(D46>H46,((((H46-F46)*20)+I46-G46)/2000),IF(D46>F46,((((D46-F46)*0.02)^2)+(((H46-D46)*0.02)^2))/(2*((H46-F46)*0.02)),((((H46-F46)*20)+I46-G46)/2000)))) -> 0.279225 | V46: =IF(F46="","",S46+T46+U46) -> 1.659225 | W46: =IF(F46="","",O46*V46*1.48) -> 1485.1822
C47: =+C46 -> Canteiro | D47: 187 | E47: Pista - Esquerda Retorno 02 | F47: 142 | G47: 0 | H47: 170 | I47: 12.12 | J47: =IF(F47="","",((H47-F47)*20)+I47-G47) -> 572.12 | L47: 8241.61 | M47: =+J47*K47+L47 -> 8241.61 | N47: 10 | O47: =IF(F47="","",M47*N47/100) -> 824.161 | P47: 2.248 | Q47: t/m3 | R47: =+P47*O47 -> 1852.7139 | S47: 0.04 | T47: =IF(F47="","",IF(D47>H47,((D47-H47)*0.02),IF(D47<F47,((F47-D47)*0.02),IF(F47="","",0)))) -> 0.34 | U47: =IF(F47="","",IF(D47>H47,((((H47-F47)*20)+I47-G47)/2000),IF(D47>F47,((((D47-F47)*0.02)^2)+(((H47-D47)*0.02)^2))/(2*((H47-F47)*0.02)),((((H47-F47)*20)+I47-G47)/2000)))) -> 0.28606 | V47: =IF(F47="","",S47+T47+U47) -> 0.66606 | W47: =IF(F47="","",O47*V47*1.48) -> 812.4322
AC51: TOTAL EXECUTADO
M55: =IF(F55="","",(J55*K55)+L55+#REF!) | O55: =IF(F55="","",M55*N55/100) | T55: =IF(F55="","",IF(D55>H55,((D55-H55)*0.02),IF(D55<F55,((F55-D55)*0.02),IF(F55="","",0)))) | U55: =IF(F55="","",IF(D55>H55,((((H55-F55)*20)+I55-G55)/2000),IF(D55>F55,((((D55-F55)*0.02)^2)+(((H55-D55)*0.02)^2))/(2*((H55-F55)*0.02)),((((H55-F55)*20)+I55-G55)/2000)))) | V55: =IF(F55="","",S55+T55+U55) | W55: =IF(F55="","",O55*V55)
J56: =SUM(J44:J55) -> 2269.45 | M56: =SUM(M44:M55) -> 28460.573 | O56: =SUM(O44:O55) -> 2846.0574 | R56: =SUM(R44:R55) -> 6397.9369 | S56: DMT final = | U56: =W56/O56 -> 2.9135798 | V56: Km | W56: =SUM(W44:W55) -> 8292.2152
B58: MEMÓRIA DE CÁLCULO DE QUANTIDADES - SUB-BASE BGTC
C62: Ocorrência | E62: Origem | F62: Entre Estacas | J62: Exten- | K62: Lar- | L62: Área | M62: Área | P62: Densidade | S62: DMT (Km) | W62: Momento
B63: SERVIÇO | C63: Destino | D63: Acesso | F63: Inicial | H63: Final | J63: são | K63: gura | L63: Variável | M63: Total | N63: Esp. | O63: Volume | P63: ou | R63: Peso | S63: Fixa | T63: Da fonte | U63: No | V63: DMT | W63: Transporte
D64: Est. | F64: Int. | G64: Frac. | H64: Int. | I64: Frac. | J64: (m) | K64: (m) | L64: (m2) | M64: (m2) | N64: (cm) | O64: (m3) | P64: Taxa | R64: (t) | T64: ao Seg | U64: Seg. | V64: Seg. | W64: (m3 x Km)
B65: SUB-BASE DE BRITA GRADUADA TRATADA COM CIMENTO A FRESAR | C65: Canteiro | D65: 187 | E65: Pista - Esquerda Retorno 01 | F65: 44 | G65: 10 | H65: 51 | I65: 0 | J65: =IF(F65="","",((H65-F65)*20)+I65-G65) -> 130 | L65: 1611.2 | M65: 1806.99 | N65: 10 | O65: =IF(F65="","",M65*N65/100) -> 180.699 | P65: 2.248 | Q65: t/m3 | R65: =+P65*O65 -> 406.21135 | S65: 0.04 | T65: =IF(F65="","",IF(D65>H65,((D65-H65)*0.02),IF(D65<F65,((F65-D65)*0.02),IF(F65="","",0)))) -> 2.72 | U65: =IF(F65="","",IF(D65>H65,((((H65-F65)*20)+I65-G65)/2000),IF(D65>F65,((((D65-F65)*0.02)^2)+(((H65-D65)*0.02)^2))/(2*((H65-F65)*0.02)),((((H65-F65)*20)+I65-G65)/2000)))) -> 0.065 | V65: =IF(F65="","",S65+T65+U65) -> 2.825 | W65: =IF(F65="","",O65*V65*1.48) -> 755.50252
C66: Canteiro | D66: 187 | E66: Pista - Esquerda Retorno 01 | F66: 88 | G66: 5 | H66: 91 | I66: 0 | J66: =IF(F66="","",((H66-F66)*20)+I66-G66) -> 55 | L66: 251.49 | M66: 676.22 | N66: 10 | O66: =IF(F66="","",M66*N66/100) -> 67.622 | P66: 2.248 | Q66: t/m3 | R66: =+P66*O66 -> 152.01426 | S66: 0.04 | T66: =IF(F66="","",IF(D66>H66,((D66-H66)*0.02),IF(D66<F66,((F66-D66)*0.02),IF(F66="","",0)))) -> 1.92 | U66: =IF(F66="","",IF(D66>H66,((((H66-F66)*20)+I66-G66)/2000),IF(D66>F66,((((D66-F66)*0.02)^2)+(((H66-D66)*0.02)^2))/(2*((H66-F66)*0.02)),((((H66-F66)*20)+I66-G66)/2000)))) -> 0.0275 | V66: =IF(F66="","",S66+T66+U66) -> 1.9875 | W66: =IF(F66="","",O66*V66*1.48) -> 198.91011
C67: =+C65 -> Canteiro | D67: 187 | E67: Pista Esquerda Segmento 02 | F67: 95 | G67: 0 | H67: 105 | I67: 0 | J67: =IF(F67="","",((H67-F67)*20)+I67-G67) -> 200 | K67: 10.83 | M67: =+J67*K67+L67 -> 2166 | N67: 10 | O67: =IF(F67="","",M67*N67/100) -> 216.6 | P67: 2.248 | Q67: t/m3 | R67: =+P67*O67 -> 486.9168 | S67: 0.04 | T67: =IF(F67="","",IF(D67>H67,((D67-H67)*0.02),IF(D67<F67,((F67-D67)*0.02),IF(F67="","",0)))) -> 1.64 | U67: =IF(F67="","",IF(D67>H67,((((H67-F67)*20)+I67-G67)/2000),IF(D67>F67,((((D67-F67)*0.02)^2)+(((H67-D67)*0.02)^2))/(2*((H67-F67)*0.02)),((((H67-F67)*20)+I67-G67)/2000)))) -> 0.1 | V67: =IF(F67="","",S67+T67+U67) -> 1.78 | W67: =IF(F67="","",O67*V67*1.48) -> 570.61104
C68: =+C67 -> Canteiro | D68: 187 | E68: Pista - Esquerda Retorno 02 | F68: 142 | G68: 0 | H68: 156 | I68: 0 | J68: =IF(F68="","",((H68-F68)*20)+I68-G68) -> 280 | L68: 3838.77 | M68: 3869.57 | N68: 10 | O68: =IF(F68="","",M68*N68/100) -> 386.957 | P68: 2.248 | Q68: t/m3 | R68: =+P68*O68 -> 869.87934 | S68: 0.04 | T68: =IF(F68="","",IF(D68>H68,((D68-H68)*0.02),IF(D68<F68,((F68-D68)*0.02),IF(F68="","",0)))) -> 0.62 | U68: =IF(F68="","",IF(D68>H68,((((H68-F68)*20)+I68-G68)/2000),IF(D68>F68,((((D68-F68)*0.02)^2)+(((H68-D68)*0.02)^2))/(2*((H68-F68)*0.02)),((((H68-F68)*20)+I68-G68)/2000)))) -> 0.14 | V68: =IF(F68="","",S68+T68+U68) -> 0.8 | W68: =IF(F68="","",O68*V68*1.48) -> 458.15709
AC72: TOTAL EXECUTADO
AC73: A FRESAR
M76: =IF(F76="","",(J76*K76)+L76+#REF!) | O76: =IF(F76="","",M76*N76/100) | T76: =IF(F76="","",IF(D76>H76,((D76-H76)*0.02),IF(D76<F76,((F76-D76)*0.02),IF(F76="","",0)))) | U76: =IF(F76="","",IF(D76>H76,((((H76-F76)*20)+I76-G76)/2000),IF(D76>F76,((((D76-F76)*0.02)^2)+(((H76-D76)*0.02)^2))/(2*((H76-F76)*0.02)),((((H76-F76)*20)+I76-G76)/2000)))) | V76: =IF(F76="","",S76+T76+U76) | W76: =IF(F76="","",O76*V76)
J77: =SUM(J65:J76) -> 665 | M77: =SUM(M65:M76) -> 8518.78 | O77: =SUM(O65:O76) -> 851.878 | R77: =SUM(R65:R76) -> 1915.0217 | S77: DMT final = | U77: =W77/O77 -> 2.3280103 | V77: Km | W77: =SUM(W65:W76) -> 1983.1808
Y78: ÁREA COMPLEMENTAR | AA78: =M56-M77 -> 19941.793
M79: =M77/J77 -> 12.810195 | Y79: 15% DA ÁREA COMPLEMENTAR | AB79: =AA78*0.15 -> 2991.269
C83: Ocorrência | E83: Origem | F83: Entre Estacas | J83: Exten- | K83: Lar- | L83: Área | M83: Área | P83: Densidade | S83: DMT (Km) | W83: Momento | Y83: MATERIA FRESADO TRANSPORTADO PARA O CANTEIRO DE OBRA NA ESTACA 187 PARA EXECUÇÃO DE BGTC 50% MATERIA FRESADO +50% BRITA
B84: SERVIÇO | C84: Destino | D84: Acesso | F84: Inicial | H84: Final | J84: são | K84: gura | L84: Variável | M84: Total | N84: Esp. | O84: Volume | P84: ou | R84: Peso | S84: Fixa | T84: Da fonte | U84: No | V84: DMT | W84: Transporte
D85: Est. | F85: Int. | G85: Frac. | H85: Int. | I85: Frac. | J85: (m) | K85: (m) | L85: (m2) | M85: (m2) | N85: (cm) | O85: (m3) | P85: Taxa | R85: (t) | T85: ao Seg | U85: Seg. | V85: Seg. | W85: (m3 x Km)
B86: FRESAGEM 8 CM DA SUB-BASE DE BRITA GRADUADA TRATADA COM CIMENTO | C86: Canteiro | D86: 187 | E86: Pista - Esquerda Retorno 01 | F86: 44 | G86: 10 | H86: 51 | I86: 0 | J86: =IF(F86="","",((H86-F86)*20)+I86-G86) -> 130 | L86: 1611.2 | M86: 1806.99 | N86: 8 | O86: =IF(F86="","",M86*N86/100) -> 144.5592 | P86: 2.248 | Q86: t/m3 | R86: =+P86*O86 -> 324.96908 | S86: 0.04 | T86: =IF(F86="","",IF(D86>H86,((D86-H86)*0.02),IF(D86<F86,((F86-D86)*0.02),IF(F86="","",0)))) -> 2.72 | U86: =IF(F86="","",IF(D86>H86,((((H86-F86)*20)+I86-G86)/2000),IF(D86>F86,((((D86-F86)*0.02)^2)+(((H86-D86)*0.02)^2))/(2*((H86-F86)*0.02)),((((H86-F86)*20)+I86-G86)/2000)))) -> 0.065 | V86: =IF(F86="","",S86+T86+U86) -> 2.825 | W86: =IF(F86="","",O86*V86*1.48) -> 604.40202
C87: Canteiro | D87: 187 | E87: Pista - Esquerda Retorno 01 | F87: 88 | G87: 5 | H87: 91 | I87: 0 | J87: =IF(F87="","",((H87-F87)*20)+I87-G87) -> 55 | L87: 251.49 | M87: 676.22 | N87: 8 | O87: =IF(F87="","",M87*N87/100) -> 54.0976 | P87: 2.248 | Q87: t/m3 | R87: =+P87*O87 -> 121.6114 | S87: 0.04 | T87: =IF(F87="","",IF(D87>H87,((D87-H87)*0.02),IF(D87<F87,((F87-D87)*0.02),IF(F87="","",0)))) -> 1.92 | U87: =IF(F87="","",IF(D87>H87,((((H87-F87)*20)+I87-G87)/2000),IF(D87>F87,((((D87-F87)*0.02)^2)+(((H87-D87)*0.02)^2))/(2*((H87-F87)*0.02)),((((H87-F87)*20)+I87-G87)/2000)))) -> 0.0275 | V87: =IF(F87="","",S87+T87+U87) -> 1.9875 | W87: =IF(F87="","",O87*V87*1.48) -> 159.12809
C88: =+C86 -> Canteiro | D88: 187 | E88: Pista Esquerda Segmento 02 | F88: 95 | G88: 0 | H88: 105 | I88: 0 | J88: =IF(F88="","",((H88-F88)*20)+I88-G88) -> 200 | K88: 10.83 | M88: =+J88*K88+L88 -> 2166 | N88: 8 | O88: =IF(F88="","",M88*N88/100) -> 173.28 | P88: 2.248 | Q88: t/m3 | R88: =+P88*O88 -> 389.53344 | S88: 0.04 | T88: =IF(F88="","",IF(D88>H88,((D88-H88)*0.02),IF(D88<F88,((F88-D88)*0.02),IF(F88="","",0)))) -> 1.64 | U88: =IF(F88="","",IF(D88>H88,((((H88-F88)*20)+I88-G88)/2000),IF(D88>F88,((((D88-F88)*0.02)^2)+(((H88-D88)*0.02)^2))/(2*((H88-F88)*0.02)),((((H88-F88)*20)+I88-G88)/2000)))) -> 0.1 | V88: =IF(F88="","",S88+T88+U88) -> 1.78 | W88: =IF(F88="","",O88*V88*1.48) -> 456.48883
C89: =+C88 -> Canteiro | D89: 187 | E89: Pista - Esquerda Retorno 02 | F89: 142 | G89: 0 | H89: 156 | I89: 0 | J89: =IF(F89="","",((H89-F89)*20)+I89-G89) -> 280 | L89: 3838.77 | M89: 3869.57 | N89: 8 | O89: =IF(F89="","",M89*N89/100) -> 309.5656 | P89: 2.248 | Q89: t/m3 | R89: =+P89*O89 -> 695.90347 | S89: 0.04 | T89: =IF(F89="","",IF(D89>H89,((D89-H89)*0.02),IF(D89<F89,((F89-D89)*0.02),IF(F89="","",0)))) -> 0.62 | U89: =IF(F89="","",IF(D89>H89,((((H89-F89)*20)+I89-G89)/2000),IF(D89>F89,((((D89-F89)*0.02)^2)+(((H89-D89)*0.02)^2))/(2*((H89-F89)*0.02)),((((H89-F89)*20)+I89-G89)/2000)))) -> 0.14 | V89: =IF(F89="","",S89+T89+U89) -> 0.8 | W89: =IF(F89="","",O89*V89*1.48) -> 366.52567
C90: Canteiro | D90: 187 | E90: Área adicional prevista a restaurar( 15% da Área complementar executada) | F90: 15 | G90: 9.67 | H90: 170 | I90: 12.12 | L90: 2991.27 | M90: =+J90*K90+L90 -> 2991.27 | N90: 8 | O90: =IF(F90="","",M90*N90/100) -> 239.3016 | P90: 2.248 | Q90: t/m3 | R90: =+P90*O90 -> 537.95 | S90: 0.04 | T90: =IF(F90="","",IF(D90>H90,((D90-H90)*0.02),IF(D90<F90,((F90-D90)*0.02),IF(F90="","",0)))) -> 0.34 | U90: =IF(F90="","",IF(D90>H90,((((H90-F90)*20)+I90-G90)/2000),IF(D90>F90,((((D90-F90)*0.02)^2)+(((H90-D90)*0.02)^2))/(2*((H90-F90)*0.02)),((((H90-F90)*20)+I90-G90)/2000)))) -> 1.551225 | V90: =IF(F90="","",S90+T90+U90) -> 1.931225 | W90: =IF(F90="","",O90*V90*1.48) -> 683.97494
AC93: A FRESAR DO TOTAL EXECUTADO
M97: =IF(F97="","",(J97*K97)+L97+#REF!) | O97: =IF(F97="","",M97*N97/100) | T97: =IF(F97="","",IF(D97>H97,((D97-H97)*0.02),IF(D97<F97,((F97-D97)*0.02),IF(F97="","",0)))) | U97: =IF(F97="","",IF(D97>H97,((((H97-F97)*20)+I97-G97)/2000),IF(D97>F97,((((D97-F97)*0.02)^2)+(((H97-D97)*0.02)^2))/(2*((H97-F97)*0.02)),((((H97-F97)*20)+I97-G97)/2000)))) | V97: =IF(F97="","",S97+T97+U97) | W97: =IF(F97="","",O97*V97)
J98: 926 | M98: =SUM(M86:M97) -> 11510.05 | O98: =SUM(O86:O97) -> 920.804 | R98: =SUM(R86:R97) -> 2069.9674 | S98: DMT final = | U98: =W98/O98 -> 2.4658011 | V98: Km | W98: =SUM(W86:W97) -> 2270.5196
J100: =J98-J77 -> 261 | M100: =M98/M79 -> 898.50698
C103: Ocorrência | E103: Destino | F103: Entre Estacas | J103: Exten- | K103: Lar- | L103: Área | M103: Área | P103: Densidade | S103: DMT (Km) | W103: Momento
B104: SERVIÇO | C104: Origem | D104: Acesso | F104: Inicial | H104: Final | J104: são | K104: gura | L104: Variável | M104: Total | N104: Esp. | O104: Volume | P104: ou | R104: Peso | S104: Fixa | T104: Da fonte | U104: No | V104: DMT | W104: Transporte
D105: Est. | F105: Int. | G105: Frac. | H105: Int. | I105: Frac. | J105: (m) | K105: (m) | L105: (m2) | M105: (m2) | N105: (cm) | O105: (m3) | P105: Taxa | R105: (t) | T105: ao Seg | U105: Seg. | V105: Seg. | W105: (m3 x Km)
B106: SUB-BASE DE BRITA GRADUADA TRATADA COM CIMENTO ( 50% MATERIAL FRESADO + 50% BRITA ) | C106: Canteiro | D106: 187 | E106: Pista - Esquerda Retorno 01 | F106: 44 | G106: 10 | H106: 51 | I106: 0 | J106: =IF(F106="","",((H106-F106)*20)+I106-G106) -> 130 | L106: 1611.2 | M106: 1806.99 | N106: 8 | O106: =IF(F106="","",M106*N106/100) -> 144.5592 | P106: 2.248 | Q106: t/m3 | R106: =+P106*O106 -> 324.96908 | S106: 0.04 | T106: =IF(F106="","",IF(D106>H106,((D106-H106)*0.02),IF(D106<F106,((F106-D106)*0.02),IF(F106="","",0)))) -> 2.72 | U106: =IF(F106="","",IF(D106>H106,((((H106-F106)*20)+I106-G106)/2000),IF(D106>F106,((((D106-F106)*0.02)^2)+(((H106-D106)*0.02)^2))/(2*((H106-F106)*0.02)),((((H106-F106)*20)+I106-G106)/2000)))) -> 0.065 | V106: =IF(F106="","",S106+T106+U106) -> 2.825 | W106: =IF(F106="","",O106*V106*1.48) -> 604.40202
C107: Canteiro | D107: 187 | E107: Pista - Esquerda Retorno 01 | F107: 88 | G107: 5 | H107: 91 | I107: 0 | J107: =IF(F107="","",((H107-F107)*20)+I107-G107) -> 55 | L107: 251.49 | M107: 676.22 | N107: 8 | O107: =IF(F107="","",M107*N107/100) -> 54.0976 | P107: 2.248 | Q107: t/m3 | R107: =+P107*O107 -> 121.6114 | S107: 0.04 | T107: =IF(F107="","",IF(D107>H107,((D107-H107)*0.02),IF(D107<F107,((F107-D107)*0.02),IF(F107="","",0)))) -> 1.92 | U107: =IF(F107="","",IF(D107>H107,((((H107-F107)*20)+I107-G107)/2000),IF(D107>F107,((((D107-F107)*0.02)^2)+(((H107-D107)*0.02)^2))/(2*((H107-F107)*0.02)),((((H107-F107)*20)+I107-G107)/2000)))) -> 0.0275 | V107: =IF(F107="","",S107+T107+U107) -> 1.9875 | W107: =IF(F107="","",O107*V107*1.48) -> 159.12809
C108: =+C106 -> Canteiro | D108: 187 | E108: Pista Esquerda Segmento 02 | F108: 95 | G108: 0 | H108: 105 | I108: 0 | J108: =IF(F108="","",((H108-F108)*20)+I108-G108) -> 200 | K108: 10.83 | M108: =+J108*K108+L108 -> 2166 | N108: 8 | O108: =IF(F108="","",M108*N108/100) -> 173.28 | P108: 2.248 | Q108: t/m3 | R108: =+P108*O108 -> 389.53344 | S108: 0.04 | T108: =IF(F108="","",IF(D108>H108,((D108-H108)*0.02),IF(D108<F108,((F108-D108)*0.02),IF(F108="","",0)))) -> 1.64 | U108: =IF(F108="","",IF(D108>H108,((((H108-F108)*20)+I108-G108)/2000),IF(D108>F108,((((D108-F108)*0.02)^2)+(((H108-D108)*0.02)^2))/(2*((H108-F108)*0.02)),((((H108-F108)*20)+I108-G108)/2000)))) -> 0.1 | V108: =IF(F108="","",S108+T108+U108) -> 1.78 | W108: =IF(F108="","",O108*V108*1.48) -> 456.48883
C109: =+C108 -> Canteiro | D109: 187 | E109: Pista - Esquerda Retorno 02 | F109: 142 | G109: 0 | H109: 156 | I109: 0 | J109: =IF(F109="","",((H109-F109)*20)+I109-G109) -> 280 | L109: 3838.77 | M109: 3869.57 | N109: 8 | O109: =IF(F109="","",M109*N109/100) -> 309.5656 | P109: 2.248 | Q109: t/m3 | R109: =+P109*O109 -> 695.90347 | S109: 0.04 | T109: =IF(F109="","",IF(D109>H109,((D109-H109)*0.02),IF(D109<F109,((F109-D109)*0.02),IF(F109="","",0)))) -> 0.62 | U109: =IF(F109="","",IF(D109>H109,((((H109-F109)*20)+I109-G109)/2000),IF(D109>F109,((((D109-F109)*0.02)^2)+(((H109-D109)*0.02)^2))/(2*((H109-F109)*0.02)),((((H109-F109)*20)+I109-G109)/2000)))) -> 0.14 | V109: =IF(F109="","",S109+T109+U109) -> 0.8 | W109: =IF(F109="","",O109*V109*1.48) -> 366.52567
C110: Canteiro | D110: 187 | E110: Área adicional prevista a restaurar( 15% da Área complementar executada) | F110: 15 | G110: 9.67 | H110: 170 | I110: 12.12 | L110: 2991.27 | M110: =+J110*K110+L110 -> 2991.27 | N110: 8 | O110: =IF(F110="","",M110*N110/100) -> 239.3016 | P110: 2.248 | Q110: t/m3 | R110: =+P110*O110 -> 537.95 | S110: 0.04 | T110: =IF(F110="","",IF(D110>H110,((D110-H110)*0.02),IF(D110<F110,((F110-D110)*0.02),IF(F110="","",0)))) -> 0.34 | U110: =IF(F110="","",IF(D110>H110,((((H110-F110)*20)+I110-G110)/2000),IF(D110>F110,((((D110-F110)*0.02)^2)+(((H110-D110)*0.02)^2))/(2*((H110-F110)*0.02)),((((H110-F110)*20)+I110-G110)/2000)))) -> 1.551225 | V110: =IF(F110="","",S110+T110+U110) -> 1.931225 | W110: =IF(F110="","",O110*V110*1.48) -> 683.97494 | AC110: TOTAL A EXECUTAR 01
C111: Canteiro | D111: 187 | E111: Retorno 01 | F111: 61 | G111: 1.67 | H111: 80 | I111: 14.67 | J111: =IF(F111="","",((H111-F111)*20)+I111-G111) -> 393 | L111: 5462.69 | M111: =+J111*K111+L111 -> 5462.69 | N111: 10 | O111: =IF(F111="","",M111*N111/100) -> 546.269 | P111: 2.248 | Q111: t/m3 | R111: =+P111*O111 -> 1228.0127 | S111: 0.04 | T111: =IF(F111="","",IF(D111>H111,((D111-H111)*0.02),IF(D111<F111,((F111-D111)*0.02),IF(F111="","",0)))) -> 2.14 | U111: =IF(F111="","",IF(D111>H111,((((H111-F111)*20)+I111-G111)/2000),IF(D111>F111,((((D111-F111)*0.02)^2)+(((H111-D111)*0.02)^2))/(2*((H111-F111)*0.02)),((((H111-F111)*20)+I111-G111)/2000)))) -> 0.1965 | V111: =IF(F111="","",S111+T111+U111) -> 2.3765 | W111: =IF(F111="","",O111*V111*1.48) -> 1921.3483
C112: =+C111 -> Canteiro | D112: 187 | E112: Retorno 02 | F112: 132 | G112: 12.12 | H112: 142 | I112: 0 | J112: =IF(F112="","",((H112-F112)*20)+I112-G112) -> 187.88 | L112: 2305.61 | M112: =+J112*K112+L112 -> 2305.61 | N112: 10 | O112: =IF(F112="","",M112*N112/100) -> 230.561 | P112: 2.248 | Q112: t/m3 | R112: =+P112*O112 -> 518.30113 | S112: 0.04 | T112: =IF(F112="","",IF(D112>H112,((D112-H112)*0.02),IF(D112<F112,((F112-D112)*0.02),IF(F112="","",0)))) -> 0.9 | U112: =IF(F112="","",IF(D112>H112,((((H112-F112)*20)+I112-G112)/2000),IF(D112>F112,((((D112-F112)*0.02)^2)+(((H112-D112)*0.02)^2))/(2*((H112-F112)*0.02)),((((H112-F112)*20)+I112-G112)/2000)))) -> 0.09394 | V112: =IF(F112="","",S112+T112+U112) -> 1.03394 | W112: =IF(F112="","",O112*V112*1.48) -> 352.81164
C113: =+C112 -> Canteiro | D113: 187 | E113: SEGMENTO 02 - PE | F113: 120 | G113: 0 | H113: 126 | I113: 12.9 | J113: =IF(F113="","",((H113-F113)*20)+I113-G113) -> 132.9 | K113: 10.83 | M113: =+J113*K113+L113 -> 1439.307 | N113: 10 | O113: =IF(F113="","",M113*N113/100) -> 143.9307 | P113: 2.248 | Q113: t/m3 | R113: =+P113*O113 -> 323.55621 | S113: 0.04 | T113: =IF(F113="","",IF(D113>H113,((D113-H113)*0.02),IF(D113<F113,((F113-D113)*0.02),IF(F113="","",0)))) -> 1.22 | U113: =IF(F113="","",IF(D113>H113,((((H113-F113)*20)+I113-G113)/2000),IF(D113>F113,((((D113-F113)*0.02)^2)+(((H113-D113)*0.02)^2))/(2*((H113-F113)*0.02)),((((H113-F113)*20)+I113-G113)/2000)))) -> 0.06645 | V113: =IF(F113="","",S113+T113+U113) -> 1.32645 | W113: =IF(F113="","",O113*V113*1.48) -> 282.55698
W114: =IF(F114="","",O114*V114*1.48)
W115: =IF(F115="","",O115*V115*1.48) | Y115: =O117*1.48*U117 -> 4827.2364
M116: =IF(F116="","",(J116*K116)+L116+#REF!) | O116: =IF(F116="","",M116*N116/100) | T116: =IF(F116="","",IF(D116>H116,((D116-H116)*0.02),IF(D116<F116,((F116-D116)*0.02),IF(F116="","",0)))) | U116: =IF(F116="","",IF(D116>H116,((((H116-F116)*20)+I116-G116)/2000),IF(D116>F116,((((D116-F116)*0.02)^2)+(((H116-D116)*0.02)^2))/(2*((H116-F116)*0.02)),((((H116-F116)*20)+I116-G116)/2000)))) | V116: =IF(F116="","",S116+T116+U116) | W116: =IF(F116="","",O116*V116*1.48)
J117: =SUM(J106:J116) -> 1378.78 | M117: =SUM(M106:M116) -> 20717.657 | O117: =SUM(O106:O116) -> 1841.5647 | R117: =SUM(R106:R116) -> 4139.8374 | S117: DMT final = | U117: =W117/(O117*1.48) -> 1.7711277 | V117: Km | W117: =SUM(W106:W116) -> 4827.2364
W118: =W117/1.48 -> 3261.6462 | Z118: 50% do volume do material fresado | AC118: =SUM(O106:O110)*0.5 -> 460.402
B119: MEMÓRIA DE CÁLCULO DE QUANTIDADES - SUB-BASE BGTC | Y119: =O117*1.48*U118 -> 0 | Z119: para execução de segmento 10 cm | AC119: =AC118*2 -> 920.804
C123: Ocorrência | E123: Destino | F123: Entre Estacas | J123: Exten- | K123: Lar- | L123: Área | M123: Área | P123: Densidade | S123: DMT (Km) | W123: Momento
B124: SERVIÇO | C124: Origem | D124: Acesso | F124: Inicial | H124: Final | J124: são | K124: gura | L124: Variável | M124: Total | N124: Esp. | O124: Volume | P124: ou | R124: Peso | S124: Fixa | T124: Da fonte | U124: No | V124: DMT | W124: Transporte
D125: Est. | F125: Int. | G125: Frac. | H125: Int. | I125: Frac. | J125: (m) | K125: (m) | L125: (m2) | M125: (m2) | N125: (cm) | O125: (m3) | P125: Taxa | R125: (t) | T125: ao Seg | U125: Seg. | V125: Seg. | W125: (m3 x Km)
B126: SUB-BASE DE BRITA GRADUADA TRATADA COM CIMENTO
C127: =+C126 -> 0 | D127: 187 | E127: SEGMENTO 02 - PE | F127: 126 | G127: 12.9 | H127: 132 | I127: 12.12 | J127: =IF(F127="","",((H127-F127)*20)+I127-G127) -> 119.22 | K127: 10.83 | M127: =+J127*K127+L127 -> 1291.1526 | N127: 10 | O127: =IF(F127="","",M127*N127/100) -> 129.11526 | P127: 2.248 | Q127: t/m3 | R127: =+P127*O127 -> 290.2511 | S127: 0.04 | T127: =IF(F127="","",IF(D127>H127,((D127-H127)*0.02),IF(D127<F127,((F127-D127)*0.02),IF(F127="","",0)))) -> 1.1 | U127: =IF(F127="","",IF(D127>H127,((((H127-F127)*20)+I127-G127)/2000),IF(D127>F127,((((D127-F127)*0.02)^2)+(((H127-D127)*0.02)^2))/(2*((H127-F127)*0.02)),((((H127-F127)*20)+I127-G127)/2000)))) -> 0.05961 | V127: =IF(F127="","",S127+T127+U127) -> 1.19961 | W127: =IF(F127="","",O127*V127*1.48) -> 229.23418
E129: Retorno 02( ATÉ EST. 176+12,12 ) | F129: 170 | G129: 12.12 | H129: 176 | I129: 12.12 | J129: =IF(F129="","",((H129-F129)*20)+I129-G129) -> 120 | L129: 1668 | M129: =+J129*K129+L129 -> 1668 | N129: 10 | O129: =IF(F129="","",M129*N129/100) -> 166.8 | P129: 2.248 | Q129: t/m3 | R129: =+P129*O129 -> 374.9664 | S129: 0.04 | T129: =IF(F129="","",IF(D129>H129,((D129-H129)*0.02),IF(D129<F129,((F129-D129)*0.02),IF(F129="","",0)))) -> 3.4 | U129: =IF(F129="","",IF(D129>H129,((((H129-F129)*20)+I129-G129)/2000),IF(D129>F129,((((D129-F129)*0.02)^2)+(((H129-D129)*0.02)^2))/(2*((H129-F129)*0.02)),((((H129-F129)*20)+I129-G129)/2000)))) -> 0.06 | V129: =IF(F129="","",S129+T129+U129) -> 3.5 | W129: =IF(F129="","",O129*V129*1.48) -> 864.024
AC130: TOTAL A EXECUTAR 02
M136: =IF(F136="","",(J136*K136)+L136+#REF!) | O136: =IF(F136="","",M136*N136/100) | T136: =IF(F136="","",IF(D136>H136,((D136-H136)*0.02),IF(D136<F136,((F136-D136)*0.02),IF(F136="","",0)))) | U136: =IF(F136="","",IF(D136>H136,((((H136-F136)*20)+I136-G136)/2000),IF(D136>F136,((((D136-F136)*0.02)^2)+(((H136-D136)*0.02)^2))/(2*((H136-F136)*0.02)),((((H136-F136)*20)+I136-G136)/2000)))) | V136: =IF(F136="","",S136+T136+U136) | W136: =IF(F136="","",O136*V136)
J137: =SUM(J126:J136) -> 239.22 | M137: =SUM(M126:M136) -> 2959.1526 | O137: =SUM(O126:O136) -> 295.91526 | R137: =SUM(R126:R136) -> 665.2175 | S137: DMT final = | U137: =W137/(O137*1.48) -> 2.4962821 | V137: Km | W137: =SUM(W126:W136) -> 1093.2582
Z138: =O137*1.48*U137 -> 1093.2582
B139: MEMÓRIA DE CÁLCULO DE QUANTIDADES - SUB-BASE BGTC | Y139: =O137*1.48*U138 -> 0
O142: =O117+O137 -> 2137.48 | U142: =W142/(O142*1.48) -> 1.8715189 | W142: =W117+W137 -> 5920.4946
R143: =O142*1.48 -> 3163.4703
R144: =R143*U142 -> 5920.4946
O146: =O111+O112 -> 776.83
O147: =AC119-O146 -> 143.974
J149: =J98+J137 -> 1165.22
C152: =+C151 -> 0 | D152: 187 | E152: SEGMENTO 02 - PE | F152: 120 | G152: 0 | H152: 126 | I152: 12.9 | J152: =IF(F152="","",((H152-F152)*20)+I152-G152) -> 132.9 | K152: 10.83 | M152: =+J152*K152+L152 -> 1439.307 | N152: 10 | O152: =IF(F152="","",M152*N152/100) -> 143.9307 | P152: 2.3 | Q152: t/m3 | R152: =+P152*O152 -> 331.04061 | S152: 0.04 | T152: =IF(F152="","",IF(D152>H152,((D152-H152)*0.02),IF(D152<F152,((F152-D152)*0.02),IF(F152="","",0)))) -> 1.22 | U152: =IF(F152="","",IF(D152>H152,((((H152-F152)*20)+I152-G152)/2000),IF(D152>F152,((((D152-F152)*0.02)^2)+(((H152-D152)*0.02)^2))/(2*((H152-F152)*0.02)),((((H152-F152)*20)+I152-G152)/2000)))) -> 0.06645 | V152: =IF(F152="","",S152+T152+U152) -> 1.32645 | W152: =IF(F152="","",O152*V152) -> 190.91688

Sheet MC IMPR
C2: Ocorrência | E2: Destino | F2: Entre Estacas | J2: Exten- | K2: Lar- | L2: Área | M2: Área | N2: Nº Aplicações | O2: Densidade | R2: DMT (Km) | V2: Momento
B3: SERVIÇO | C3: Origem | D3: Acesso | F3: Inicial | H3: Final | J3: são | K3: gura | L3: Variável | M3: Total | O3: ou | Q3: Peso | R3: Fixa | S3: Da fonte | T3: No | U3: DMT | V3: Transporte
D4: Est. | F4: Int. | G4: Frac. | H4: Int. | I4: Frac. | J4: (m) | K4: (m) | L4: (m2) | M4: (m2) | O4: Taxa | Q4: (t) | S4: ao Seg | T4: Seg. | U4: Seg. | V4: (tx Km)
B5: IMPRIMAÇÃO (EAI) | O5: =$O$16 -> 1.3 | AB5: TOTAL NO INTERVALO
C6: Canteiro | D6: 187 | E6: Pista - Esquerda Retorno 01 | F6: 15 | G6: 9.67 | H6: 92 | I6: 1.55 | J6: =IF(F6="","",((H6-F6)*20)+I6-G6) -> 1531.88 | L6: ='MC CCP'!L5 -> 18783.7 | M6: =+J6*K6*N6+L6 -> 18783.7 | N6: =IF(F6="","",1) -> 1 | O6: =$O$16 -> 1.3 | P6: =IF(F6="","","l/m2") -> l/m2 | Q6: =IF(F6="","",M6*O6/1000) -> 24.41881 | R6: 0.04 | S6: =IF(F6="","",IF(D6>H6,((D6-H6)*0.02),IF(D6<F6,((F6-D6)*0.02),IF(F6="","",0)))) -> 1.9 | T6: =IF(F6="","",IF(D6>H6,((((H6-F6)*20)+I6-G6)/2000),IF(D6>F6,((((D6-F6)*0.02)^2)+(((H6-D6)*0.02)^2))/(2*((H6-F6)*0.02)),((((H6-F6)*20)+I6-G6)/2000)))) -> 0.76594 | U6: =IF(F6="","",R6+S6+T6) -> 2.70594 | V6: =IF(F6="","",Q6*U6) -> 66.075835
C7: Canteiro | D7: 187 | E7: Pista Esquerda Segmento 02 | F7: 92 | G7: 1.55 | H7: 132 | I7: 12.12 | J7: =IF(F7="","",((H7-F7)*20)+I7-G7) -> 810.57 | K7: 10.3 | M7: =+J7*K7*N7+L7 -> 8348.871 | N7: =IF(F7="","",1) -> 1 | O7: =$O$16 -> 1.3 | P7: =IF(F7="","","l/m2") -> l/m2 | Q7: =IF(F7="","",M7*O7/1000) -> 10.853532 | R7: 0.04 | S7: =IF(F7="","",IF(D7>H7,((D7-H7)*0.02),IF(D7<F7,((F7-D7)*0.02),IF(F7="","",0)))) -> 1.1 | T7: =IF(F7="","",IF(D7>H7,((((H7-F7)*20)+I7-G7)/2000),IF(D7>F7,((((D7-F7)*0.02)^2)+(((H7-D7)*0.02)^2))/(2*((H7-F7)*0.02)),((((H7-F7)*20)+I7-G7)/2000)))) -> 0.405285 | U7: =IF(F7="","",R7+S7+T7) -> 1.545285 | V7: =IF(F7="","",Q7*U7) -> 16.771801
C8: Canteiro | D8: 187 | E8: Pista - Esquerda Retorno 02 | F8: 132 | G8: 12.12 | H8: 176 | I8: 12.12 | J8: =IF(F8="","",((H8-F8)*20)+I8-G8) -> 880 | L8: ='MC CCP'!L7 -> 11914.46 | M8: =+J8*K8*N8+L8 -> 11914.46 | N8: =IF(F8="","",1) -> 1 | O8: =$O$16 -> 1.3 | P8: =IF(F8="","","l/m2") -> l/m2 | Q8: =IF(F8="","",M8*O8/1000) -> 15.488798 | R8: 0.04 | S8: =IF(F8="","",IF(D8>H8,((D8-H8)*0.02),IF(D8<F8,((F8-D8)*0.02),IF(F8="","",0)))) -> 0.22 | T8: =IF(F8="","",IF(D8>H8,((((H8-F8)*20)+I8-G8)/2000),IF(D8>F8,((((D8-F8)*0.02)^2)+(((H8-D8)*0.02)^2))/(2*((H8-F8)*0.02)),((((H8-F8)*20)+I8-G8)/2000)))) -> 0.44 | U8: =IF(F8="","",R8+S8+T8) -> 0.7 | V8: =IF(F8="","",Q8*U8) -> 10.842159
J16: =SUM(J5:J15) -> 3222.45 | M16: =SUM(M5:M15) -> 39047.031 | O16: 1.3 | P16: l/m2 | Q16: =SUM(Q5:Q15) -> 50.76114 | R16: DMT final = | T16: =V16/Q16 -> 1.8456992 | U16: Km | V16: =SUM(V5:V15) -> 93.689794
B18: MEMÓRIA DE CÁLCULO DE QUANTIDADES -IMPRIMAÇÃO
C31: Ocorrência | E31: Destino | F31: Entre Estacas | J31: Exten- | K31: Lar- | L31: Área | M31: Área | N31: Nº Aplicações | O31: Densidade | R31: DMT (Km) | V31: Momento
B32: SERVIÇO | C32: Origem | D32: Acesso | F32: Inicial | H32: Final | J32: são | K32: gura | L32: Variável | M32: Total | O32: ou | Q32: Peso | R32: Fixa | S32: Da fonte | T32: No | U32: DMT | V32: Transporte
D33: Est. | F33: Int. | G33: Frac. | H33: Int. | I33: Frac. | J33: (m) | K33: (m) | L33: (m2) | M33: (m2) | O33: Taxa | Q33: (t) | S33: ao Seg | T33: Seg. | U33: Seg. | V33: (tx Km)
B34: IMPRIMAÇÃO (EAI) | O34: =$O$16 -> 1.3
C35: Canteiro | D35: 187 | E35: Pista - Esquerda Retorno 01 | F35: 44 | G35: 10 | H35: 51 | I35: 0 | J35: =IF(F35="","",((H35-F35)*20)+I35-G35) -> 130 | L35: 1806.99 | M35: =+J35*K35*N35+L35 -> 1806.99 | N35: =IF(F35="","",1) -> 1 | O35: =$O$16 -> 1.3 | P35: =IF(F35="","","l/m2") -> l/m2 | Q35: =IF(F35="","",M35*O35/1000) -> 2.349087 | R35: 0.04 | S35: =IF(F35="","",IF(D35>H35,((D35-H35)*0.02),IF(D35<F35,((F35-D35)*0.02),IF(F35="","",0)))) -> 2.72 | T35: =IF(F35="","",IF(D35>H35,((((H35-F35)*20)+I35-G35)/2000),IF(D35>F35,((((D35-F35)*0.02)^2)+(((H35-D35)*0.02)^2))/(2*((H35-F35)*0.02)),((((H35-F35)*20)+I35-G35)/2000)))) -> 0.065 | U35: =IF(F35="","",R35+S35+T35) -> 2.825 | V35: =IF(F35="","",Q35*U35) -> 6.6361708
C36: Canteiro | D36: 187 | E36: Pista - Esquerda Retorno 01 | F36: 88 | G36: 5 | H36: 91 | I36: 0 | J36: =IF(F36="","",((H36-F36)*20)+I36-G36) -> 55 | L36: 676.22 | M36: =+J36*K36*N36+L36 -> 676.22 | N36: =IF(F36="","",1) -> 1 | O36: =$O$16 -> 1.3 | P36: =IF(F36="","","l/m2") -> l/m2 | Q36: =IF(F36="","",M36*O36/1000) -> 0.879086 | R36: 0.04 | S36: =IF(F36="","",IF(D36>H36,((D36-H36)*0.02),IF(D36<F36,((F36-D36)*0.02),IF(F36="","",0)))) -> 1.92 | T36: =IF(F36="","",IF(D36>H36,((((H36-F36)*20)+I36-G36)/2000),IF(D36>F36,((((D36-F36)*0.02)^2)+(((H36-D36)*0.02)^2))/(2*((H36-F36)*0.02)),((((H36-F36)*20)+I36-G36)/2000)))) -> 0.0275 | U36: =IF(F36="","",R36+S36+T36) -> 1.9875 | V36: =IF(F36="","",Q36*U36) -> 1.7471834
C37: =+C35 -> Canteiro | D37: 187 | E37: Pista Esquerda Segmento 02 | F37: 95 | G37: 0 | H37: 105 | I37: 0 | J37: =IF(F37="","",((H37-F37)*20)+I37-G37) -> 200 | K37: 10.3 | M37: =+J37*K37*N37+L37 -> 2060 | N37: =IF(F37="","",1) -> 1 | O37: =$O$16 -> 1.3 | P37: =IF(F37="","","l/m2") -> l/m2 | Q37: =IF(F37="","",M37*O37/1000) -> 2.678 | R37: 0.04 | S37: =IF(F37="","",IF(D37>H37,((D37-H37)*0.02),IF(D37<F37,((F37-D37)*0.02),IF(F37="","",0)))) -> 1.64 | T37: =IF(F37="","",IF(D37>H37,((((H37-F37)*20)+I37-G37)/2000),IF(D37>F37,((((D37-F37)*0.02)^2)+(((H37-D37)*0.02)^2))/(2*((H37-F37)*0.02)),((((H37-F37)*20)+I37-G37)/2000)))) -> 0.1 | U37: =IF(F37="","",R37+S37+T37) -> 1.78 | V37: =IF(F37="","",Q37*U37) -> 4.76684
C38: =+C37 -> Canteiro | D38: 187 | E38: Pista - Esquerda Retorno 02 | F38: 142 | G38: 0 | H38: 156 | I38: 0 | J38: =IF(F38="","",((H38-F38)*20)+I38-G38) -> 280 | L38: 3869.57 | M38: =+J38*K38*N38+L38 -> 3869.57 | N38: =IF(F38="","",1) -> 1 | O38: =$O$16 -> 1.3 | P38: =IF(F38="","","l/m2") -> l/m2 | Q38: =IF(F38="","",M38*O38/1000) -> 5.030441 | R38: 0.04 | S38: =IF(F38="","",IF(D38>H38,((D38-H38)*0.02),IF(D38<F38,((F38-D38)*0.02),IF(F38="","",0)))) -> 0.62 | T38: =IF(F38="","",IF(D38>H38,((((H38-F38)*20)+I38-G38)/2000),IF(D38>F38,((((D38-F38)*0.02)^2)+(((H38-D38)*0.02)^2))/(2*((H38-F38)*0.02)),((((H38-F38)*20)+I38-G38)/2000)))) -> 0.14 | U38: =IF(F38="","",R38+S38+T38) -> 0.8 | V38: =IF(F38="","",Q38*U38) -> 4.0243528
C39: Canteiro | D39: 187 | E39: Área adicional prevista a restaurar( 15% da Área complementar executada) | F39: 15 | G39: 9.67 | H39: 170 | I39: 12.12 | L39: ='MC BGTC'!L110 -> 2991.27 | M39: =+J39*K39*N39+L39 -> 2991.27 | N39: =IF(F39="","",1) -> 1 | O39: =$O$16 -> 1.3 | P39: =IF(F39="","","l/m2") -> l/m2 | Q39: =IF(F39="","",M39*O39/1000) -> 3.888651 | R39: 0.04 | S39: =IF(F39="","",IF(D39>H39,((D39-H39)*0.02),IF(D39<F39,((F39-D39)*0.02),IF(F39="","",0)))) -> 0.34 | T39: =IF(F39="","",IF(D39>H39,((((H39-F39)*20)+I39-G39)/2000),IF(D39>F39,((((D39-F39)*0.02)^2)+(((H39-D39)*0.02)^2))/(2*((H39-F39)*0.02)),((((H39-F39)*20)+I39-G39)/2000)))) -> 1.551225 | U39: =IF(F39="","",R39+S39+T39) -> 1.931225 | V39: =IF(F39="","",Q39*U39) -> 7.50986 | Y39: 261 | AB39: TOTAL A EXECUTAR
C40: Canteiro | D40: 187 | E40: Retorno 01 | F40: 61 | G40: 1.67 | H40: 80 | I40: 14.67 | J40: =IF(F40="","",((H40-F40)*20)+I40-G40) -> 393 | L40: 5467.29
C41: Canteiro | D41: 187 | E41: SEGMENTO 02 - PE | F41: 120 | G41: 0 | H41: 132 | I41: 12.12 | J41: =IF(F41="","",((H41-F41)*20)+I41-G41) -> 252.12 | K41: 10.3 | M41: =+J41*K41*N41+L41 -> 2596.836 | N41: =IF(F41="","",1) -> 1 | O41: =$O$16 -> 1.3 | P41: =IF(F41="","","l/m2") -> l/m2 | Q41: =IF(F41="","",M41*O41/1000) -> 3.3758868 | R41: 0.04 | S41: =IF(F41="","",IF(D41>H41,((D41-H41)*0.02),IF(D41<F41,((F41-D41)*0.02),IF(F41="","",0)))) -> 1.1 | T41: =IF(F41="","",IF(D41>H41,((((H41-F41)*20)+I41-G41)/2000),IF(D41>F41,((((D41-F41)*0.02)^2)+(((H41-D41)*0.02)^2))/(2*((H41-F41)*0.02)),((((H41-F41)*20)+I41-G41)/2000)))) -> 0.12606 | U41: =IF(F41="","",R41+S41+T41) -> 1.26606 | V41: =IF(F41="","",Q41*U41) -> 4.2740752
C42: =+C40 -> Canteiro | D42: 187 | E42: Retorno 02 | F42: 132 | G42: 12.12 | H42: 142 | I42: 0 | J42: =IF(F42="","",((H42-F42)*20)+I42-G42) -> 187.88 | L42: 2305.67 | M42: =+J42*K42*N42+L42 -> 2305.67 | N42: =IF(F42="","",1) -> 1 | O42: =$O$16 -> 1.3 | P42: =IF(F42="","","l/m2") -> l/m2 | Q42: =IF(F42="","",M42*O42/1000) -> 2.997371 | R42: 0.04 | S42: =IF(F42="","",IF(D42>H42,((D42-H42)*0.02),IF(D42<F42,((F42-D42)*0.02),IF(F42="","",0)))) -> 0.9 | T42: =IF(F42="","",IF(D42>H42,((((H42-F42)*20)+I42-G42)/2000),IF(D42>F42,((((D42-F42)*0.02)^2)+(((H42-D42)*0.02)^2))/(2*((H42-F42)*0.02)),((((H42-F42)*20)+I42-G42)/2000)))) -> 0.09394 | U42: =IF(F42="","",R42+S42+T42) -> 1.03394 | V42: =IF(F42="","",Q42*U42) -> 3.0991018
C43: =+C42 -> Canteiro | D43: 187 | E43: Retorno 02( ATÉ EST. 176+12,12 ) | F43: 170 | G43: 12.12 | H43: 176 | I43: 12.12 | J43: =IF(F43="","",((H43-F43)*20)+I43-G43) -> 120 | L43: 1668 | M43: =+J43*K43*N43+L43 -> 1668 | N43: =IF(F43="","",1) -> 1 | O43: =$O$16 -> 1.3 | P43: =IF(F43="","","l/m2") -> l/m2 | Q43: =IF(F43="","",M43*O43/1000) -> 2.1684 | R43: 0.04 | S43: =IF(F43="","",IF(D43>H43,((D43-H43)*0.02),IF(D43<F43,((F43-D43)*0.02),IF(F43="","",0)))) -> 0.22 | T43: =IF(F43="","",IF(D43>H43,((((H43-F43)*20)+I43-G43)/2000),IF(D43>F43,((((D43-F43)*0.02)^2)+(((H43-D43)*0.02)^2))/(2*((H43-F43)*0.02)),((((H43-F43)*20)+I43-G43)/2000)))) -> 0.06 | U43: =IF(F43="","",R43+S43+T43) -> 0.32 | V43: =IF(F43="","",Q43*U43) -> 0.693888
J45: =SUM(J34:J44)+261 -> 1879 | M45: =SUM(M34:M44) -> 17974.556 | O45: 1.3 | P45: l/m2 | Q45: =SUM(Q34:Q44) -> 23.366923 | R45: DMT final = | T45: =V45/Q45 -> 1.4016168 | U45: Km | V45: =SUM(V34:V44) -> 32.751472
B47: MEMÓRIA DE CÁLCULO DE QUANTIDADES -IMPRIMAÇÃO
Y51: Execução de imprimaçãommmm
L52: DT COMERCIAL | M52: =243+3.74 -> 246.74 | Q52: MT COMERCIAL | V52: =Q45*M52 -> 5765.5545

Sheet MC CCP
C2: Ocorrência | E2: Destino | F2: Entre Estacas | J2: Exten- | K2: Lar- | L2: Área | M2: Área | O2: Volume | P2: DISTÂNCIAS DE TRANSP. | T2: Momento
B3: SERVIÇO | C3: Origem | D3: Acesso | F3: Inicial | H3: Final | J3: são | K3: gura | L3: Variável | M3: Total | N3: Esp. | P3: Fixa | Q3: Da fonte | R3: No | S3: DMT | T3: Transporte
D4: Est. | F4: Int. | G4: Frac. | H4: Int. | I4: Frac. | J4: (m) | K4: (m) | M4: (m2) | N4: (cm) | O4: (m3) | Q4: ao Seg | R4: Seg. | S4: Seg. | T4: (m3 x Km)
B5: CCP | C5: Canteiro | D5: 187 | E5: Pista - Esquerda Retorno 01 | F5: 15 | G5: 9.67 | H5: 92 | I5: 1.55 | J5: =IF(F5="","",((H5-F5)*20)+I5-G5) -> 1531.88 | L5: 18783.7 | M5: =IF(F5="","",(J5*K5)+L5) -> 18783.7 | N5: 20 | O5: =IF(F5="","",ROUND(M5*N5/100,2)) -> 3756.74 | P5: 0.04 | Q5: =IF(F5="","",IF(D5>H5,((D5-H5)*0.02),IF(D5<F5,((F5-D5)*0.02),IF(F5="","",0)))) -> 1.9 | R5: =IF(F5="","",IF(D5>H5,((((H5-F5)*20)+I5-G5)/2000),IF(D5>F5,((((D5-F5)*0.02)^2)+(((H5-D5)*0.02)^2))/(2*((H5-F5)*0.02)),((((H5-F5)*20)+I5-G5)/2000)))) -> 0.76594 | S5: =IF(F5="","",P5+Q5+R5) -> 2.70594 | T5: =IF(F5="","",O5*S5) -> 10165.513
C6: Canteiro | D6: 187 | E6: Pista Esquerda Segmento 02 | F6: 92 | G6: 1.55 | H6: 132 | I6: 12.12 | J6: =IF(F6="","",((H6-F6)*20)+I6-G6) -> 810.57 | K6: 10.3 | M6: =IF(F6="","",(J6*K6)+L6) -> 8348.871 | N6: 20 | O6: =IF(F6="","",ROUND(M6*N6/100,2)) -> 1669.77 | P6: 0.04 | Q6: =IF(F6="","",IF(D6>H6,((D6-H6)*0.02),IF(D6<F6,((F6-D6)*0.02),IF(F6="","",0)))) -> 1.1 | R6: =IF(F6="","",IF(D6>H6,((((H6-F6)*20)+I6-G6)/2000),IF(D6>F6,((((D6-F6)*0.02)^2)+(((H6-D6)*0.02)^2))/(2*((H6-F6)*0.02)),((((H6-F6)*20)+I6-G6)/2000)))) -> 0.405285 | S6: =IF(F6="","",P6+Q6+R6) -> 1.545285 | T6: =IF(F6="","",O6*S6) -> 2580.2705 | Z6: TOTAL NO INTERVALO
C7: Canteiro | D7: 187 | E7: Pista - Esquerda Retorno 02( Até Est. 176 + 12,12 ) | F7: 132 | G7: 12.12 | H7: 176 | I7: 12.12 | J7: =IF(F7="","",((H7-F7)*20)+I7-G7) -> 880 | L7: 11914.46 | M7: =IF(F7="","",(J7*K7)+L7) -> 11914.46 | N7: 20 | O7: =IF(F7="","",ROUND(M7*N7/100,2)) -> 2382.89 | P7: 0.04 | Q7: =IF(F7="","",IF(D7>H7,((D7-H7)*0.02),IF(D7<F7,((F7-D7)*0.02),IF(F7="","",0)))) -> 0.22 | R7: =IF(F7="","",IF(D7>H7,((((H7-F7)*20)+I7-G7)/2000),IF(D7>F7,((((D7-F7)*0.02)^2)+(((H7-D7)*0.02)^2))/(2*((H7-F7)*0.02)),((((H7-F7)*20)+I7-G7)/2000)))) -> 0.44 | S7: =IF(F7="","",P7+Q7+R7) -> 0.7 | T7: =IF(F7="","",O7*S7) -> 1668.023
J27: =SUM(J5:J26) -> 3222.45 | M27: =SUM(M5:M26) -> 39047.031 | O27: =SUM(O5:O26) -> 7809.4 | P27: DMT final = | R27: =T27/O27 -> 1.8456996 | S27: Km | T27: =SUM(T5:T26) -> 14413.807
B29: MEMÓRIA DE CÁLCULO DE QUANTIDADES - PAVIMENTO DE CONCRETO COM EQUIPAMENTO DE PEQUENO PORTE
B35: PAVIMENTO DE CONCRETO COM EQUIPAMENTO DE PEQUENO PORTE
C41: Ocorrência | E41: Destino | F41: Entre Estacas | J41: Exten- | K41: Lar- | L41: Área | M41: Área | O41: Volume | P41: DISTÂNCIAS DE TRANSP. | T41: Momento
B42: SERVIÇO | C42: Origem | D42: Acesso | F42: Inicial | H42: Final | J42: são | K42: gura | L42: Variável | M42: Total | N42: Esp. | P42: Fixa | Q42: Da fonte | R42: No | S42: DMT | T42: Transporte
D43: Est. | F43: Int. | G43: Frac. | H43: Int. | I43: Frac. | J43: (m) | K43: (m) | M43: (m2) | N43: (cm) | O43: (m3) | Q43: ao Seg | R43: Seg. | S43: Seg. | T43: (m3 x Km)
B44: CCP | C44: Canteiro | D44: 187 | E44: Pista - Esquerda Retorno 01 | F44: 15 | G44: 9.67 | H44: 92 | I44: 1.55 | J44: =IF(F44="","",((H44-F44)*20)+I44-G44) -> 1531.88 | L44: =L5 -> 18783.7 | M44: =IF(F44="","",(J44*K44)+L44) -> 18783.7 | N44: 20 | O44: =IF(F44="","",ROUND(M44*N44/100,2)) -> 3756.74 | P44: 0.04 | Q44: =IF(F44="","",IF(D44>H44,((D44-H44)*0.02),IF(D44<F44,((F44-D44)*0.02),IF(F44="","",0)))) -> 1.9 | R44: =IF(F44="","",IF(D44>H44,((((H44-F44)*20)+I44-G44)/2000),IF(D44>F44,((((D44-F44)*0.02)^2)+(((H44-D44)*0.02)^2))/(2*((H44-F44)*0.02)),((((H44-F44)*20)+I44-G44)/2000)))) -> 0.76594 | S44: =IF(F44="","",P44+Q44+R44) -> 2.70594 | T44: =IF(F44="","",O44*S44) -> 10165.513
C45: Canteiro | D45: 187 | E45: Pista Esquerda Segmento 02 | F45: 92 | G45: 1.55 | H45: 132 | I45: 12.12 | J45: =IF(F45="","",((H45-F45)*20)+I45-G45) -> 810.57 | K45: 10.3 | M45: =IF(F45="","",(J45*K45)+L45) -> 8348.871 | N45: 20 | O45: =IF(F45="","",ROUND(M45*N45/100,2)) -> 1669.77 | P45: 0.04 | Q45: =IF(F45="","",IF(D45>H45,((D45-H45)*0.02),IF(D45<F45,((F45-D45)*0.02),IF(F45="","",0)))) -> 1.1 | R45: =IF(F45="","",IF(D45>H45,((((H45-F45)*20)+I45-G45)/2000),IF(D45>F45,((((D45-F45)*0.02)^2)+(((H45-D45)*0.02)^2))/(2*((H45-F45)*0.02)),((((H45-F45)*20)+I45-G45)/2000)))) -> 0.405285 | S45: =IF(F45="","",P45+Q45+R45) -> 1.545285 | T45: =IF(F45="","",O45*S45) -> 2580.2705
C46: Canteiro | D46: 187 | E46: Pista - Esquerda Retorno 02( Até Est. 176 + 12,12 ) | F46: 132 | G46: 12.12 | H46: 176 | I46: 12.12 | J46: =IF(F46="","",((H46-F46)*20)+I46-G46) -> 880 | L46: =L7 -> 11914.46 | M46: =IF(F46="","",(J46*K46)+L46) -> 11914.46 | N46: 20 | O46: =IF(F46="","",ROUND(M46*N46/100,2)) -> 2382.89 | P46: 0.04 | Q46: =IF(F46="","",IF(D46>H46,((D46-H46)*0.02),IF(D46<F46,((F46-D46)*0.02),IF(F46="","",0)))) -> 0.22 | R46: =IF(F46="","",IF(D46>H46,((((H46-F46)*20)+I46-G46)/2000),IF(D46>F46,((((D46-F46)*0.02)^2)+(((H46-D46)*0.02)^2))/(2*((H46-F46)*0.02)),((((H46-F46)*20)+I46-G46)/2000)))) -> 0.44 | S46: =IF(F46="","",P46+Q46+R46) -> 0.7 | T46: =IF(F46="","",O46*S46) -> 1668.023
Z52: TOTAL A EXECUTAR
J54: =SUM(J44:J53) -> 3222.45 | M54: =SUM(M44:M53) -> 39047.031 | O54: =SUM(O44:O53) -> 7809.4 | P54: DMT final = | R54: =T54/O54 -> 1.8456996 | S54: Km | T54: =SUM(T44:T53) -> 14413.807
B56: MEMÓRIA DE CÁLCULO DE QUANTIDADES - PAVIMENTO DE CONCRETO COM EQUIPAMENTO DE PEQUENO PORTE

Sheet MCaço CA-50
C2: Ocorrência | E2: Destino | F2: Entre Estacas | J2: Extensão de juntas | K2: Espaçamento | L2: Comprimento da Barra | M2: Extensão de barras | N2: Densidade
B3: SERVIÇO | C3: Origem | D3: Acesso | F3: Inicial | H3: Final | K3: entre barras | N3: ou | P3: Peso
D4: Est. | F4: Int. | G4: Frac. | H4: Int. | I4: Frac. | J4: (m) | K4: (m) | L4: (m) | M4: (m) | N4: Taxa | P4: (kg)
B5: Barras de Ligação CA-50 | C5: Canteiro | D5: 187 | E5: Pista - LE Duplicação | F5: 15 | G5: 9.67 | H5: 176 | I5: 12.12 | J5: =D17*0.5 -> 11476.5 | K5: 0.5 | L5: 0.62 | M5: =+ROUND(J5/K5*L5,2) -> 14230.86 | N5: 0.395 | O5: kg/m | P5: =N5*M5 -> 5621.1897
J7: =SUM(J5:J6) -> 11476.5 | K7: =SUM(K5:K6) -> 0.5 | L7: =SUM(L5:L6) -> 0.62 | M7: =SUM(M5) -> 14230.86 | P7: =SUM(P5) -> 5621.1897
B9: MEMÓRIA DE CÁLCULO DE QUANTIDADES - BARRAS DE LIGAÇÃO CA-50
B14: Área do intervalo | C14: ='MCaço CA-25'!E44 -> 40648.5
L16: Barras do CAD | M16: 22953
B17: Número de barras pelo CAD | D17: 22953 | E17: uni
C18: Extensão de barras | D18: =D17*0.62 -> 14230.86 | E18: m | M18: =M16*0.62 -> 14230.86
C19: Peso Aço CA 50 | D19: =D18*0.395 -> 5621.1897 | E19: kg
M23: =M18/0.62 -> 22953
M24: =M23*0.5 -> 11476.5
E29: 3222.45 | G29: =E29*3 -> 9667.35
G30: =E29*4 -> 12889.8

Sheet MCaço CA-25
C2: Ocorrência | E2: Destino | F2: Entre Estacas | J2: Exten- | K2: Espaçamento | L2: Juntas | M2: Espaçamento | N2: Comprimento | O2: Número de barras | P2: Comprimento | Q2: Densidade
B3: SERVIÇO | C3: Origem | D3: Acesso | F3: Inicial | H3: Final | J3: são | K3: entre placas | M3: entre barras | N3: barras | Q3: ou | S3: Peso
D4: Est. | F4: Int. | G4: Frac. | H4: Int. | I4: Frac. | J4: (m) | K4: (m) | M4: (m) | N4: (m) | P4: (m) | Q4: Taxa | S4: (kg)
B5: Barras de Transferência CA-25 | C5: Canteiro | D5: 187 | E5: Pista - LE Duplicação | F5: 15 | G5: 9.67 | H5: 176 | I5: 12.12 | J5: 8129.7 | K5: 5 | L5: =+J5/K5 -> 1625.94 | M5: 0.3 | N5: 0.46 | O5: =J5/M5 -> 27099 | P5: =O5*N5 -> 12465.54 | Q5: 3.853 | R5: kg/m | S5: =+Q5*P5 -> 48029.726
B34: diametro = 25 mm | J34: =SUM(J5:J33) -> 8129.7 | K34: =SUM(K5:K33) -> 5 | L34: =SUM(L5:L33) -> 1625.94 | M34: =SUM(M5:M33) -> 0.3 | N34: =SUM(N5:N33) -> 0.46 | P34: =SUM(P5:P33) -> 12465.54 | S34: =SUM(S5:S33) -> 48029.726
B36: MEMÓRIA DE CÁLCULO DE QUANTIDADES - BARRAS DE TRANSFERÊNCIA CA-25
B44: Área Pista LE ( Est. 15+9,67 a Est. 176+12,12) | E44: 40648.5 | G44: 4410 | M44: 2940 | O44: 2
E47: =E44/5 -> 8129.7
B48: Barras do CAD | E48: 27099 | O48: Barras do CAD | Q48: 27099
B49: Comprimento Barras | E49: =E48*0.46 -> 12465.54
B50: Peso | E50: =E49*Q5 -> 48029.726
B63: Pintura esmalte Alquidico estrutura metálica 1 demão ( para barra de Transferência) | L63: m2 | M63: =F71 -> 528.41424
B64: diametro = 25 mm
B66: c=2πR | C66: c | D66: =2*3.14*25/(2*1000) -> 0.0785
B68: Pintura na metade da barra + 2cm= 23+2=25 correspondendo a 54% da extensão
B71: então pintura total | C71: =P5 -> 12465.54 | D71: 0.54 | E71: =D66 -> 0.0785 | F71: =C71*D71*E71 -> 528.41424

Sheet MCtreliça
C2: Ocorrência | E2: Destino | F2: Entre Estacas | J2: Extensão de Juntas de Ligação | K2: Extensão de Juntas de Transferência | L2: Repetição na seção | M2: Extensão de Treliças | N2: Densidade | P2: Peso
B3: SERVIÇO | C3: Origem | D3: Acesso | F3: Inicial | H3: Final | N3: ou
D4: Est. | F4: Int. | G4: Frac. | H4: Int. | I4: Frac. | J4: (m) | K4: (m) | L4: (x) | M4: (m) | N4: Taxa | P4: (kg)
B5: TRELIÇA TR 12645 | C5: Canteiro | D5: 187 | E5: Pista - LE Duplicação | F5: 15 | G5: 9.67 | H5: 176 | I5: 12.12 | J5: =D39 -> 11476.5 | K5: =D40 -> 8129.7 | L5: 2 | M5: =(J5+K5)*L5 -> 39212.4 | N5: 0.886 | O5: kg/m | P5: =+N5*M5 -> 34742.186
J28: =SUM(J5:J27) -> 11476.5 | K28: =SUM(K5:K27) -> 8129.7 | L28: =SUM(L5:L27) -> 2 | M28: =SUM(M5:M27) -> 39212.4 | P28: =SUM(P5:P27) -> 34742.186
B30: MEMÓRIA DE CÁLCULO DE QUANTIDADES - TRELIÇA TR12645
B39: Extensão juntas de ligação | D39: ='MCaço CA-50'!J7 -> 11476.5
B40: Extensão juntas de transferência | D40: ='MCaço CA-25'!J34 -> 8129.7
B41: Extensão total de juntas esttimada | D41: =SUM(D39:D40) -> 19606.2
B42: Extensão de treliças | D42: =2*D41 -> 39212.4
B43: Peso de treliça | D43: =D42*0.886 -> 34742.186

Sheet MCtela
C2: Ocorrência | E2: Destino | F2: Entre Estacas | J2: Exten- | K2: Espaçamento | L2: Seção | M2: Área | P2: Densidade
B3: SERVIÇO | C3: Origem | D3: Acesso | F3: Inicial | H3: Final | J3: são | P3: ou | R3: Peso
D4: Est. | F4: Int. | G4: Frac. | H4: Int. | I4: Frac. | J4: (m) | K4: (m) | L4: (m) | M4: m2 | P4: Taxa | R4: (kg)
B5: TELA ELETROSOLDADA | C5: Usina U-1 | E5: Pista | F5: 15 | G5: 9.67 | H5: 176 | I5: 12.12 | J5: =IF(F5="","",((H5-F5)*20)+I5-G5) -> 3222.45 | M5: 0 | P5: 2.2 | Q5: kg/m2 | R5: =+P5*M5 -> 0
B8: TELA SOLDADA Q-138
Y11: =7.2+2.5+0.6 -> 10.3
Y14: =+J6+J8+J10 -> 0
Y15: 8.6
Y16: 0.3
Y17: =+Y14*Y15*Y16 -> 0
J40: =SUM(J5:J39) -> 3222.45 | K40: =SUM(K5:K39) -> 0 | L40: =SUM(L5:L39) -> 0 | M40: =SUM(M5:M39) -> 0 | N40: =SUM(N5:N39) -> 0 | O40: =SUM(O5:O39) -> 0 | R40: =SUM(R5:R39) -> 0
B42: MEMÓRIA DE CÁLCULO DE QUANTIDADES - TELA ELETROSOLDADA
C46: Ocorrência | E46: Destino | F46: Entre Estacas | J46: Exten- | K46: Lar- | L46: Área | M46: Área | N46: Área | P46: Densidade | S46: DMT (Km) | V46: Momento
B47: CAMADA | C47: Origem | D47: Acesso | F47: Inicial | H47: Final | J47: são | K47: gura | L47: Superlargura | M47: Interseções | N47: Total | O47: Volume | P47: ou | R47: Peso | S47: Fixa | T47: Da fonte | U47: No | V47: Transporte
B48: ou Serviço | D48: Est. | F48: Int. | G48: Frac. | H48: Int. | I48: Frac. | J48: (m) | K48: (m) | L48: (m2) | M48: (m2) | N48: (m2) | O48: (m3) | P48: Taxa | R48: (t) | T48: ao Seg | U48: Seg. | V48: (m3 x Km)
B49: =+B5 -> TELA ELETROSOLDADA
B51: =+B7 -> 0
E55: =IF(F55="","","Acost. LD") | J55: =IF(F55="","",((H55-F55)*20)+I55-G55) | N55: =IF(F55="","",(J55*K55)+M55+L55) | O55: =IF(F55="","",N55*#REF!/100) | Q55: =IF(F55="","","t/m3") | R55: =IF(F55="","",O55*P55) | T55: =IF(F55="","",IF(D55>H55,((D55-H55)*0.02),IF(D55<F55,((F55-D55)*0.02),IF(F55="","",0)))) | U55: =IF(F55="","",IF(D55>H55,((((H55-F55)*20)+I55-G55)/2000),IF(D55>F55,((((D55-F55)*0.02)^2)+(((H55-D55)*0.02)^2))/(2*((H55-F55)*0.02)),((((H55-F55)*20)+I55-G55)/2000)))) | V55: =IF(F55="","",O55*#REF!)
E56: =IF(F56="","","Acost. LD") | J56: =IF(F56="","",((H56-F56)*20)+I56-G56) | N56: =IF(F56="","",(J56*K56)+M56+L56) | O56: =IF(F56="","",N56*#REF!/100) | Q56: =IF(F56="","","t/m3") | R56: =IF(F56="","",O56*P56) | T56: =IF(F56="","",IF(D56>H56,((D56-H56)*0.02),IF(D56<F56,((F56-D56)*0.02),IF(F56="","",0)))) | U56: =IF(F56="","",IF(D56>H56,((((H56-F56)*20)+I56-G56)/2000),IF(D56>F56,((((D56-F56)*0.02)^2)+(((H56-D56)*0.02)^2))/(2*((H56-F56)*0.02)),((((H56-F56)*20)+I56-G56)/2000)))) | V56: =IF(F56="","",O56*#REF!)
E57: =IF(F57="","","Acost. LD") | J57: =IF(F57="","",((H57-F57)*20)+I57-G57) | N57: =IF(F57="","",(J57*K57)+M57+L57) | O57: =IF(F57="","",N57*#REF!/100) | Q57: =IF(F57="","","t/m3") | R57: =IF(F57="","",O57*P57) | T57: =IF(F57="","",IF(D57>H57,((D57-H57)*0.02),IF(D57<F57,((F57-D57)*0.02),IF(F57="","",0)))) | U57: =IF(F57="","",IF(D57>H57,((((H57-F57)*20)+I57-G57)/2000),IF(D57>F57,((((D57-F57)*0.02)^2)+(((H57-D57)*0.02)^2))/(2*((H57-F57)*0.02)),((((H57-F57)*20)+I57-G57)/2000)))) | V57: =IF(F57="","",O57*#REF!)
E58: =IF(F58="","","Acost. LD") | J58: =IF(F58="","",((H58-F58)*20)+I58-G58) | N58: =IF(F58="","",(J58*K58)+M58+L58) | O58: =IF(F58="","",N58*#REF!/100) | Q58: =IF(F58="","","t/m3") | R58: =IF(F58="","",O58*P58) | T58: =IF(F58="","",IF(D58>H58,((D58-H58)*0.02),IF(D58<F58,((F58-D58)*0.02),IF(F58="","",0)))) | U58: =IF(F58="","",IF(D58>H58,((((H58-F58)*20)+I58-G58)/2000),IF(D58>F58,((((D58-F58)*0.02)^2)+(((H58-D58)*0.02)^2))/(2*((H58-F58)*0.02)),((((H58-F58)*20)+I58-G58)/2000)))) | V58: =IF(F58="","",O58*#REF!)
E59: =IF(F59="","","Acost. LD") | J59: =IF(F59="","",((H59-F59)*20)+I59-G59) | N59: =IF(F59="","",(J59*K59)+M59+L59) | O59: =IF(F59="","",N59*#REF!/100) | Q59: =IF(F59="","","t/m3") | R59: =IF(F59="","",O59*P59) | T59: =IF(F59="","",IF(D59>H59,((D59-H59)*0.02),IF(D59<F59,((F59-D59)*0.02),IF(F59="","",0)))) | U59: =IF(F59="","",IF(D59>H59,((((H59-F59)*20)+I59-G59)/2000),IF(D59>F59,((((D59-F59)*0.02)^2)+(((H59-D59)*0.02)^2))/(2*((H59-F59)*0.02)),((((H59-F59)*20)+I59-G59)/2000)))) | V59: =IF(F59="","",O59*#REF!)
E60: =IF(F60="","","Acost. LD") | J60: =IF(F60="","",((H60-F60)*20)+I60-G60) | N60: =IF(F60="","",(J60*K60)+M60+L60) | O60: =IF(F60="","",N60*#REF!/100) | Q60: =IF(F60="","","t/m3") | R60: =IF(F60="","",O60*P60) | T60: =IF(F60="","",IF(D60>H60,((D60-H60)*0.02),IF(D60<F60,((F60-D60)*0.02),IF(F60="","",0)))) | U60: =IF(F60="","",IF(D60>H60,((((H60-F60)*20)+I60-G60)/2000),IF(D60>F60,((((D60-F60)*0.02)^2)+(((H60-D60)*0.02)^2))/(2*((H60-F60)*0.02)),((((H60-F60)*20)+I60-G60)/2000)))) | V60: =IF(F60="","",O60*#REF!)
E61: =IF(F61="","","Acost. LD") | J61: =IF(F61="","",((H61-F61)*20)+I61-G61) | N61: =IF(F61="","",(J61*K61)+M61+L61) | O61: =IF(F61="","",N61*#REF!/100) | Q61: =IF(F61="","","t/m3") | R61: =IF(F61="","",O61*P61) | T61: =IF(F61="","",IF(D61>H61,((D61-H61)*0.02),IF(D61<F61,((F61-D61)*0.02),IF(F61="","",0)))) | U61: =IF(F61="","",IF(D61>H61,((((H61-F61)*20)+I61-G61)/2000),IF(D61>F61,((((D61-F61)*0.02)^2)+(((H61-D61)*0.02)^2))/(2*((H61-F61)*0.02)),((((H61-F61)*20)+I61-G61)/2000)))) | V61: =IF(F61="","",O61*#REF!)
E62: =IF(F62="","","Acost. LD") | J62: =IF(F62="","",((H62-F62)*20)+I62-G62) | N62: =IF(F62="","",(J62*K62)+M62+L62) | O62: =IF(F62="","",N62*#REF!/100) | Q62: =IF(F62="","","t/m3") | R62: =IF(F62="","",O62*P62) | T62: =IF(F62="","",IF(D62>H62,((D62-H62)*0.02),IF(D62<F62,((F62-D62)*0.02),IF(F62="","",0)))) | U62: =IF(F62="","",IF(D62>H62,((((H62-F62)*20)+I62-G62)/2000),IF(D62>F62,((((D62-F62)*0.02)^2)+(((H62-D62)*0.02)^2))/(2*((H62-F62)*0.02)),((((H62-F62)*20)+I62-G62)/2000)))) | V62: =IF(F62="","",O62*#REF!)
E63: =IF(F63="","","Acost. LD") | J63: =IF(F63="","",((H63-F63)*20)+I63-G63) | N63: =IF(F63="","",(J63*K63)+M63+L63) | O63: =IF(F63="","",N63*#REF!/100) | Q63: =IF(F63="","","t/m3") | R63: =IF(F63="","",O63*P63) | T63: =IF(F63="","",IF(D63>H63,((D63-H63)*0.02),IF(D63<F63,((F63-D63)*0.02),IF(F63="","",0)))) | U63: =IF(F63="","",IF(D63>H63,((((H63-F63)*20)+I63-G63)/2000),IF(D63>F63,((((D63-F63)*0.02)^2)+(((H63-D63)*0.02)^2))/(2*((H63-F63)*0.02)),((((H63-F63)*20)+I63-G63)/2000)))) | V63: =IF(F63="","",O63*#REF!)
E64: =IF(F64="","","Acost. LD") | J64: =IF(F64="","",((H64-F64)*20)+I64-G64) | N64: =IF(F64="","",(J64*K64)+M64+L64) | O64: =IF(F64="","",N64*#REF!/100) | Q64: =IF(F64="","","t/m3") | R64: =IF(F64="","",O64*P64) | T64: =IF(F64="","",IF(D64>H64,((D64-H64)*0.02),IF(D64<F64,((F64-D64)*0.02),IF(F64="","",0)))) | U64: =IF(F64="","",IF(D64>H64,((((H64-F64)*20)+I64-G64)/2000),IF(D64>F64,((((D64-F64)*0.02)^2)+(((H64-D64)*0.02)^2))/(2*((H64-F64)*0.02)),((((H64-F64)*20)+I64-G64)/2000)))) | V64: =IF(F64="","",O64*#REF!)
E65: =IF(F65="","","Acost. LD") | J65: =IF(F65="","",((H65-F65)*20)+I65-G65) | N65: =IF(F65="","",(J65*K65)+M65+L65) | O65: =IF(F65="","",N65*#REF!/100) | Q65: =IF(F65="","","t/m3") | R65: =IF(F65="","",O65*P65) | T65: =IF(F65="","",IF(D65>H65,((D65-H65)*0.02),IF(D65<F65,((F65-D65)*0.02),IF(F65="","",0)))) | U65: =IF(F65="","",IF(D65>H65,((((H65-F65)*20)+I65-G65)/2000),IF(D65>F65,((((D65-F65)*0.02)^2)+(((H65-D65)*0.02)^2))/(2*((H65-F65)*0.02)),((((H65-F65)*20)+I65-G65)/2000)))) | V65: =IF(F65="","",O65*#REF!)
E66: =IF(F66="","","Acost. LD") | J66: =IF(F66="","",((H66-F66)*20)+I66-G66) | N66: =IF(F66="","",(J66*K66)+M66+L66) | O66: =IF(F66="","",N66*#REF!/100) | Q66: =IF(F66="","","t/m3") | R66: =IF(F66="","",O66*P66) | T66: =IF(F66="","",IF(D66>H66,((D66-H66)*0.02),IF(D66<F66,((F66-D66)*0.02),IF(F66="","",0)))) | U66: =IF(F66="","",IF(D66>H66,((((H66-F66)*20)+I66-G66)/2000),IF(D66>F66,((((D66-F66)*0.02)^2)+(((H66-D66)*0.02)^2))/(2*((H66-F66)*0.02)),((((H66-F66)*20)+I66-G66)/2000)))) | V66: =IF(F66="","",O66*#REF!)
... E83: =IF(F83="","","Acost. LD") | J83: =IF(F83="","",((H83-F83)*20)+I83-G83) | N83: =IF(F83="","",(J83*K83)+M83+L83) | O83: =IF(F83="","",N83*#REF!/100) | Q83: =IF(F83="","","t/m3") | R83: =IF(F83="","",O83*P83) | T83: =IF(F83="","",IF(D83>H83,((D83-H83)*0.02),IF(D83<F83,((F83-D83)*0.02),IF(F83="","",0)))) | U83: =IF(F83="","",IF(D83>H83,((((H83-F83)*20)+I83-G83)/2000),IF(D83>F83,((((D83-F83)*0.02)^2)+(((H83-D83)*0.02)^2))/(2*((H83-F83)*0.02)),((((H83-F83)*20)+I83-G83)/2000)))) | V83: =IF(F83="","",O83*#REF!)
J84: =SUM(J49:J83) -> 0 | N84: =SUM(N49:N83) -> 0 | O84: =SUM(O49:O83) -> 0 | R84: =SUM(R49:R83) -> 0 | S84: DMT final = | U84: =V84/O84 -> #DIV/0! | V84: =SUM(V49:V83) -> 0
C85: =+#REF! -> #REF! | O85: =R85/1.02 -> #REF! | P85: =+#REF! -> #REF! | Q85: % | R85: =+P85*R84/1000 -> #REF!
B87: MEMÓRIA DE CÁLCULO DE QUANTIDADES - CAPA DE ROLAMENTO - ACOSTAMENTO LADO DIREITO
B90: Observações | L90: Rodovia: | M90: =+#REF! -> #REF! | V90: FOLHA:
L91: Trecho: | M91: =+#REF! -> #REF!
L92: Subtrecho: | M92: =+#REF! -> #REF! | V92: 01/01
L93: Segmento: | M93: =+#REF! -> #REF!
I94: Data : | J94: =TODAY() -> 46063 | L94: Lote | M94: =+#REF! -> #REF!
C97: Ocorrência | E97: Destino | F97: Entre Estacas | J97: Exten- | K97: Lar- | L97: Área | M97: Área | N97: Área | P97: Densidade | S97: DMT (Km) | V97: Momento
B98: CAMADA | C98: Origem | D98: Acesso | F98: Inicial | H98: Final | J98: são | K98: gura | L98: Superlargura | M98: Interseções | N98: Total | O98: Volume | P98: ou | R98: Peso | S98: Fixa | T98: Da fonte | U98: No | V98: Transporte
B99: ou Serviço | D99: Est. | F99: Int. | G99: Frac. | H99: Int. | I99: Frac. | J99: (m) | K99: (m) | L99: (m2) | M99: (m2) | N99: (m2) | O99: (m3) | P99: Taxa | R99: (t) | T99: ao Seg | U99: Seg. | V99: (m3 x Km)
B100: =+B49 -> TELA ELETROSOLDADA | E100: =IF(F100="","","Acost. LE") | N100: =IF(F100="","",(J100*K100)+M100+L100) | O100: =IF(F100="","",N100*#REF!/100) | Q100: =IF(F100="","","t/m3") | R100: =IF(F100="","",O100*P100) | T100: =IF(F100="","",IF(D100>H100,((D100-H100)*0.02),IF(D100<F100,((F100-D100)*0.02),IF(F100="","",0)))) | U100: =IF(F100="","",IF(D100>H100,((((H100-F100)*20)+I100-G100)/2000),IF(D100>F100,((((D100-F100)*0.02)^2)+(((H100-D100)*0.02)^2))/(2*((H100-F100)*0.02)),((((H100-F100)*20)+I100-G100)/2000)))) | V100: =IF(F100="","",O100*#REF!)
E101: =IF(F101="","","Acost. LE") | N101: =IF(F101="","",(J101*K101)+M101+L101) | O101: =IF(F101="","",N101*#REF!/100) | Q101: =IF(F101="","","t/m3") | R101: =IF(F101="","",O101*P101) | T101: =IF(F101="","",IF(D101>H101,((D101-H101)*0.02),IF(D101<F101,((F101-D101)*0.02),IF(F101="","",0)))) | U101: =IF(F101="","",IF(D101>H101,((((H101-F101)*20)+I101-G101)/2000),IF(D101>F101,((((D101-F101)*0.02)^2)+(((H101-D101)*0.02)^2))/(2*((H101-F101)*0.02)),((((H101-F101)*20)+I101-G101)/2000)))) | V101: =IF(F101="","",O101*#REF!)
B102: =+B51 -> 0 | E102: =IF(F102="","","Acost. LE") | N102: =IF(F102="","",(J102*K102)+M102+L102) | O102: =IF(F102="","",N102*#REF!/100) | Q102: =IF(F102="","","t/m3") | R102: =IF(F102="","",O102*P102) | T102: =IF(F102="","",IF(D102>H102,((D102-H102)*0.02),IF(D102<F102,((F102-D102)*0.02),IF(F102="","",0)))) | U102: =IF(F102="","",IF(D102>H102,((((H102-F102)*20)+I102-G102)/2000),IF(D102>F102,((((D102-F102)*0.02)^2)+(((H102-D102)*0.02)^2))/(2*((H102-F102)*0.02)),((((H102-F102)*20)+I102-G102)/2000)))) | V102: =IF(F102="","",O102*#REF!)
E103: =IF(F103="","","Acost. LE") | N103: =IF(F103="","",(J103*K103)+M103+L103) | O103: =IF(F103="","",N103*#REF!/100) | Q103: =IF(F103="","","t/m3") | R103: =IF(F103="","",O103*P103) | T103: =IF(F103="","",IF(D103>H103,((D103-H103)*0.02),IF(D103<F103,((F103-D103)*0.02),IF(F103="","",0)))) | U103: =IF(F103="","",IF(D103>H103,((((H103-F103)*20)+I103-G103)/2000),IF(D103>F103,((((D103-F103)*0.02)^2)+(((H103-D103)*0.02)^2))/(2*((H103-F103)*0.02)),((((H103-F103)*20)+I103-G103)/2000)))) | V103: =IF(F103="","",O103*#REF!)
E104: =IF(F104="","","Acost. LE") | N104: =IF(F104="","",(J104*K104)+M104+L104) | O104: =IF(F104="","",N104*#REF!/100) | Q104: =IF(F104="","","t/m3") | R104: =IF(F104="","",O104*P104) | T104: =IF(F104="","",IF(D104>H104,((D104-H104)*0.02),IF(D104<F104,((F104-D104)*0.02),IF(F104="","",0)))) | U104: =IF(F104="","",IF(D104>H104,((((H104-F104)*20)+I104-G104)/2000),IF(D104>F104,((((D104-F104)*0.02)^2)+(((H104-D104)*0.02)^2))/(2*((H104-F104)*0.02)),((((H104-F104)*20)+I104-G104)/2000)))) | V104: =IF(F104="","",O104*#REF!)
E105: =IF(F105="","","Acost. LE") | N105: =IF(F105="","",(J105*K105)+M105+L105) | O105: =IF(F105="","",N105*#REF!/100) | Q105: =IF(F105="","","t/m3") | R105: =IF(F105="","",O105*P105) | T105: =IF(F105="","",IF(D105>H105,((D105-H105)*0.02),IF(D105<F105,((F105-D105)*0.02),IF(F105="","",0)))) | U105: =IF(F105="","",IF(D105>H105,((((H105-F105)*20)+I105-G105)/2000),IF(D105>F105,((((D105-F105)*0.02)^2)+(((H105-D105)*0.02)^2))/(2*((H105-F105)*0.02)),((((H105-F105)*20)+I105-G105)/2000)))) | V105: =IF(F105="","",O105*#REF!)
E106: =IF(F106="","","Acost. LE") | J106: =IF(F106="","",((H106-F106)*20)+I106-G106) | N106: =IF(F106="","",(J106*K106)+M106+L106) | O106: =IF(F106="","",N106*#REF!/100) | Q106: =IF(F106="","","t/m3") | R106: =IF(F106="","",O106*P106) | T106: =IF(F106="","",IF(D106>H106,((D106-H106)*0.02),IF(D106<F106,((F106-D106)*0.02),IF(F106="","",0)))) | U106: =IF(F106="","",IF(D106>H106,((((H106-F106)*20)+I106-G106)/2000),IF(D106>F106,((((D106-F106)*0.02)^2)+(((H106-D106)*0.02)^2))/(2*((H106-F106)*0.02)),((((H106-F106)*20)+I106-G106)/2000)))) | V106: =IF(F106="","",O106*#REF!)
E107: =IF(F107="","","Acost. LE") | J107: =IF(F107="","",((H107-F107)*20)+I107-G107) | N107: =IF(F107="","",(J107*K107)+M107+L107) | O107: =IF(F107="","",N107*#REF!/100) | Q107: =IF(F107="","","t/m3") | R107: =IF(F107="","",O107*P107) | T107: =IF(F107="","",IF(D107>H107,((D107-H107)*0.02),IF(D107<F107,((F107-D107)*0.02),IF(F107="","",0)))) | U107: =IF(F107="","",IF(D107>H107,((((H107-F107)*20)+I107-G107)/2000),IF(D107>F107,((((D107-F107)*0.02)^2)+(((H107-D107)*0.02)^2))/(2*((H107-F107)*0.02)),((((H107-F107)*20)+I107-G107)/2000)))) | V107: =IF(F107="","",O107*#REF!)
E108: =IF(F108="","","Acost. LE") | J108: =IF(F108="","",((H108-F108)*20)+I108-G108) | N108: =IF(F108="","",(J108*K108)+M108+L108) | O108: =IF(F108="","",N108*#REF!/100) | Q108: =IF(F108="","","t/m3") | R108: =IF(F108="","",O108*P108) | T108: =IF(F108="","",IF(D108>H108,((D108-H108)*0.02),IF(D108<F108,((F108-D108)*0.02),IF(F108="","",0)))) | U108: =IF(F108="","",IF(D108>H108,((((H108-F108)*20)+I108-G108)/2000),IF(D108>F108,((((D108-F108)*0.02)^2)+(((H108-D108)*0.02)^2))/(2*((H108-F108)*0.02)),((((H108-F108)*20)+I108-G108)/2000)))) | V108: =IF(F108="","",O108*#REF!)
E109: =IF(F109="","","Acost. LE") | J109: =IF(F109="","",((H109-F109)*20)+I109-G109) | N109: =IF(F109="","",(J109*K109)+M109+L109) | O109: =IF(F109="","",N109*#REF!/100) | Q109: =IF(F109="","","t/m3") | R109: =IF(F109="","",O109*P109) | T109: =IF(F109="","",IF(D109>H109,((D109-H109)*0.02),IF(D109<F109,((F109-D109)*0.02),IF(F109="","",0)))) | U109: =IF(F109="","",IF(D109>H109,((((H109-F109)*20)+I109-G109)/2000),IF(D109>F109,((((D109-F109)*0.02)^2)+(((H109-D109)*0.02)^2))/(2*((H109-F109)*0.02)),((((H109-F109)*20)+I109-G109)/2000)))) | V109: =IF(F109="","",O109*#REF!)
E110: =IF(F110="","","Acost. LE") | J110: =IF(F110="","",((H110-F110)*20)+I110-G110) | N110: =IF(F110="","",(J110*K110)+M110+L110) | O110: =IF(F110="","",N110*#REF!/100) | Q110: =IF(F110="","","t/m3") | R110: =IF(F110="","",O110*P110) | T110: =IF(F110="","",IF(D110>H110,((D110-H110)*0.02),IF(D110<F110,((F110-D110)*0.02),IF(F110="","",0)))) | U110: =IF(F110="","",IF(D110>H110,((((H110-F110)*20)+I110-G110)/2000),IF(D110>F110,((((D110-F110)*0.02)^2)+(((H110-D110)*0.02)^2))/(2*((H110-F110)*0.02)),((((H110-F110)*20)+I110-G110)/2000)))) | V110: =IF(F110="","",O110*#REF!)
E111: =IF(F111="","","Acost. LE") | J111: =IF(F111="","",((H111-F111)*20)+I111-G111) | N111: =IF(F111="","",(J111*K111)+M111+L111) | O111: =IF(F111="","",N111*#REF!/100) | Q111: =IF(F111="","","t/m3") | R111: =IF(F111="","",O111*P111) | T111: =IF(F111="","",IF(D111>H111,((D111-H111)*0.02),IF(D111<F111,((F111-D111)*0.02),IF(F111="","",0)))) | U111: =IF(F111="","",IF(D111>H111,((((H111-F111)*20)+I111-G111)/2000),IF(D111>F111,((((D111-F111)*0.02)^2)+(((H111-D111)*0.02)^2))/(2*((H111-F111)*0.02)),((((H111-F111)*20)+I111-G111)/2000)))) | V111: =IF(F111="","",O111*#REF!)
E112: =IF(F112="","","Acost. LE") | J112: =IF(F112="","",((H112-F112)*20)+I112-G112) | N112: =IF(F112="","",(J112*K112)+M112+L112) | O112: =IF(F112="","",N112*#REF!/100) | Q112: =IF(F112="","","t/m3") | R112: =IF(F112="","",O112*P112) | T112: =IF(F112="","",IF(D112>H112,((D112-H112)*0.02),IF(D112<F112,((F112-D112)*0.02),IF(F112="","",0)))) | U112: =IF(F112="","",IF(D112>H112,((((H112-F112)*20)+I112-G112)/2000),IF(D112>F112,((((D112-F112)*0.02)^2)+(((H112-D112)*0.02)^2))/(2*((H112-F112)*0.02)),((((H112-F112)*20)+I112-G112)/2000)))) | V112: =IF(F112="","",O112*#REF!)
E113: =IF(F113="","","Acost. LE") | J113: =IF(F113="","",((H113-F113)*20)+I113-G113) | N113: =IF(F113="","",(J113*K113)+M113+L113) | O113: =IF(F113="","",N113*#REF!/100) | Q113: =IF(F113="","","t/m3") | R113: =IF(F113="","",O113*P113) | T113: =IF(F113="","",IF(D113>H113,((D113-H113)*0.02),IF(D113<F113,((F113-D113)*0.02),IF(F113="","",0)))) | U113: =IF(F113="","",IF(D113>H113,((((H113-F113)*20)+I113-G113)/2000),IF(D113>F113,((((D113-F113)*0.02)^2)+(((H113-D113)*0.02)^2))/(2*((H113-F113)*0.02)),((((H113-F113)*20)+I113-G113)/2000)))) | V113: =IF(F113="","",O113*#REF!)
E114: =IF(F114="","","Acost. LE") | J114: =IF(F114="","",((H114-F114)*20)+I114-G114) | N114: =IF(F114="","",(J114*K114)+M114+L114) | O114: =IF(F114="","",N114*#REF!/100) | Q114: =IF(F114="","","t/m3") | R114: =IF(F114="","",O114*P114) | T114: =IF(F114="","",IF(D114>H114,((D114-H114)*0.02),IF(D114<F114,((F114-D114)*0.02),IF(F114="","",0)))) | U114: =IF(F114="","",IF(D114>H114,((((H114-F114)*20)+I114-G114)/2000),IF(D114>F114,((((D114-F114)*0.02)^2)+(((H114-D114)*0.02)^2))/(2*((H114-F114)*0.02)),((((H114-F114)*20)+I114-G114)/2000)))) | V114: =IF(F114="","",O114*#REF!)
E115: =IF(F115="","","Acost. LE") | J115: =IF(F115="","",((H115-F115)*20)+I115-G115) | N115: =IF(F115="","",(J115*K115)+M115+L115) | O115: =IF(F115="","",N115*#REF!/100) | Q115: =IF(F115="","","t/m3") | R115: =IF(F115="","",O115*P115) | T115: =IF(F115="","",IF(D115>H115,((D115-H115)*0.02),IF(D115<F115,((F115-D115)*0.02),IF(F115="","",0)))) | U115: =IF(F115="","",IF(D115>H115,((((H115-F115)*20)+I115-G115)/2000),IF(D115>F115,((((D115-F115)*0.02)^2)+(((H115-D115)*0.02)^2))/(2*((H115-F115)*0.02)),((((H115-F115)*20)+I115-G115)/2000)))) | V115: =IF(F115="","",O115*#REF!)
E116: =IF(F116="","","Acost. LE") | J116: =IF(F116="","",((H116-F116)*20)+I116-G116) | N116: =IF(F116="","",(J116*K116)+M116+L116) | O116: =IF(F116="","",N116*#REF!/100) | Q116: =IF(F116="","","t/m3") | R116: =IF(F116="","",O116*P116) | T116: =IF(F116="","",IF(D116>H116,((D116-H116)*0.02),IF(D116<F116,((F116-D116)*0.02),IF(F116="","",0)))) | U116: =IF(F116="","",IF(D116>H116,((((H116-F116)*20)+I116-G116)/2000),IF(D116>F116,((((D116-F116)*0.02)^2)+(((H116-D116)*0.02)^2))/(2*((H116-F116)*0.02)),((((H116-F116)*20)+I116-G116)/2000)))) | V116: =IF(F116="","",O116*#REF!)
E117: =IF(F117="","","Acost. LE") | J117: =IF(F117="","",((H117-F117)*20)+I117-G117) | N117: =IF(F117="","",(J117*K117)+M117+L117) | O117: =IF(F117="","",N117*#REF!/100) | Q117: =IF(F117="","","t/m3") | R117: =IF(F117="","",O117*P117) | T117: =IF(F117="","",IF(D117>H117,((D117-H117)*0.02),IF(D117<F117,((F117-D117)*0.02),IF(F117="","",0)))) | U117: =IF(F117="","",IF(D117>H117,((((H117-F117)*20)+I117-G117)/2000),IF(D117>F117,((((D117-F117)*0.02)^2)+(((H117-D117)*0.02)^2))/(2*((H117-F117)*0.02)),((((H117-F117)*20)+I117-G117)/2000)))) | V117: =IF(F117="","",O117*#REF!)
... E134: =IF(F134="","","Acost. LE") | J134: =IF(F134="","",((H134-F134)*20)+I134-G134) | N134: =IF(F134="","",(J134*K134)+M134+L134) | O134: =IF(F134="","",N134*#REF!/100) | Q134: =IF(F134="","","t/m3") | R134: =IF(F134="","",O134*P134) | T134: =IF(F134="","",IF(D134>H134,((D134-H134)*0.02),IF(D134<F134,((F134-D134)*0.02),IF(F134="","",0)))) | U134: =IF(F134="","",IF(D134>H134,((((H134-F134)*20)+I134-G134)/2000),IF(D134>F134,((((D134-F134)*0.02)^2)+(((H134-D134)*0.02)^2))/(2*((H134-F134)*0.02)),((((H134-F134)*20)+I134-G134)/2000)))) | V134: =IF(F134="","",O134*#REF!)
J135: =SUM(J100:J134) -> 0 | N135: =SUM(N100:N134) -> 0 | O135: =SUM(O100:O134) -> 0 | R135: =SUM(R100:R134) -> 0 | S135: DMT final = | U135: =V135/O135 -> #DIV/0! | V135: =SUM(V100:V134) -> 0
C136: =+C85 -> #REF! | O136: =R136/1.02 -> #REF! | P136: =+P85 -> #REF! | Q136: % | R136: =+P136*R135/1000 -> #REF!
B138: MEMÓRIA DE CÁLCULO DE QUANTIDADES - CAPA DE ROLAMENTO - ACOSTAMENTO LADO ESQUERDO
B141: Observações | L141: Rodovia: | M141: =+M90 -> #REF! | V141: FOLHA:
L142: Trecho: | M142: =+M91 -> #REF!
L143: Subtrecho: | M143: =+M92 -> #REF! | V143: 01/01
L144: Segmento: | M144: =+M93 -> #REF!
I145: Data : | J145: =TODAY() -> 46063 | L145: Lote | M145: =+M94 -> #REF!
C148: Ocorrência | E148: Destino | F148: Entre Estacas | J148: Exten- | K148: Lar- | L148: Área | M148: Área | N148: Área | P148: Densidade | S148: DMT (Km) | V148: Momento
B149: CAMADA | C149: Origem | D149: Acesso | F149: Inicial | H149: Final | J149: são | K149: gura | L149: Superlargura | M149: Interseções | N149: Total | O149: Volume | P149: ou | R149: Peso | S149: Fixa | T149: Da fonte | U149: No | V149: Transporte
B150: ou Serviço | D150: Est. | F150: Int. | G150: Frac. | H150: Int. | I150: Frac. | J150: (m) | K150: (m) | L150: (m2) | M150: (m2) | N150: (m2) | O150: (m3) | P150: Taxa | R150: (t) | T150: ao Seg | U150: Seg. | V150: (m3 x Km)
B151: =+B100 -> TELA ELETROSOLDADA | C151: #REF! | D151: #REF! | E151: =IF(F151="","","Faixa Adicional LD") -> #REF! | F151: #REF! | G151: #REF! | H151: #REF! | I151: #REF! | J151: =IF(F151="","",((H151-F151)*20)+I151-G151) -> #REF! | K151: #REF! | N151: =IF(F151="","",(J151*K151)+M151+L151) -> #REF! | O151: =IF(F151="","",N151*#REF!/100) -> #REF! | P151: #REF! | Q151: =IF(F151="","","t/m3") -> #REF! | R151: =IF(F151="","",O151*P151) -> #REF! | S151: #REF! | T151: =IF(F151="","",IF(D151>H151,((D151-H151)*0.02),IF(D151<F151,((F151-D151)*0.02),IF(F151="","",0)))) -> #REF! | U151: =IF(F151="","",IF(D151>H151,((((H151-F151)*20)+I151-G151)/2000),IF(D151>F151,((((D151-F151)*0.02)^2)+(((H151-D151)*0.02)^2))/(2*((H151-F151)*0.02)),((((H151-F151)*20)+I151-G151)/2000)))) -> #REF! | V151: =IF(F151="","",O151*#REF!) -> #REF!
C152: #REF! | D152: #REF! | E152: =IF(F152="","","Faixa Adicional LD") -> #REF! | F152: #REF! | G152: #REF! | H152: #REF! | I152: #REF! | J152: =IF(F152="","",((H152-F152)*20)+I152-G152) -> #REF! | K152: #REF! | N152: =IF(F152="","",(J152*K152)+M152+L152) -> #REF! | O152: =IF(F152="","",N152*#REF!/100) -> #REF! | P152: #REF! | Q152: =IF(F152="","","t/m3") -> #REF! | R152: =IF(F152="","",O152*P152) -> #REF! | S152: #REF! | T152: =IF(F152="","",IF(D152>H152,((D152-H152)*0.02),IF(D152<F152,((F152-D152)*0.02),IF(F152="","",0)))) -> #REF! | U152: =IF(F152="","",IF(D152>H152,((((H152-F152)*20)+I152-G152)/2000),IF(D152>F152,((((D152-F152)*0.02)^2)+(((H152-D152)*0.02)^2))/(2*((H152-F152)*0.02)),((((H152-F152)*20)+I152-G152)/2000)))) -> #REF! | V152: =IF(F152="","",O152*#REF!) -> #REF!
B153: =+B102 -> 0 | C153: #REF! | D153: #REF! | E153: =IF(F153="","","Faixa Adicional LD") -> #REF! | F153: #REF! | G153: #REF! | H153: #REF! | I153: #REF! | J153: =IF(F153="","",((H153-F153)*20)+I153-G153) -> #REF! | K153: #REF! | N153: =IF(F153="","",(J153*K153)+M153+L153) -> #REF! | O153: =IF(F153="","",N153*#REF!/100) -> #REF! | P153: #REF! | Q153: =IF(F153="","","t/m3") -> #REF! | R153: =IF(F153="","",O153*P153) -> #REF! | S153: #REF! | T153: =IF(F153="","",IF(D153>H153,((D153-H153)*0.02),IF(D153<F153,((F153-D153)*0.02),IF(F153="","",0)))) -> #REF! | U153: =IF(F153="","",IF(D153>H153,((((H153-F153)*20)+I153-G153)/2000),IF(D153>F153,((((D153-F153)*0.02)^2)+(((H153-D153)*0.02)^2))/(2*((H153-F153)*0.02)),((((H153-F153)*20)+I153-G153)/2000)))) -> #REF! | V153: =IF(F153="","",O153*#REF!) -> #REF!
C154: #REF! | D154: #REF! | E154: =IF(F154="","","Faixa Adicional LD") -> #REF! | F154: #REF! | G154: #REF! | H154: #REF! | I154: #REF! | J154: =IF(F154="","",((H154-F154)*20)+I154-G154) -> #REF! | K154: #REF! | N154: =IF(F154="","",(J154*K154)+M154+L154) -> #REF! | O154: =IF(F154="","",N154*#REF!/100) -> #REF! | P154: #REF! | Q154: =IF(F154="","","t/m3") -> #REF! | R154: =IF(F154="","",O154*P154) -> #REF! | S154: #REF! | T154: =IF(F154="","",IF(D154>H154,((D154-H154)*0.02),IF(D154<F154,((F154-D154)*0.02),IF(F154="","",0)))) -> #REF! | U154: =IF(F154="","",IF(D154>H154,((((H154-F154)*20)+I154-G154)/2000),IF(D154>F154,((((D154-F154)*0.02)^2)+(((H154-D154)*0.02)^2))/(2*((H154-F154)*0.02)),((((H154-F154)*20)+I154-G154)/2000)))) -> #REF! | V154: =IF(F154="","",O154*#REF!) -> #REF!
C155: #REF! | D155: #REF! | E155: =IF(F155="","","Faixa Adicional LD") -> #REF! | F155: #REF! | G155: #REF! | H155: #REF! | I155: #REF! | J155: =IF(F155="","",((H155-F155)*20)+I155-G155) -> #REF! | K155: #REF! | N155: =IF(F155="","",(J155*K155)+M155+L155) -> #REF! | O155: =IF(F155="","",N155*#REF!/100) -> #REF! | P155: #REF! | Q155: =IF(F155="","","t/m3") -> #REF! | R155: =IF(F155="","",O155*P155) -> #REF! | S155: #REF! | T155: =IF(F155="","",IF(D155>H155,((D155-H155)*0.02),IF(D155<F155,((F155-D155)*0.02),IF(F155="","",0)))) -> #REF! | U155: =IF(F155="","",IF(D155>H155,((((H155-F155)*20)+I155-G155)/2000),IF(D155>F155,((((D155-F155)*0.02)^2)+(((H155-D155)*0.02)^2))/(2*((H155-F155)*0.02)),((((H155-F155)*20)+I155-G155)/2000)))) -> #REF! | V155: =IF(F155="","",O155*#REF!) -> #REF!
C156: #REF! | D156: #REF! | E156: =IF(F156="","","Faixa Adicional LD") -> #REF! | F156: #REF! | G156: #REF! | H156: #REF! | I156: #REF! | J156: =IF(F156="","",((H156-F156)*20)+I156-G156) -> #REF! | K156: #REF! | N156: =IF(F156="","",(J156*K156)+M156+L156) -> #REF! | O156: =IF(F156="","",N156*#REF!/100) -> #REF! | P156: #REF! | Q156: =IF(F156="","","t/m3") -> #REF! | R156: =IF(F156="","",O156*P156) -> #REF! | S156: #REF! | T156: =IF(F156="","",IF(D156>H156,((D156-H156)*0.02),IF(D156<F156,((F156-D156)*0.02),IF(F156="","",0)))) -> #REF! | U156: =IF(F156="","",IF(D156>H156,((((H156-F156)*20)+I156-G156)/2000),IF(D156>F156,((((D156-F156)*0.02)^2)+(((H156-D156)*0.02)^2))/(2*((H156-F156)*0.02)),((((H156-F156)*20)+I156-G156)/2000)))) -> #REF! | V156: =IF(F156="","",O156*#REF!) -> #REF!
C157: #REF! | D157: #REF! | E157: =IF(F157="","","Faixa Adicional LD") -> #REF! | F157: #REF! | G157: #REF! | H157: #REF! | I157: #REF! | J157: =IF(F157="","",((H157-F157)*20)+I157-G157) -> #REF! | K157: #REF! | N157: =IF(F157="","",(J157*K157)+M157+L157) -> #REF! | O157: =IF(F157="","",N157*#REF!/100) -> #REF! | P157: #REF! | Q157: =IF(F157="","","t/m3") -> #REF! | R157: =IF(F157="","",O157*P157) -> #REF! | S157: #REF! | T157: =IF(F157="","",IF(D157>H157,((D157-H157)*0.02),IF(D157<F157,((F157-D157)*0.02),IF(F157="","",0)))) -> #REF! | U157: =IF(F157="","",IF(D157>H157,((((H157-F157)*20)+I157-G157)/2000),IF(D157>F157,((((D157-F157)*0.02)^2)+(((H157-D157)*0.02)^2))/(2*((H157-F157)*0.02)),((((H157-F157)*20)+I157-G157)/2000)))) -> #REF! | V157: =IF(F157="","",O157*#REF!) -> #REF!
C158: #REF! | D158: #REF! | E158: =IF(F158="","","Faixa Adicional LD") -> #REF! | F158: #REF! | G158: #REF! | H158: #REF! | I158: #REF! | J158: =IF(F158="","",((H158-F158)*20)+I158-G158) -> #REF! | K158: #REF! | N158: =IF(F158="","",(J158*K158)+M158+L158) -> #REF! | O158: =IF(F158="","",N158*#REF!/100) -> #REF! | P158: #REF! | Q158: =IF(F158="","","t/m3") -> #REF! | R158: =IF(F158="","",O158*P158) -> #REF! | S158: #REF! | T158: =IF(F158="","",IF(D158>H158,((D158-H158)*0.02),IF(D158<F158,((F158-D158)*0.02),IF(F158="","",0)))) -> #REF! | U158: =IF(F158="","",IF(D158>H158,((((H158-F158)*20)+I158-G158)/2000),IF(D158>F158,((((D158-F158)*0.02)^2)+(((H158-D158)*0.02)^2))/(2*((H158-F158)*0.02)),((((H158-F158)*20)+I158-G158)/2000)))) -> #REF! | V158: =IF(F158="","",O158*#REF!) -> #REF!
C159: #REF! | D159: #REF! | E159: =IF(F159="","","Faixa Adicional LD") -> #REF! | F159: #REF! | G159: #REF! | H159: #REF! | I159: #REF! | J159: =IF(F159="","",((H159-F159)*20)+I159-G159) -> #REF! | K159: #REF! | N159: =IF(F159="","",(J159*K159)+M159+L159) -> #REF! | O159: =IF(F159="","",N159*#REF!/100) -> #REF! | P159: #REF! | Q159: =IF(F159="","","t/m3") -> #REF! | R159: =IF(F159="","",O159*P159) -> #REF! | S159: #REF! | T159: =IF(F159="","",IF(D159>H159,((D159-H159)*0.02),IF(D159<F159,((F159-D159)*0.02),IF(F159="","",0)))) -> #REF! | U159: =IF(F159="","",IF(D159>H159,((((H159-F159)*20)+I159-G159)/2000),IF(D159>F159,((((D159-F159)*0.02)^2)+(((H159-D159)*0.02)^2))/(2*((H159-F159)*0.02)),((((H159-F159)*20)+I159-G159)/2000)))) -> #REF! | V159: =IF(F159="","",O159*#REF!) -> #REF!
C160: #REF! | D160: #REF! | E160: =IF(F160="","","Faixa Adicional LD") -> #REF! | F160: #REF! | G160: #REF! | H160: #REF! | I160: #REF! | J160: =IF(F160="","",((H160-F160)*20)+I160-G160) -> #REF! | K160: #REF! | N160: =IF(F160="","",(J160*K160)+M160+L160) -> #REF! | O160: =IF(F160="","",N160*#REF!/100) -> #REF! | P160: #REF! | Q160: =IF(F160="","","t/m3") -> #REF! | R160: =IF(F160="","",O160*P160) -> #REF! | S160: #REF! | T160: =IF(F160="","",IF(D160>H160,((D160-H160)*0.02),IF(D160<F160,((F160-D160)*0.02),IF(F160="","",0)))) -> #REF! | U160: =IF(F160="","",IF(D160>H160,((((H160-F160)*20)+I160-G160)/2000),IF(D160>F160,((((D160-F160)*0.02)^2)+(((H160-D160)*0.02)^2))/(2*((H160-F160)*0.02)),((((H160-F160)*20)+I160-G160)/2000)))) -> #REF! | V160: =IF(F160="","",O160*#REF!) -> #REF!
C161: #REF! | D161: #REF! | E161: =IF(F161="","","Faixa Adicional LD") -> #REF! | F161: #REF! | G161: #REF! | H161: #REF! | I161: #REF! | J161: =IF(F161="","",((H161-F161)*20)+I161-G161) -> #REF! | K161: #REF! | N161: =IF(F161="","",(J161*K161)+M161+L161) -> #REF! | O161: =IF(F161="","",N161*#REF!/100) -> #REF! | P161: #REF! | Q161: =IF(F161="","","t/m3") -> #REF! | R161: =IF(F161="","",O161*P161) -> #REF! | S161: #REF! | T161: =IF(F161="","",IF(D161>H161,((D161-H161)*0.02),IF(D161<F161,((F161-D161)*0.02),IF(F161="","",0)))) -> #REF! | U161: =IF(F161="","",IF(D161>H161,((((H161-F161)*20)+I161-G161)/2000),IF(D161>F161,((((D161-F161)*0.02)^2)+(((H161-D161)*0.02)^2))/(2*((H161-F161)*0.02)),((((H161-F161)*20)+I161-G161)/2000)))) -> #REF! | V161: =IF(F161="","",O161*#REF!) -> #REF!
C162: #REF! | D162: #REF! | E162: =IF(F162="","","Faixa Adicional LD") -> #REF! | F162: #REF! | G162: #REF! | H162: #REF! | I162: #REF! | J162: =IF(F162="","",((H162-F162)*20)+I162-G162) -> #REF! | K162: #REF! | N162: =IF(F162="","",(J162*K162)+M162+L162) -> #REF! | O162: =IF(F162="","",N162*#REF!/100) -> #REF! | P162: #REF! | Q162: =IF(F162="","","t/m3") -> #REF! | R162: =IF(F162="","",O162*P162) -> #REF! | S162: #REF! | T162: =IF(F162="","",IF(D162>H162,((D162-H162)*0.02),IF(D162<F162,((F162-D162)*0.02),IF(F162="","",0)))) -> #REF! | U162: =IF(F162="","",IF(D162>H162,((((H162-F162)*20)+I162-G162)/2000),IF(D162>F162,((((D162-F162)*0.02)^2)+(((H162-D162)*0.02)^2))/(2*((H162-F162)*0.02)),((((H162-F162)*20)+I162-G162)/2000)))) -> #REF! | V162: =IF(F162="","",O162*#REF!) -> #REF!
C163: #REF! | D163: #REF! | E163: =IF(F163="","","Faixa Adicional LD") -> #REF! | F163: #REF! | G163: #REF! | H163: #REF! | I163: #REF! | J163: =IF(F163="","",((H163-F163)*20)+I163-G163) -> #REF! | K163: #REF! | N163: =IF(F163="","",(J163*K163)+M163+L163) -> #REF! | O163: =IF(F163="","",N163*#REF!/100) -> #REF! | P163: #REF! | Q163: =IF(F163="","","t/m3") -> #REF! | R163: =IF(F163="","",O163*P163) -> #REF! | S163: #REF! | T163: =IF(F163="","",IF(D163>H163,((D163-H163)*0.02),IF(D163<F163,((F163-D163)*0.02),IF(F163="","",0)))) -> #REF! | U163: =IF(F163="","",IF(D163>H163,((((H163-F163)*20)+I163-G163)/2000),IF(D163>F163,((((D163-F163)*0.02)^2)+(((H163-D163)*0.02)^2))/(2*((H163-F163)*0.02)),((((H163-F163)*20)+I163-G163)/2000)))) -> #REF! | V163: =IF(F163="","",O163*#REF!) -> #REF!
C164: #REF! | D164: #REF! | E164: =IF(F164="","","Faixa Adicional LD") -> #REF! | F164: #REF! | G164: #REF! | H164: #REF! | I164: #REF! | J164: =IF(F164="","",((H164-F164)*20)+I164-G164) -> #REF! | K164: #REF! | N164: =IF(F164="","",(J164*K164)+M164+L164) -> #REF! | O164: =IF(F164="","",N164*#REF!/100) -> #REF! | P164: #REF! | Q164: =IF(F164="","","t/m3") -> #REF! | R164: =IF(F164="","",O164*P164) -> #REF! | S164: #REF! | T164: =IF(F164="","",IF(D164>H164,((D164-H164)*0.02),IF(D164<F164,((F164-D164)*0.02),IF(F164="","",0)))) -> #REF! | U164: =IF(F164="","",IF(D164>H164,((((H164-F164)*20)+I164-G164)/2000),IF(D164>F164,((((D164-F164)*0.02)^2)+(((H164-D164)*0.02)^2))/(2*((H164-F164)*0.02)),((((H164-F164)*20)+I164-G164)/2000)))) -> #REF! | V164: =IF(F164="","",O164*#REF!) -> #REF!
C165: #REF! | D165: #REF! | E165: =IF(F165="","","Faixa Adicional LD") -> #REF! | F165: #REF! | G165: #REF! | H165: #REF! | I165: #REF! | J165: =IF(F165="","",((H165-F165)*20)+I165-G165) -> #REF! | K165: #REF! | N165: =IF(F165="","",(J165*K165)+M165+L165) -> #REF! | O165: =IF(F165="","",N165*#REF!/100) -> #REF! | P165: #REF! | Q165: =IF(F165="","","t/m3") -> #REF! | R165: =IF(F165="","",O165*P165) -> #REF! | S165: #REF! | T165: =IF(F165="","",IF(D165>H165,((D165-H165)*0.02),IF(D165<F165,((F165-D165)*0.02),IF(F165="","",0)))) -> #REF! | U165: =IF(F165="","",IF(D165>H165,((((H165-F165)*20)+I165-G165)/2000),IF(D165>F165,((((D165-F165)*0.02)^2)+(((H165-D165)*0.02)^2))/(2*((H165-F165)*0.02)),((((H165-F165)*20)+I165-G165)/2000)))) -> #REF! | V165: =IF(F165="","",O165*#REF!) -> #REF!
... C185: #REF! | D185: #REF! | E185: =IF(F185="","","Faixa Adicional LD") -> #REF! | F185: #REF! | G185: #REF! | H185: #REF! | I185: #REF! | J185: =IF(F185="","",((H185-F185)*20)+I185-G185) -> #REF! | K185: #REF! | N185: =IF(F185="","",(J185*K185)+M185+L185) -> #REF! | O185: =IF(F185="","",N185*#REF!/100) -> #REF! | P185: #REF! | Q185: =IF(F185="","","t/m3") -> #REF! | R185: =IF(F185="","",O185*P185) -> #REF! | S185: #REF! | T185: =IF(F185="","",IF(D185>H185,((D185-H185)*0.02),IF(D185<F185,((F185-D185)*0.02),IF(F185="","",0)))) -> #REF! | U185: =IF(F185="","",IF(D185>H185,((((H185-F185)*20)+I185-G185)/2000),IF(D185>F185,((((D185-F185)*0.02)^2)+(((H185-D185)*0.02)^2))/(2*((H185-F185)*0.02)),((((H185-F185)*20)+I185-G185)/2000)))) -> #REF! | V185: =IF(F185="","",O185*#REF!) -> #REF!
J186: =SUM(J151:J185) -> #REF! | N186: =SUM(N151:N185) -> #REF! | O186: =SUM(O151:O185) -> #REF! | R186: =SUM(R151:R185) -> #REF! | S186: DMT final = | U186: =V186/O186 -> #REF! | V186: =SUM(V151:V185) -> #REF!
C187: =+C136 -> #REF! | O187: =R187/1.02 -> #REF! | P187: =+P136 -> #REF! | Q187: % | R187: =+P187*R186/1000 -> #REF!
B189: MEMÓRIA DE CÁLCULO DE QUANTIDADES - CAPA DE ROLAMENTO - FAIXA ADICIONAL LADO DIREITO
B192: Observações | L192: Rodovia: | M192: =+M141 -> #REF! | V192: FOLHA:
L193: Trecho: | M193: =+M142 -> #REF!
L194: Subtrecho: | M194: =+M143 -> #REF! | V194: 01/01
L195: Segmento: | M195: =+M144 -> #REF!
I196: Data : | J196: =TODAY() -> 46063 | L196: Lote | M196: =+M145 -> #REF!
C199: Ocorrência | E199: Destino | F199: Entre Estacas | J199: Exten- | K199: Lar- | L199: Área | M199: Área | N199: Área | P199: Densidade | S199: DMT (Km) | V199: Momento
B200: CAMADA | C200: Origem | D200: Acesso | F200: Inicial | H200: Final | J200: são | K200: gura | L200: Superlargura | M200: Interseções | N200: Total | O200: Volume | P200: ou | R200: Peso | S200: Fixa | T200: Da fonte | U200: No | V200: Transporte
B201: ou Serviço | D201: Est. | F201: Int. | G201: Frac. | H201: Int. | I201: Frac. | J201: (m) | K201: (m) | L201: (m2) | M201: (m2) | N201: (m2) | O201: (m3) | P201: Taxa | R201: (t) | T201: ao Seg | U201: Seg. | V201: (m3 x Km)
B202: =+B151 -> TELA ELETROSOLDADA | C202: #REF! | D202: #REF! | E202: =IF(F202="","","Faixa Adicional LE") -> #REF! | F202: #REF! | G202: #REF! | H202: #REF! | I202: #REF! | J202: =IF(F202="","",((H202-F202)*20)+I202-G202) -> #REF! | K202: #REF! | N202: =IF(F202="","",(J202*K202)+M202+L202) -> #REF! | O202: =IF(F202="","",N202*#REF!/100) -> #REF! | P202: #REF! | Q202: =IF(F202="","","t/m3") -> #REF! | R202: =IF(F202="","",O202*P202) -> #REF! | S202: #REF! | T202: =IF(F202="","",IF(D202>H202,((D202-H202)*0.02),IF(D202<F202,((F202-D202)*0.02),IF(F202="","",0)))) -> #REF! | U202: =IF(F202="","",IF(D202>H202,((((H202-F202)*20)+I202-G202)/2000),IF(D202>F202,((((D202-F202)*0.02)^2)+(((H202-D202)*0.02)^2))/(2*((H202-F202)*0.02)),((((H202-F202)*20)+I202-G202)/2000)))) -> #REF! | V202: =IF(F202="","",O202*#REF!) -> #REF!
C203: #REF! | D203: #REF! | E203: =IF(F203="","","Faixa Adicional LE") -> #REF! | F203: #REF! | G203: #REF! | H203: #REF! | I203: #REF! | J203: =IF(F203="","",((H203-F203)*20)+I203-G203) -> #REF! | K203: #REF! | N203: =IF(F203="","",(J203*K203)+M203+L203) -> #REF! | O203: =IF(F203="","",N203*#REF!/100) -> #REF! | P203: #REF! | Q203: =IF(F203="","","t/m3") -> #REF! | R203: =IF(F203="","",O203*P203) -> #REF! | S203: #REF! | T203: =IF(F203="","",IF(D203>H203,((D203-H203)*0.02),IF(D203<F203,((F203-D203)*0.02),IF(F203="","",0)))) -> #REF! | U203: =IF(F203="","",IF(D203>H203,((((H203-F203)*20)+I203-G203)/2000),IF(D203>F203,((((D203-F203)*0.02)^2)+(((H203-D203)*0.02)^2))/(2*((H203-F203)*0.02)),((((H203-F203)*20)+I203-G203)/2000)))) -> #REF! | V203: =IF(F203="","",O203*#REF!) -> #REF!
...

Sheet MC serragem
C2: Ocorrência | E2: Destino | F2: Entre Estacas | J2: Exten- | K2: Espaçamento | L2: Posição | M2: Comprimento Total
B3: SERVIÇO | C3: Origem | D3: Acesso | F3: Inicial | H3: Final | J3: são
D4: Est. | F4: Int. | G4: Frac. | H4: Int. | I4: Frac. | J4: (m) | K4: (m) | L4: (m) | M4: (m)
B5: SERRAGEM DE JUNTAS | E5: Pista - LE Duplicação | F5: 15 | G5: 9.67 | H5: 176 | I5: 12.12 | J5: =IF(F5="","",((H5-F5)*20)+I5-G5) -> 3222.45 | K5: 5 | L5: Transversal | M5: 8204.55 | Z5: =7.2+2.5+0.6 -> 10.3 | AA5: =(J5/K5)*L5 -> #VALUE!
E6: Pista - LE Duplicação | F6: 15 | G6: 9.67 | H6: 176 | I6: 12.12 | J6: 3222.45 | L6: Longitudinal | M6: 11475.09
Z8: =+#REF!+#REF!+#REF! -> #REF!
Z9: 8.6
Z10: 0.3
Z11: =+Z8*Z9*Z10 -> #REF!
J34: =J5 -> 3222.45 | K34: =K5 -> 5 | L34: =SUM(L5:L33) -> 0 | M34: =SUM(M5:M33) -> 19679.64
B37: MEMÓRIA DE CÁLCULO DE QUANTIDADES - SERRAGEM DE JUNTAS (QUANTITATIVOS EXTRAÍDOS DO CAD)
C42: Ocorrência | E42: Destino | F42: Entre Estacas | J42: Exten- | K42: Lar- | L42: Área | M42: Área | N42: Área | P42: Densidade | S42: DMT (Km) | W42: Momento
B43: CAMADA | C43: Origem | D43: Acesso | F43: Inicial | H43: Final | J43: são | K43: gura | L43: Superlargura | M43: Interseções | N43: Total | O43: Volume | P43: ou | R43: Peso | S43: Fixa | T43: Da fonte | U43: No | V43: DMT | W43: Transporte
B44: ou Serviço | D44: Est. | F44: Int. | G44: Frac. | H44: Int. | I44: Frac. | J44: (m) | K44: (m) | L44: (m2) | M44: (m2) | N44: (m2) | O44: (m3) | P44: Taxa | R44: (t) | T44: ao Seg | U44: Seg. | V44: Seg. | W44: (m3 x Km)
B45: =+#REF! -> #REF!
B47: =+#REF! -> #REF!
E51: =IF(F51="","","Acost. LD") | J51: =IF(F51="","",((H51-F51)*20)+I51-G51) | N51: =IF(F51="","",(J51*K51)+M51+L51) | O51: =IF(F51="","",N51*#REF!/100) | Q51: =IF(F51="","","t/m3") | R51: =IF(F51="","",O51*P51) | T51: =IF(F51="","",IF(D51>H51,((D51-H51)*0.02),IF(D51<F51,((F51-D51)*0.02),IF(F51="","",0)))) | U51: =IF(F51="","",IF(D51>H51,((((H51-F51)*20)+I51-G51)/2000),IF(D51>F51,((((D51-F51)*0.02)^2)+(((H51-D51)*0.02)^2))/(2*((H51-F51)*0.02)),((((H51-F51)*20)+I51-G51)/2000)))) | V51: =IF(F51="","",S51+T51+U51) | W51: =IF(F51="","",O51*V51)
E52: =IF(F52="","","Acost. LD") | J52: =IF(F52="","",((H52-F52)*20)+I52-G52) | N52: =IF(F52="","",(J52*K52)+M52+L52) | O52: =IF(F52="","",N52*#REF!/100) | Q52: =IF(F52="","","t/m3") | R52: =IF(F52="","",O52*P52) | T52: =IF(F52="","",IF(D52>H52,((D52-H52)*0.02),IF(D52<F52,((F52-D52)*0.02),IF(F52="","",0)))) | U52: =IF(F52="","",IF(D52>H52,((((H52-F52)*20)+I52-G52)/2000),IF(D52>F52,((((D52-F52)*0.02)^2)+(((H52-D52)*0.02)^2))/(2*((H52-F52)*0.02)),((((H52-F52)*20)+I52-G52)/2000)))) | V52: =IF(F52="","",S52+T52+U52) | W52: =IF(F52="","",O52*V52)
E53: =IF(F53="","","Acost. LD") | J53: =IF(F53="","",((H53-F53)*20)+I53-G53) | N53: =IF(F53="","",(J53*K53)+M53+L53) | O53: =IF(F53="","",N53*#REF!/100) | Q53: =IF(F53="","","t/m3") | R53: =IF(F53="","",O53*P53) | T53: =IF(F53="","",IF(D53>H53,((D53-H53)*0.02),IF(D53<F53,((F53-D53)*0.02),IF(F53="","",0)))) | U53: =IF(F53="","",IF(D53>H53,((((H53-F53)*20)+I53-G53)/2000),IF(D53>F53,((((D53-F53)*0.02)^2)+(((H53-D53)*0.02)^2))/(2*((H53-F53)*0.02)),((((H53-F53)*20)+I53-G53)/2000)))) | V53: =IF(F53="","",S53+T53+U53) | W53: =IF(F53="","",O53*V53)
E54: =IF(F54="","","Acost. LD") | J54: =IF(F54="","",((H54-F54)*20)+I54-G54) | N54: =IF(F54="","",(J54*K54)+M54+L54) | O54: =IF(F54="","",N54*#REF!/100) | Q54: =IF(F54="","","t/m3") | R54: =IF(F54="","",O54*P54) | T54: =IF(F54="","",IF(D54>H54,((D54-H54)*0.02),IF(D54<F54,((F54-D54)*0.02),IF(F54="","",0)))) | U54: =IF(F54="","",IF(D54>H54,((((H54-F54)*20)+I54-G54)/2000),IF(D54>F54,((((D54-F54)*0.02)^2)+(((H54-D54)*0.02)^2))/(2*((H54-F54)*0.02)),((((H54-F54)*20)+I54-G54)/2000)))) | V54: =IF(F54="","",S54+T54+U54) | W54: =IF(F54="","",O54*V54)
E55: =IF(F55="","","Acost. LD") | J55: =IF(F55="","",((H55-F55)*20)+I55-G55) | N55: =IF(F55="","",(J55*K55)+M55+L55) | O55: =IF(F55="","",N55*#REF!/100) | Q55: =IF(F55="","","t/m3") | R55: =IF(F55="","",O55*P55) | T55: =IF(F55="","",IF(D55>H55,((D55-H55)*0.02),IF(D55<F55,((F55-D55)*0.02),IF(F55="","",0)))) | U55: =IF(F55="","",IF(D55>H55,((((H55-F55)*20)+I55-G55)/2000),IF(D55>F55,((((D55-F55)*0.02)^2)+(((H55-D55)*0.02)^2))/(2*((H55-F55)*0.02)),((((H55-F55)*20)+I55-G55)/2000)))) | V55: =IF(F55="","",S55+T55+U55) | W55: =IF(F55="","",O55*V55)
E56: =IF(F56="","","Acost. LD") | J56: =IF(F56="","",((H56-F56)*20)+I56-G56) | N56: =IF(F56="","",(J56*K56)+M56+L56) | O56: =IF(F56="","",N56*#REF!/100) | Q56: =IF(F56="","","t/m3") | R56: =IF(F56="","",O56*P56) | T56: =IF(F56="","",IF(D56>H56,((D56-H56)*0.02),IF(D56<F56,((F56-D56)*0.02),IF(F56="","",0)))) | U56: =IF(F56="","",IF(D56>H56,((((H56-F56)*20)+I56-G56)/2000),IF(D56>F56,((((D56-F56)*0.02)^2)+(((H56-D56)*0.02)^2))/(2*((H56-F56)*0.02)),((((H56-F56)*20)+I56-G56)/2000)))) | V56: =IF(F56="","",S56+T56+U56) | W56: =IF(F56="","",O56*V56)
E57: =IF(F57="","","Acost. LD") | J57: =IF(F57="","",((H57-F57)*20)+I57-G57) | N57: =IF(F57="","",(J57*K57)+M57+L57) | O57: =IF(F57="","",N57*#REF!/100) | Q57: =IF(F57="","","t/m3") | R57: =IF(F57="","",O57*P57) | T57: =IF(F57="","",IF(D57>H57,((D57-H57)*0.02),IF(D57<F57,((F57-D57)*0.02),IF(F57="","",0)))) | U57: =IF(F57="","",IF(D57>H57,((((H57-F57)*20)+I57-G57)/2000),IF(D57>F57,((((D57-F57)*0.02)^2)+(((H57-D57)*0.02)^2))/(2*((H57-F57)*0.02)),((((H57-F57)*20)+I57-G57)/2000)))) | V57: =IF(F57="","",S57+T57+U57) | W57: =IF(F57="","",O57*V57)
E58: =IF(F58="","","Acost. LD") | J58: =IF(F58="","",((H58-F58)*20)+I58-G58) | N58: =IF(F58="","",(J58*K58)+M58+L58) | O58: =IF(F58="","",N58*#REF!/100) | Q58: =IF(F58="","","t/m3") | R58: =IF(F58="","",O58*P58) | T58: =IF(F58="","",IF(D58>H58,((D58-H58)*0.02),IF(D58<F58,((F58-D58)*0.02),IF(F58="","",0)))) | U58: =IF(F58="","",IF(D58>H58,((((H58-F58)*20)+I58-G58)/2000),IF(D58>F58,((((D58-F58)*0.02)^2)+(((H58-D58)*0.02)^2))/(2*((H58-F58)*0.02)),((((H58-F58)*20)+I58-G58)/2000)))) | V58: =IF(F58="","",S58+T58+U58) | W58: =IF(F58="","",O58*V58)
E59: =IF(F59="","","Acost. LD") | J59: =IF(F59="","",((H59-F59)*20)+I59-G59) | N59: =IF(F59="","",(J59*K59)+M59+L59) | O59: =IF(F59="","",N59*#REF!/100) | Q59: =IF(F59="","","t/m3") | R59: =IF(F59="","",O59*P59) | T59: =IF(F59="","",IF(D59>H59,((D59-H59)*0.02),IF(D59<F59,((F59-D59)*0.02),IF(F59="","",0)))) | U59: =IF(F59="","",IF(D59>H59,((((H59-F59)*20)+I59-G59)/2000),IF(D59>F59,((((D59-F59)*0.02)^2)+(((H59-D59)*0.02)^2))/(2*((H59-F59)*0.02)),((((H59-F59)*20)+I59-G59)/2000)))) | V59: =IF(F59="","",S59+T59+U59) | W59: =IF(F59="","",O59*V59)
E60: =IF(F60="","","Acost. LD") | J60: =IF(F60="","",((H60-F60)*20)+I60-G60) | N60: =IF(F60="","",(J60*K60)+M60+L60) | O60: =IF(F60="","",N60*#REF!/100) | Q60: =IF(F60="","","t/m3") | R60: =IF(F60="","",O60*P60) | T60: =IF(F60="","",IF(D60>H60,((D60-H60)*0.02),IF(D60<F60,((F60-D60)*0.02),IF(F60="","",0)))) | U60: =IF(F60="","",IF(D60>H60,((((H60-F60)*20)+I60-G60)/2000),IF(D60>F60,((((D60-F60)*0.02)^2)+(((H60-D60)*0.02)^2))/(2*((H60-F60)*0.02)),((((H60-F60)*20)+I60-G60)/2000)))) | V60: =IF(F60="","",S60+T60+U60) | W60: =IF(F60="","",O60*V60)
E61: =IF(F61="","","Acost. LD") | J61: =IF(F61="","",((H61-F61)*20)+I61-G61) | N61: =IF(F61="","",(J61*K61)+M61+L61) | O61: =IF(F61="","",N61*#REF!/100) | Q61: =IF(F61="","","t/m3") | R61: =IF(F61="","",O61*P61) | T61: =IF(F61="","",IF(D61>H61,((D61-H61)*0.02),IF(D61<F61,((F61-D61)*0.02),IF(F61="","",0)))) | U61: =IF(F61="","",IF(D61>H61,((((H61-F61)*20)+I61-G61)/2000),IF(D61>F61,((((D61-F61)*0.02)^2)+(((H61-D61)*0.02)^2))/(2*((H61-F61)*0.02)),((((H61-F61)*20)+I61-G61)/2000)))) | V61: =IF(F61="","",S61+T61+U61) | W61: =IF(F61="","",O61*V61)
E62: =IF(F62="","","Acost. LD") | J62: =IF(F62="","",((H62-F62)*20)+I62-G62) | N62: =IF(F62="","",(J62*K62)+M62+L62) | O62: =IF(F62="","",N62*#REF!/100) | Q62: =IF(F62="","","t/m3") | R62: =IF(F62="","",O62*P62) | T62: =IF(F62="","",IF(D62>H62,((D62-H62)*0.02),IF(D62<F62,((F62-D62)*0.02),IF(F62="","",0)))) | U62: =IF(F62="","",IF(D62>H62,((((H62-F62)*20)+I62-G62)/2000),IF(D62>F62,((((D62-F62)*0.02)^2)+(((H62-D62)*0.02)^2))/(2*((H62-F62)*0.02)),((((H62-F62)*20)+I62-G62)/2000)))) | V62: =IF(F62="","",S62+T62+U62) | W62: =IF(F62="","",O62*V62)
... E79: =IF(F79="","","Acost. LD") | J79: =IF(F79="","",((H79-F79)*20)+I79-G79) | N79: =IF(F79="","",(J79*K79)+M79+L79) | O79: =IF(F79="","",N79*#REF!/100) | Q79: =IF(F79="","","t/m3") | R79: =IF(F79="","",O79*P79) | T79: =IF(F79="","",IF(D79>H79,((D79-H79)*0.02),IF(D79<F79,((F79-D79)*0.02),IF(F79="","",0)))) | U79: =IF(F79="","",IF(D79>H79,((((H79-F79)*20)+I79-G79)/2000),IF(D79>F79,((((D79-F79)*0.02)^2)+(((H79-D79)*0.02)^2))/(2*((H79-F79)*0.02)),((((H79-F79)*20)+I79-G79)/2000)))) | V79: =IF(F79="","",S79+T79+U79) | W79: =IF(F79="","",O79*V79)
J80: =SUM(J45:J79) -> 0 | N80: =SUM(N45:N79) -> 0 | O80: =SUM(O45:O79) -> 0 | R80: =SUM(R45:R79) -> 0 | S80: DMT final = | U80: =W80/O80 -> #DIV/0! | V80: Km | W80: =SUM(W45:W79) -> 0
C81: =+C35 -> 0 | O81: =R81/1.02 -> 0 | P81: =+P35 -> 0 | Q81: % | R81: =+P81*R80/1000 -> 0
B83: MEMÓRIA DE CÁLCULO DE QUANTIDADES - CAPA DE ROLAMENTO - ACOSTAMENTO LADO DIREITO
B86: Observações | L86: Rodovia: | M86: =+#REF! -> #REF! | W86: FOLHA:
L87: Trecho: | M87: =+#REF! -> #REF!
L88: Subtrecho: | M88: =+#REF! -> #REF! | W88: 01/01
L89: Segmento: | M89: =+#REF! -> #REF!
I90: Data : | J90: =TODAY() -> 46063 | L90: Lote | M90: =+#REF! -> #REF!
C93: Ocorrência | E93: Destino | F93: Entre Estacas | J93: Exten- | K93: Lar- | L93: Área | M93: Área | N93: Área | P93: Densidade | S93: DMT (Km) | W93: Momento
B94: CAMADA | C94: Origem | D94: Acesso | F94: Inicial | H94: Final | J94: são | K94: gura | L94: Superlargura | M94: Interseções | N94: Total | O94: Volume | P94: ou | R94: Peso | S94: Fixa | T94: Da fonte | U94: No | V94: DMT | W94: Transporte
B95: ou Serviço | D95: Est. | F95: Int. | G95: Frac. | H95: Int. | I95: Frac. | J95: (m) | K95: (m) | L95: (m2) | M95: (m2) | N95: (m2) | O95: (m3) | P95: Taxa | R95: (t) | T95: ao Seg | U95: Seg. | V95: Seg. | W95: (m3 x Km)
B96: =+B45 -> #REF! | E96: =IF(F96="","","Acost. LE") | N96: =IF(F96="","",(J96*K96)+M96+L96) | O96: =IF(F96="","",N96*#REF!/100) | Q96: =IF(F96="","","t/m3") | R96: =IF(F96="","",O96*P96) | T96: =IF(F96="","",IF(D96>H96,((D96-H96)*0.02),IF(D96<F96,((F96-D96)*0.02),IF(F96="","",0)))) | U96: =IF(F96="","",IF(D96>H96,((((H96-F96)*20)+I96-G96)/2000),IF(D96>F96,((((D96-F96)*0.02)^2)+(((H96-D96)*0.02)^2))/(2*((H96-F96)*0.02)),((((H96-F96)*20)+I96-G96)/2000)))) | V96: =IF(F96="","",S96+T96+U96) | W96: =IF(F96="","",O96*V96)
E97: =IF(F97="","","Acost. LE") | N97: =IF(F97="","",(J97*K97)+M97+L97) | O97: =IF(F97="","",N97*#REF!/100) | Q97: =IF(F97="","","t/m3") | R97: =IF(F97="","",O97*P97) | T97: =IF(F97="","",IF(D97>H97,((D97-H97)*0.02),IF(D97<F97,((F97-D97)*0.02),IF(F97="","",0)))) | U97: =IF(F97="","",IF(D97>H97,((((H97-F97)*20)+I97-G97)/2000),IF(D97>F97,((((D97-F97)*0.02)^2)+(((H97-D97)*0.02)^2))/(2*((H97-F97)*0.02)),((((H97-F97)*20)+I97-G97)/2000)))) | V97: =IF(F97="","",S97+T97+U97) | W97: =IF(F97="","",O97*V97)
B98: =+B47 -> #REF! | E98: =IF(F98="","","Acost. LE") | N98: =IF(F98="","",(J98*K98)+M98+L98) | O98: =IF(F98="","",N98*#REF!/100) | Q98: =IF(F98="","","t/m3") | R98: =IF(F98="","",O98*P98) | T98: =IF(F98="","",IF(D98>H98,((D98-H98)*0.02),IF(D98<F98,((F98-D98)*0.02),IF(F98="","",0)))) | U98: =IF(F98="","",IF(D98>H98,((((H98-F98)*20)+I98-G98)/2000),IF(D98>F98,((((D98-F98)*0.02)^2)+(((H98-D98)*0.02)^2))/(2*((H98-F98)*0.02)),((((H98-F98)*20)+I98-G98)/2000)))) | V98: =IF(F98="","",S98+T98+U98) | W98: =IF(F98="","",O98*V98)
E99: =IF(F99="","","Acost. LE") | N99: =IF(F99="","",(J99*K99)+M99+L99) | O99: =IF(F99="","",N99*#REF!/100) | Q99: =IF(F99="","","t/m3") | R99: =IF(F99="","",O99*P99) | T99: =IF(F99="","",IF(D99>H99,((D99-H99)*0.02),IF(D99<F99,((F99-D99)*0.02),IF(F99="","",0)))) | U99: =IF(F99="","",IF(D99>H99,((((H99-F99)*20)+I99-G99)/2000),IF(D99>F99,((((D99-F99)*0.02)^2)+(((H99-D99)*0.02)^2))/(2*((H99-F99)*0.02)),((((H99-F99)*20)+I99-G99)/2000)))) | V99: =IF(F99="","",S99+T99+U99) | W99: =IF(F99="","",O99*V99)
E100: =IF(F100="","","Acost. LE") | N100: =IF(F100="","",(J100*K100)+M100+L100) | O100: =IF(F100="","",N100*#REF!/100) | Q100: =IF(F100="","","t/m3") | R100: =IF(F100="","",O100*P100) | T100: =IF(F100="","",IF(D100>H100,((D100-H100)*0.02),IF(D100<F100,((F100-D100)*0.02),IF(F100="","",0)))) | U100: =IF(F100="","",IF(D100>H100,((((H100-F100)*20)+I100-G100)/2000),IF(D100>F100,((((D100-F100)*0.02)^2)+(((H100-D100)*0.02)^2))/(2*((H100-F100)*0.02)),((((H100-F100)*20)+I100-G100)/2000)))) | V100: =IF(F100="","",S100+T100+U100) | W100: =IF(F100="","",O100*V100)
E101: =IF(F101="","","Acost. LE") | N101: =IF(F101="","",(J101*K101)+M101+L101) | O101: =IF(F101="","",N101*#REF!/100) | Q101: =IF(F101="","","t/m3") | R101: =IF(F101="","",O101*P101) | T101: =IF(F101="","",IF(D101>H101,((D101-H101)*0.02),IF(D101<F101,((F101-D101)*0.02),IF(F101="","",0)))) | U101: =IF(F101="","",IF(D101>H101,((((H101-F101)*20)+I101-G101)/2000),IF(D101>F101,((((D101-F101)*0.02)^2)+(((H101-D101)*0.02)^2))/(2*((H101-F101)*0.02)),((((H101-F101)*20)+I101-G101)/2000)))) | V101: =IF(F101="","",S101+T101+U101) | W101: =IF(F101="","",O101*V101)
E102: =IF(F102="","","Acost. LE") | J102: =IF(F102="","",((H102-F102)*20)+I102-G102) | N102: =IF(F102="","",(J102*K102)+M102+L102) | O102: =IF(F102="","",N102*#REF!/100) | Q102: =IF(F102="","","t/m3") | R102: =IF(F102="","",O102*P102) | T102: =IF(F102="","",IF(D102>H102,((D102-H102)*0.02),IF(D102<F102,((F102-D102)*0.02),IF(F102="","",0)))) | U102: =IF(F102="","",IF(D102>H102,((((H102-F102)*20)+I102-G102)/2000),IF(D102>F102,((((D102-F102)*0.02)^2)+(((H102-D102)*0.02)^2))/(2*((H102-F102)*0.02)),((((H102-F102)*20)+I102-G102)/2000)))) | V102: =IF(F102="","",S102+T102+U102) | W102: =IF(F102="","",O102*V102)
E103: =IF(F103="","","Acost. LE") | J103: =IF(F103="","",((H103-F103)*20)+I103-G103) | N103: =IF(F103="","",(J103*K103)+M103+L103) | O103: =IF(F103="","",N103*#REF!/100) | Q103: =IF(F103="","","t/m3") | R103: =IF(F103="","",O103*P103) | T103: =IF(F103="","",IF(D103>H103,((D103-H103)*0.02),IF(D103<F103,((F103-D103)*0.02),IF(F103="","",0)))) | U103: =IF(F103="","",IF(D103>H103,((((H103-F103)*20)+I103-G103)/2000),IF(D103>F103,((((D103-F103)*0.02)^2)+(((H103-D103)*0.02)^2))/(2*((H103-F103)*0.02)),((((H103-F103)*20)+I103-G103)/2000)))) | V103: =IF(F103="","",S103+T103+U103) | W103: =IF(F103="","",O103*V103)
E104: =IF(F104="","","Acost. LE") | J104: =IF(F104="","",((H104-F104)*20)+I104-G104) | N104: =IF(F104="","",(J104*K104)+M104+L104) | O104: =IF(F104="","",N104*#REF!/100) | Q104: =IF(F104="","","t/m3") | R104: =IF(F104="","",O104*P104) | T104: =IF(F104="","",IF(D104>H104,((D104-H104)*0.02),IF(D104<F104,((F104-D104)*0.02),IF(F104="","",0)))) | U104: =IF(F104="","",IF(D104>H104,((((H104-F104)*20)+I104-G104)/2000),IF(D104>F104,((((D104-F104)*0.02)^2)+(((H104-D104)*0.02)^2))/(2*((H104-F104)*0.02)),((((H104-F104)*20)+I104-G104)/2000)))) | V104: =IF(F104="","",S104+T104+U104) | W104: =IF(F104="","",O104*V104)
E105: =IF(F105="","","Acost. LE") | J105: =IF(F105="","",((H105-F105)*20)+I105-G105) | N105: =IF(F105="","",(J105*K105)+M105+L105) | O105: =IF(F105="","",N105*#REF!/100) | Q105: =IF(F105="","","t/m3") | R105: =IF(F105="","",O105*P105) | T105: =IF(F105="","",IF(D105>H105,((D105-H105)*0.02),IF(D105<F105,((F105-D105)*0.02),IF(F105="","",0)))) | U105: =IF(F105="","",IF(D105>H105,((((H105-F105)*20)+I105-G105)/2000),IF(D105>F105,((((D105-F105)*0.02)^2)+(((H105-D105)*0.02)^2))/(2*((H105-F105)*0.02)),((((H105-F105)*20)+I105-G105)/2000)))) | V105: =IF(F105="","",S105+T105+U105) | W105: =IF(F105="","",O105*V105)
E106: =IF(F106="","","Acost. LE") | J106: =IF(F106="","",((H106-F106)*20)+I106-G106) | N106: =IF(F106="","",(J106*K106)+M106+L106) | O106: =IF(F106="","",N106*#REF!/100) | Q106: =IF(F106="","","t/m3") | R106: =IF(F106="","",O106*P106) | T106: =IF(F106="","",IF(D106>H106,((D106-H106)*0.02),IF(D106<F106,((F106-D106)*0.02),IF(F106="","",0)))) | U106: =IF(F106="","",IF(D106>H106,((((H106-F106)*20)+I106-G106)/2000),IF(D106>F106,((((D106-F106)*0.02)^2)+(((H106-D106)*0.02)^2))/(2*((H106-F106)*0.02)),((((H106-F106)*20)+I106-G106)/2000)))) | V106: =IF(F106="","",S106+T106+U106) | W106: =IF(F106="","",O106*V106)
E107: =IF(F107="","","Acost. LE") | J107: =IF(F107="","",((H107-F107)*20)+I107-G107) | N107: =IF(F107="","",(J107*K107)+M107+L107) | O107: =IF(F107="","",N107*#REF!/100) | Q107: =IF(F107="","","t/m3") | R107: =IF(F107="","",O107*P107) | T107: =IF(F107="","",IF(D107>H107,((D107-H107)*0.02),IF(D107<F107,((F107-D107)*0.02),IF(F107="","",0)))) | U107: =IF(F107="","",IF(D107>H107,((((H107-F107)*20)+I107-G107)/2000),IF(D107>F107,((((D107-F107)*0.02)^2)+(((H107-D107)*0.02)^2))/(2*((H107-F107)*0.02)),((((H107-F107)*20)+I107-G107)/2000)))) | V107: =IF(F107="","",S107+T107+U107) | W107: =IF(F107="","",O107*V107)
E108: =IF(F108="","","Acost. LE") | J108: =IF(F108="","",((H108-F108)*20)+I108-G108) | N108: =IF(F108="","",(J108*K108)+M108+L108) | O108: =IF(F108="","",N108*#REF!/100) | Q108: =IF(F108="","","t/m3") | R108: =IF(F108="","",O108*P108) | T108: =IF(F108="","",IF(D108>H108,((D108-H108)*0.02),IF(D108<F108,((F108-D108)*0.02),IF(F108="","",0)))) | U108: =IF(F108="","",IF(D108>H108,((((H108-F108)*20)+I108-G108)/2000),IF(D108>F108,((((D108-F108)*0.02)^2)+(((H108-D108)*0.02)^2))/(2*((H108-F108)*0.02)),((((H108-F108)*20)+I108-G108)/2000)))) | V108: =IF(F108="","",S108+T108+U108) | W108: =IF(F108="","",O108*V108)
E109: =IF(F109="","","Acost. LE") | J109: =IF(F109="","",((H109-F109)*20)+I109-G109) | N109: =IF(F109="","",(J109*K109)+M109+L109) | O109: =IF(F109="","",N109*#REF!/100) | Q109: =IF(F109="","","t/m3") | R109: =IF(F109="","",O109*P109) | T109: =IF(F109="","",IF(D109>H109,((D109-H109)*0.02),IF(D109<F109,((F109-D109)*0.02),IF(F109="","",0)))) | U109: =IF(F109="","",IF(D109>H109,((((H109-F109)*20)+I109-G109)/2000),IF(D109>F109,((((D109-F109)*0.02)^2)+(((H109-D109)*0.02)^2))/(2*((H109-F109)*0.02)),((((H109-F109)*20)+I109-G109)/2000)))) | V109: =IF(F109="","",S109+T109+U109) | W109: =IF(F109="","",O109*V109)
E110: =IF(F110="","","Acost. LE") | J110: =IF(F110="","",((H110-F110)*20)+I110-G110) | N110: =IF(F110="","",(J110*K110)+M110+L110) | O110: =IF(F110="","",N110*#REF!/100) | Q110: =IF(F110="","","t/m3") | R110: =IF(F110="","",O110*P110) | T110: =IF(F110="","",IF(D110>H110,((D110-H110)*0.02),IF(D110<F110,((F110-D110)*0.02),IF(F110="","",0)))) | U110: =IF(F110="","",IF(D110>H110,((((H110-F110)*20)+I110-G110)/2000),IF(D110>F110,((((D110-F110)*0.02)^2)+(((H110-D110)*0.02)^2))/(2*((H110-F110)*0.02)),((((H110-F110)*20)+I110-G110)/2000)))) | V110: =IF(F110="","",S110+T110+U110) | W110: =IF(F110="","",O110*V110)
E111: =IF(F111="","","Acost. LE") | J111: =IF(F111="","",((H111-F111)*20)+I111-G111) | N111: =IF(F111="","",(J111*K111)+M111+L111) | O111: =IF(F111="","",N111*#REF!/100) | Q111: =IF(F111="","","t/m3") | R111: =IF(F111="","",O111*P111) | T111: =IF(F111="","",IF(D111>H111,((D111-H111)*0.02),IF(D111<F111,((F111-D111)*0.02),IF(F111="","",0)))) | U111: =IF(F111="","",IF(D111>H111,((((H111-F111)*20)+I111-G111)/2000),IF(D111>F111,((((D111-F111)*0.02)^2)+(((H111-D111)*0.02)^2))/(2*((H111-F111)*0.02)),((((H111-F111)*20)+I111-G111)/2000)))) | V111: =IF(F111="","",S111+T111+U111) | W111: =IF(F111="","",O111*V111)
E112: =IF(F112="","","Acost. LE") | J112: =IF(F112="","",((H112-F112)*20)+I112-G112) | N112: =IF(F112="","",(J112*K112)+M112+L112) | O112: =IF(F112="","",N112*#REF!/100) | Q112: =IF(F112="","","t/m3") | R112: =IF(F112="","",O112*P112) | T112: =IF(F112="","",IF(D112>H112,((D112-H112)*0.02),IF(D112<F112,((F112-D112)*0.02),IF(F112="","",0)))) | U112: =IF(F112="","",IF(D112>H112,((((H112-F112)*20)+I112-G112)/2000),IF(D112>F112,((((D112-F112)*0.02)^2)+(((H112-D112)*0.02)^2))/(2*((H112-F112)*0.02)),((((H112-F112)*20)+I112-G112)/2000)))) | V112: =IF(F112="","",S112+T112+U112) | W112: =IF(F112="","",O112*V112)
E113: =IF(F113="","","Acost. LE") | J113: =IF(F113="","",((H113-F113)*20)+I113-G113) | N113: =IF(F113="","",(J113*K113)+M113+L113) | O113: =IF(F113="","",N113*#REF!/100) | Q113: =IF(F113="","","t/m3") | R113: =IF(F113="","",O113*P113) | T113: =IF(F113="","",IF(D113>H113,((D113-H113)*0.02),IF(D113<F113,((F113-D113)*0.02),IF(F113="","",0)))) | U113: =IF(F113="","",IF(D113>H113,((((H113-F113)*20)+I113-G113)/2000),IF(D113>F113,((((D113-F113)*0.02)^2)+(((H113-D113)*0.02)^2))/(2*((H113-F113)*0.02)),((((H113-F113)*20)+I113-G113)/2000)))) | V113: =IF(F113="","",S113+T113+U113) | W113: =IF(F113="","",O113*V113)
... E130: =IF(F130="","","Acost. LE") | J130: =IF(F130="","",((H130-F130)*20)+I130-G130) | N130: =IF(F130="","",(J130*K130)+M130+L130) | O130: =IF(F130="","",N130*#REF!/100) | Q130: =IF(F130="","","t/m3") | R130: =IF(F130="","",O130*P130) | T130: =IF(F130="","",IF(D130>H130,((D130-H130)*0.02),IF(D130<F130,((F130-D130)*0.02),IF(F130="","",0)))) | U130: =IF(F130="","",IF(D130>H130,((((H130-F130)*20)+I130-G130)/2000),IF(D130>F130,((((D130-F130)*0.02)^2)+(((H130-D130)*0.02)^2))/(2*((H130-F130)*0.02)),((((H130-F130)*20)+I130-G130)/2000)))) | V130: =IF(F130="","",S130+T130+U130) | W130: =IF(F130="","",O130*V130)
J131: =SUM(J96:J130) -> 0 | N131: =SUM(N96:N130) -> 0 | O131: =SUM(O96:O130) -> 0 | R131: =SUM(R96:R130) -> 0 | S131: DMT final = | U131: =W131/O131 -> #DIV/0! | V131: Km | W131: =SUM(W96:W130) -> 0
C132: =+C81 -> 0 | O132: =R132/1.02 -> 0 | P132: =+P81 -> 0 | Q132: % | R132: =+P132*R131/1000 -> 0
B134: MEMÓRIA DE CÁLCULO DE QUANTIDADES - CAPA DE ROLAMENTO - ACOSTAMENTO LADO ESQUERDO
B137: Observações | L137: Rodovia: | M137: =+M86 -> #REF! | W137: FOLHA:
L138: Trecho: | M138: =+M87 -> #REF!
L139: Subtrecho: | M139: =+M88 -> #REF! | W139: 01/01
L140: Segmento: | M140: =+M89 -> #REF!
I141: Data : | J141: =TODAY() -> 46063 | L141: Lote | M141: =+M90 -> #REF!
C144: Ocorrência | E144: Destino | F144: Entre Estacas | J144: Exten- | K144: Lar- | L144: Área | M144: Área | N144: Área | P144: Densidade | S144: DMT (Km) | W144: Momento
B145: CAMADA | C145: Origem | D145: Acesso | F145: Inicial | H145: Final | J145: são | K145: gura | L145: Superlargura | M145: Interseções | N145: Total | O145: Volume | P145: ou | R145: Peso | S145: Fixa | T145: Da fonte | U145: No | V145: DMT | W145: Transporte
B146: ou Serviço | D146: Est. | F146: Int. | G146: Frac. | H146: Int. | I146: Frac. | J146: (m) | K146: (m) | L146: (m2) | M146: (m2) | N146: (m2) | O146: (m3) | P146: Taxa | R146: (t) | T146: ao Seg | U146: Seg. | V146: Seg. | W146: (m3 x Km)
B147: =+B96 -> #REF! | C147: #REF! | D147: #REF! | E147: =IF(F147="","","Faixa Adicional LD") -> #REF! | F147: #REF! | G147: #REF! | H147: #REF! | I147: #REF! | J147: =IF(F147="","",((H147-F147)*20)+I147-G147) -> #REF! | K147: #REF! | N147: =IF(F147="","",(J147*K147)+M147+L147) -> #REF! | O147: =IF(F147="","",N147*#REF!/100) -> #REF! | P147: #REF! | Q147: =IF(F147="","","t/m3") -> #REF! | R147: =IF(F147="","",O147*P147) -> #REF! | S147: #REF! | T147: =IF(F147="","",IF(D147>H147,((D147-H147)*0.02),IF(D147<F147,((F147-D147)*0.02),IF(F147="","",0)))) -> #REF! | U147: =IF(F147="","",IF(D147>H147,((((H147-F147)*20)+I147-G147)/2000),IF(D147>F147,((((D147-F147)*0.02)^2)+(((H147-D147)*0.02)^2))/(2*((H147-F147)*0.02)),((((H147-F147)*20)+I147-G147)/2000)))) -> #REF! | V147: =IF(F147="","",S147+T147+U147) -> #REF! | W147: =IF(F147="","",O147*V147) -> #REF!
C148: #REF! | D148: #REF! | E148: =IF(F148="","","Faixa Adicional LD") -> #REF! | F148: #REF! | G148: #REF! | H148: #REF! | I148: #REF! | J148: =IF(F148="","",((H148-F148)*20)+I148-G148) -> #REF! | K148: #REF! | N148: =IF(F148="","",(J148*K148)+M148+L148) -> #REF! | O148: =IF(F148="","",N148*#REF!/100) -> #REF! | P148: #REF! | Q148: =IF(F148="","","t/m3") -> #REF! | R148: =IF(F148="","",O148*P148) -> #REF! | S148: #REF! | T148: =IF(F148="","",IF(D148>H148,((D148-H148)*0.02),IF(D148<F148,((F148-D148)*0.02),IF(F148="","",0)))) -> #REF! | U148: =IF(F148="","",IF(D148>H148,((((H148-F148)*20)+I148-G148)/2000),IF(D148>F148,((((D148-F148)*0.02)^2)+(((H148-D148)*0.02)^2))/(2*((H148-F148)*0.02)),((((H148-F148)*20)+I148-G148)/2000)))) -> #REF! | V148: =IF(F148="","",S148+T148+U148) -> #REF! | W148: =IF(F148="","",O148*V148) -> #REF!
B149: =+B98 -> #REF! | C149: #REF! | D149: #REF! | E149: =IF(F149="","","Faixa Adicional LD") -> #REF! | F149: #REF! | G149: #REF! | H149: #REF! | I149: #REF! | J149: =IF(F149="","",((H149-F149)*20)+I149-G149) -> #REF! | K149: #REF! | N149: =IF(F149="","",(J149*K149)+M149+L149) -> #REF! | O149: =IF(F149="","",N149*#REF!/100) -> #REF! | P149: #REF! | Q149: =IF(F149="","","t/m3") -> #REF! | R149: =IF(F149="","",O149*P149) -> #REF! | S149: #REF! | T149: =IF(F149="","",IF(D149>H149,((D149-H149)*0.02),IF(D149<F149,((F149-D149)*0.02),IF(F149="","",0)))) -> #REF! | U149: =IF(F149="","",IF(D149>H149,((((H149-F149)*20)+I149-G149)/2000),IF(D149>F149,((((D149-F149)*0.02)^2)+(((H149-D149)*0.02)^2))/(2*((H149-F149)*0.02)),((((H149-F149)*20)+I149-G149)/2000)))) -> #REF! | V149: =IF(F149="","",S149+T149+U149) -> #REF! | W149: =IF(F149="","",O149*V149) -> #REF!
C150: #REF! | D150: #REF! | E150: =IF(F150="","","Faixa Adicional LD") -> #REF! | F150: #REF! | G150: #REF! | H150: #REF! | I150: #REF! | J150: =IF(F150="","",((H150-F150)*20)+I150-G150) -> #REF! | K150: #REF! | N150: =IF(F150="","",(J150*K150)+M150+L150) -> #REF! | O150: =IF(F150="","",N150*#REF!/100) -> #REF! | P150: #REF! | Q150: =IF(F150="","","t/m3") -> #REF! | R150: =IF(F150="","",O150*P150) -> #REF! | S150: #REF! | T150: =IF(F150="","",IF(D150>H150,((D150-H150)*0.02),IF(D150<F150,((F150-D150)*0.02),IF(F150="","",0)))) -> #REF! | U150: =IF(F150="","",IF(D150>H150,((((H150-F150)*20)+I150-G150)/2000),IF(D150>F150,((((D150-F150)*0.02)^2)+(((H150-D150)*0.02)^2))/(2*((H150-F150)*0.02)),((((H150-F150)*20)+I150-G150)/2000)))) -> #REF! | V150: =IF(F150="","",S150+T150+U150) -> #REF! | W150: =IF(F150="","",O150*V150) -> #REF!
C151: #REF! | D151: #REF! | E151: =IF(F151="","","Faixa Adicional LD") -> #REF! | F151: #REF! | G151: #REF! | H151: #REF! | I151: #REF! | J151: =IF(F151="","",((H151-F151)*20)+I151-G151) -> #REF! | K151: #REF! | N151: =IF(F151="","",(J151*K151)+M151+L151) -> #REF! | O151: =IF(F151="","",N151*#REF!/100) -> #REF! | P151: #REF! | Q151: =IF(F151="","","t/m3") -> #REF! | R151: =IF(F151="","",O151*P151) -> #REF! | S151: #REF! | T151: =IF(F151="","",IF(D151>H151,((D151-H151)*0.02),IF(D151<F151,((F151-D151)*0.02),IF(F151="","",0)))) -> #REF! | U151: =IF(F151="","",IF(D151>H151,((((H151-F151)*20)+I151-G151)/2000),IF(D151>F151,((((D151-F151)*0.02)^2)+(((H151-D151)*0.02)^2))/(2*((H151-F151)*0.02)),((((H151-F151)*20)+I151-G151)/2000)))) -> #REF! | V151: =IF(F151="","",S151+T151+U151) -> #REF! | W151: =IF(F151="","",O151*V151) -> #REF!
C152: #REF! | D152: #REF! | E152: =IF(F152="","","Faixa Adicional LD") -> #REF! | F152: #REF! | G152: #REF! | H152: #REF! | I152: #REF! | J152: =IF(F152="","",((H152-F152)*20)+I152-G152) -> #REF! | K152: #REF! | N152: =IF(F152="","",(J152*K152)+M152+L152) -> #REF! | O152: =IF(F152="","",N152*#REF!/100) -> #REF! | P152: #REF! | Q152: =IF(F152="","","t/m3") -> #REF! | R152: =IF(F152="","",O152*P152) -> #REF! | S152: #REF! | T152: =IF(F152="","",IF(D152>H152,((D152-H152)*0.02),IF(D152<F152,((F152-D152)*0.02),IF(F152="","",0)))) -> #REF! | U152: =IF(F152="","",IF(D152>H152,((((H152-F152)*20)+I152-G152)/2000),IF(D152>F152,((((D152-F152)*0.02)^2)+(((H152-D152)*0.02)^2))/(2*((H152-F152)*0.02)),((((H152-F152)*20)+I152-G152)/2000)))) -> #REF! | V152: =IF(F152="","",S152+T152+U152) -> #REF! | W152: =IF(F152="","",O152*V152) -> #REF!
C153: #REF! | D153: #REF! | E153: =IF(F153="","","Faixa Adicional LD") -> #REF! | F153: #REF! | G153: #REF! | H153: #REF! | I153: #REF! | J153: =IF(F153="","",((H153-F153)*20)+I153-G153) -> #REF! | K153: #REF! | N153: =IF(F153="","",(J153*K153)+M153+L153) -> #REF! | O153: =IF(F153="","",N153*#REF!/100) -> #REF! | P153: #REF! | Q153: =IF(F153="","","t/m3") -> #REF! | R153: =IF(F153="","",O153*P153) -> #REF! | S153: #REF! | T153: =IF(F153="","",IF(D153>H153,((D153-H153)*0.02),IF(D153<F153,((F153-D153)*0.02),IF(F153="","",0)))) -> #REF! | U153: =IF(F153="","",IF(D153>H153,((((H153-F153)*20)+I153-G153)/2000),IF(D153>F153,((((D153-F153)*0.02)^2)+(((H153-D153)*0.02)^2))/(2*((H153-F153)*0.02)),((((H153-F153)*20)+I153-G153)/2000)))) -> #REF! | V153: =IF(F153="","",S153+T153+U153) -> #REF! | W153: =IF(F153="","",O153*V153) -> #REF!
C154: #REF! | D154: #REF! | E154: =IF(F154="","","Faixa Adicional LD") -> #REF! | F154: #REF! | G154: #REF! | H154: #REF! | I154: #REF! | J154: =IF(F154="","",((H154-F154)*20)+I154-G154) -> #REF! | K154: #REF! | N154: =IF(F154="","",(J154*K154)+M154+L154) -> #REF! | O154: =IF(F154="","",N154*#REF!/100) -> #REF! | P154: #REF! | Q154: =IF(F154="","","t/m3") -> #REF! | R154: =IF(F154="","",O154*P154) -> #REF! | S154: #REF! | T154: =IF(F154="","",IF(D154>H154,((D154-H154)*0.02),IF(D154<F154,((F154-D154)*0.02),IF(F154="","",0)))) -> #REF! | U154: =IF(F154="","",IF(D154>H154,((((H154-F154)*20)+I154-G154)/2000),IF(D154>F154,((((D154-F154)*0.02)^2)+(((H154-D154)*0.02)^2))/(2*((H154-F154)*0.02)),((((H154-F154)*20)+I154-G154)/2000)))) -> #REF! | V154: =IF(F154="","",S154+T154+U154) -> #REF! | W154: =IF(F154="","",O154*V154) -> #REF!
C155: #REF! | D155: #REF! | E155: =IF(F155="","","Faixa Adicional LD") -> #REF! | F155: #REF! | G155: #REF! | H155: #REF! | I155: #REF! | J155: =IF(F155="","",((H155-F155)*20)+I155-G155) -> #REF! | K155: #REF! | N155: =IF(F155="","",(J155*K155)+M155+L155) -> #REF! | O155: =IF(F155="","",N155*#REF!/100) -> #REF! | P155: #REF! | Q155: =IF(F155="","","t/m3") -> #REF! | R155: =IF(F155="","",O155*P155) -> #REF! | S155: #REF! | T155: =IF(F155="","",IF(D155>H155,((D155-H155)*0.02),IF(D155<F155,((F155-D155)*0.02),IF(F155="","",0)))) -> #REF! | U155: =IF(F155="","",IF(D155>H155,((((H155-F155)*20)+I155-G155)/2000),IF(D155>F155,((((D155-F155)*0.02)^2)+(((H155-D155)*0.02)^2))/(2*((H155-F155)*0.02)),((((H155-F155)*20)+I155-G155)/2000)))) -> #REF! | V155: =IF(F155="","",S155+T155+U155) -> #REF! | W155: =IF(F155="","",O155*V155) -> #REF!
C156: #REF! | D156: #REF! | E156: =IF(F156="","","Faixa Adicional LD") -> #REF! | F156: #REF! | G156: #REF! | H156: #REF! | I156: #REF! | J156: =IF(F156="","",((H156-F156)*20)+I156-G156) -> #REF! | K156: #REF! | N156: =IF(F156="","",(J156*K156)+M156+L156) -> #REF! | O156: =IF(F156="","",N156*#REF!/100) -> #REF! | P156: #REF! | Q156: =IF(F156="","","t/m3") -> #REF! | R156: =IF(F156="","",O156*P156) -> #REF! | S156: #REF! | T156: =IF(F156="","",IF(D156>H156,((D156-H156)*0.02),IF(D156<F156,((F156-D156)*0.02),IF(F156="","",0)))) -> #REF! | U156: =IF(F156="","",IF(D156>H156,((((H156-F156)*20)+I156-G156)/2000),IF(D156>F156,((((D156-F156)*0.02)^2)+(((H156-D156)*0.02)^2))/(2*((H156-F156)*0.02)),((((H156-F156)*20)+I156-G156)/2000)))) -> #REF! | V156: =IF(F156="","",S156+T156+U156) -> #REF! | W156: =IF(F156="","",O156*V156) -> #REF!
C157: #REF! | D157: #REF! | E157: =IF(F157="","","Faixa Adicional LD") -> #REF! | F157: #REF! | G157: #REF! | H157: #REF! | I157: #REF! | J157: =IF(F157="","",((H157-F157)*20)+I157-G157) -> #REF! | K157: #REF! | N157: =IF(F157="","",(J157*K157)+M157+L157) -> #REF! | O157: =IF(F157="","",N157*#REF!/100) -> #REF! | P157: #REF! | Q157: =IF(F157="","","t/m3") -> #REF! | R157: =IF(F157="","",O157*P157) -> #REF! | S157: #REF! | T157: =IF(F157="","",IF(D157>H157,((D157-H157)*0.02),IF(D157<F157,((F157-D157)*0.02),IF(F157="","",0)))) -> #REF! | U157: =IF(F157="","",IF(D157>H157,((((H157-F157)*20)+I157-G157)/2000),IF(D157>F157,((((D157-F157)*0.02)^2)+(((H157-D157)*0.02)^2))/(2*((H157-F157)*0.02)),((((H157-F157)*20)+I157-G157)/2000)))) -> #REF! | V157: =IF(F157="","",S157+T157+U157) -> #REF! | W157: =IF(F157="","",O157*V157) -> #REF!
C158: #REF! | D158: #REF! | E158: =IF(F158="","","Faixa Adicional LD") -> #REF! | F158: #REF! | G158: #REF! | H158: #REF! | I158: #REF! | J158: =IF(F158="","",((H158-F158)*20)+I158-G158) -> #REF! | K158: #REF! | N158: =IF(F158="","",(J158*K158)+M158+L158) -> #REF! | O158: =IF(F158="","",N158*#REF!/100) -> #REF! | P158: #REF! | Q158: =IF(F158="","","t/m3") -> #REF! | R158: =IF(F158="","",O158*P158) -> #REF! | S158: #REF! | T158: =IF(F158="","",IF(D158>H158,((D158-H158)*0.02),IF(D158<F158,((F158-D158)*0.02),IF(F158="","",0)))) -> #REF! | U158: =IF(F158="","",IF(D158>H158,((((H158-F158)*20)+I158-G158)/2000),IF(D158>F158,((((D158-F158)*0.02)^2)+(((H158-D158)*0.02)^2))/(2*((H158-F158)*0.02)),((((H158-F158)*20)+I158-G158)/2000)))) -> #REF! | V158: =IF(F158="","",S158+T158+U158) -> #REF! | W158: =IF(F158="","",O158*V158) -> #REF!
C159: #REF! | D159: #REF! | E159: =IF(F159="","","Faixa Adicional LD") -> #REF! | F159: #REF! | G159: #REF! | H159: #REF! | I159: #REF! | J159: =IF(F159="","",((H159-F159)*20)+I159-G159) -> #REF! | K159: #REF! | N159: =IF(F159="","",(J159*K159)+M159+L159) -> #REF! | O159: =IF(F159="","",N159*#REF!/100) -> #REF! | P159: #REF! | Q159: =IF(F159="","","t/m3") -> #REF! | R159: =IF(F159="","",O159*P159) -> #REF! | S159: #REF! | T159: =IF(F159="","",IF(D159>H159,((D159-H159)*0.02),IF(D159<F159,((F159-D159)*0.02),IF(F159="","",0)))) -> #REF! | U159: =IF(F159="","",IF(D159>H159,((((H159-F159)*20)+I159-G159)/2000),IF(D159>F159,((((D159-F159)*0.02)^2)+(((H159-D159)*0.02)^2))/(2*((H159-F159)*0.02)),((((H159-F159)*20)+I159-G159)/2000)))) -> #REF! | V159: =IF(F159="","",S159+T159+U159) -> #REF! | W159: =IF(F159="","",O159*V159) -> #REF!
C160: #REF! | D160: #REF! | E160: =IF(F160="","","Faixa Adicional LD") -> #REF! | F160: #REF! | G160: #REF! | H160: #REF! | I160: #REF! | J160: =IF(F160="","",((H160-F160)*20)+I160-G160) -> #REF! | K160: #REF! | N160: =IF(F160="","",(J160*K160)+M160+L160) -> #REF! | O160: =IF(F160="","",N160*#REF!/100) -> #REF! | P160: #REF! | Q160: =IF(F160="","","t/m3") -> #REF! | R160: =IF(F160="","",O160*P160) -> #REF! | S160: #REF! | T160: =IF(F160="","",IF(D160>H160,((D160-H160)*0.02),IF(D160<F160,((F160-D160)*0.02),IF(F160="","",0)))) -> #REF! | U160: =IF(F160="","",IF(D160>H160,((((H160-F160)*20)+I160-G160)/2000),IF(D160>F160,((((D160-F160)*0.02)^2)+(((H160-D160)*0.02)^2))/(2*((H160-F160)*0.02)),((((H160-F160)*20)+I160-G160)/2000)))) -> #REF! | V160: =IF(F160="","",S160+T160+U160) -> #REF! | W160: =IF(F160="","",O160*V160) -> #REF!
C161: #REF! | D161: #REF! | E161: =IF(F161="","","Faixa Adicional LD") -> #REF! | F161: #REF! | G161: #REF! | H161: #REF! | I161: #REF! | J161: =IF(F161="","",((H161-F161)*20)+I161-G161) -> #REF! | K161: #REF! | N161: =IF(F161="","",(J161*K161)+M161+L161) -> #REF! | O161: =IF(F161="","",N161*#REF!/100) -> #REF! | P161: #REF! | Q161: =IF(F161="","","t/m3") -> #REF! | R161: =IF(F161="","",O161*P161) -> #REF! | S161: #REF! | T161: =IF(F161="","",IF(D161>H161,((D161-H161)*0.02),IF(D161<F161,((F161-D161)*0.02),IF(F161="","",0)))) -> #REF! | U161: =IF(F161="","",IF(D161>H161,((((H161-F161)*20)+I161-G161)/2000),IF(D161>F161,((((D161-F161)*0.02)^2)+(((H161-D161)*0.02)^2))/(2*((H161-F161)*0.02)),((((H161-F161)*20)+I161-G161)/2000)))) -> #REF! | V161: =IF(F161="","",S161+T161+U161) -> #REF! | W161: =IF(F161="","",O161*V161) -> #REF!
... C181: #REF! | D181: #REF! | E181: =IF(F181="","","Faixa Adicional LD") -> #REF! | F181: #REF! | G181: #REF! | H181: #REF! | I181: #REF! | J181: =IF(F181="","",((H181-F181)*20)+I181-G181) -> #REF! | K181: #REF! | N181: =IF(F181="","",(J181*K181)+M181+L181) -> #REF! | O181: =IF(F181="","",N181*#REF!/100) -> #REF! | P181: #REF! | Q181: =IF(F181="","","t/m3") -> #REF! | R181: =IF(F181="","",O181*P181) -> #REF! | S181: #REF! | T181: =IF(F181="","",IF(D181>H181,((D181-H181)*0.02),IF(D181<F181,((F181-D181)*0.02),IF(F181="","",0)))) -> #REF! | U181: =IF(F181="","",IF(D181>H181,((((H181-F181)*20)+I181-G181)/2000),IF(D181>F181,((((D181-F181)*0.02)^2)+(((H181-D181)*0.02)^2))/(2*((H181-F181)*0.02)),((((H181-F181)*20)+I181-G181)/2000)))) -> #REF! | V181: =IF(F181="","",S181+T181+U181) -> #REF! | W181: =IF(F181="","",O181*V181) -> #REF!
J182: =SUM(J147:J181) -> #REF! | N182: =SUM(N147:N181) -> #REF! | O182: =SUM(O147:O181) -> #REF! | R182: =SUM(R147:R181) -> #REF! | S182: DMT final = | U182: =W182/O182 -> #REF! | V182: Km | W182: =SUM(W147:W181) -> #REF!
C183: =+C132 -> 0 | O183: =R183/1.02 -> #REF! | P183: =+P132 -> 0 | Q183: % | R183: =+P183*R182/1000 -> #REF!
B185: MEMÓRIA DE CÁLCULO DE QUANTIDADES - CAPA DE ROLAMENTO - FAIXA ADICIONAL LADO DIREITO
B188: Observações | L188: Rodovia: | M188: =+M137 -> #REF! | W188: FOLHA:
L189: Trecho: | M189: =+M138 -> #REF!
L190: Subtrecho: | M190: =+M139 -> #REF! | W190: 01/01
L191: Segmento: | M191: =+M140 -> #REF!
I192: Data : | J192: =TODAY() -> 46063 | L192: Lote | M192: =+M141 -> #REF!
C195: Ocorrência | E195: Destino | F195: Entre Estacas | J195: Exten- | K195: Lar- | L195: Área | M195: Área | N195: Área | P195: Densidade | S195: DMT (Km) | W195: Momento
B196: CAMADA | C196: Origem | D196: Acesso | F196: Inicial | H196: Final | J196: são | K196: gura | L196: Superlargura | M196: Interseções | N196: Total | O196: Volume | P196: ou | R196: Peso | S196: Fixa | T196: Da fonte | U196: No | V196: DMT | W196: Transporte
B197: ou Serviço | D197: Est. | F197: Int. | G197: Frac. | H197: Int. | I197: Frac. | J197: (m) | K197: (m) | L197: (m2) | M197: (m2) | N197: (m2) | O197: (m3) | P197: Taxa | R197: (t) | T197: ao Seg | U197: Seg. | V197: Seg. | W197: (m3 x Km)
B198: =+B147 -> #REF! | C198: #REF! | D198: #REF! | E198: =IF(F198="","","Faixa Adicional LE") -> #REF! | F198: #REF! | G198: #REF! | H198: #REF! | I198: #REF! | J198: =IF(F198="","",((H198-F198)*20)+I198-G198) -> #REF! | K198: #REF! | N198: =IF(F198="","",(J198*K198)+M198+L198) -> #REF! | O198: =IF(F198="","",N198*#REF!/100) -> #REF! | P198: #REF! | Q198: =IF(F198="","","t/m3") -> #REF! | R198: =IF(F198="","",O198*P198) -> #REF! | S198: #REF! | T198: =IF(F198="","",IF(D198>H198,((D198-H198)*0.02),IF(D198<F198,((F198-D198)*0.02),IF(F198="","",0)))) -> #REF! | U198: =IF(F198="","",IF(D198>H198,((((H198-F198)*20)+I198-G198)/2000),IF(D198>F198,((((D198-F198)*0.02)^2)+(((H198-D198)*0.02)^2))/(2*((H198-F198)*0.02)),((((H198-F198)*20)+I198-G198)/2000)))) -> #REF! | V198: =IF(F198="","",S198+T198+U198) -> #REF! | W198: =IF(F198="","",O198*V198) -> #REF!
C199: #REF! | D199: #REF! | E199: =IF(F199="","","Faixa Adicional LE") -> #REF! | F199: #REF! | G199: #REF! | H199: #REF! | I199: #REF! | J199: =IF(F199="","",((H199-F199)*20)+I199-G199) -> #REF! | K199: #REF! | N199: =IF(F199="","",(J199*K199)+M199+L199) -> #REF! | O199: =IF(F199="","",N199*#REF!/100) -> #REF! | P199: #REF! | Q199: =IF(F199="","","t/m3") -> #REF! | R199: =IF(F199="","",O199*P199) -> #REF! | S199: #REF! | T199: =IF(F199="","",IF(D199>H199,((D199-H199)*0.02),IF(D199<F199,((F199-D199)*0.02),IF(F199="","",0)))) -> #REF! | U199: =IF(F199="","",IF(D199>H199,((((H199-F199)*20)+I199-G199)/2000),IF(D199>F199,((((D199-F199)*0.02)^2)+(((H199-D199)*0.02)^2))/(2*((H199-F199)*0.02)),((((H199-F199)*20)+I199-G199)/2000)))) -> #REF! | V199: =IF(F199="","",S199+T199+U199) -> #REF! | W199: =IF(F199="","",O199*V199) -> #REF!
B200: =+B149 -> #REF! | C200: #REF! | D200: #REF! | E200: =IF(F200="","","Faixa Adicional LE") -> #REF! | F200: #REF! | G200: #REF! | H200: #REF! | I200: #REF! | J200: =IF(F200="","",((H200-F200)*20)+I200-G200) -> #REF! | K200: #REF! | N200: =IF(F200="","",(J200*K200)+M200+L200) -> #REF! | O200: =IF(F200="","",N200*#REF!/100) -> #REF! | P200: #REF! | Q200: =IF(F200="","","t/m3") -> #REF! | R200: =IF(F200="","",O200*P200) -> #REF! | S200: #REF! | T200: =IF(F200="","",IF(D200>H200,((D200-H200)*0.02),IF(D200<F200,((F200-D200)*0.02),IF(F200="","",0)))) -> #REF! | U200: =IF(F200="","",IF(D200>H200,((((H200-F200)*20)+I200-G200)/2000),IF(D200>F200,((((D200-F200)*0.02)^2)+(((H200-D200)*0.02)^2))/(2*((H200-F200)*0.02)),((((H200-F200)*20)+I200-G200)/2000)))) -> #REF! | V200: =IF(F200="","",S200+T200+U200) -> #REF! | W200: =IF(F200="","",O200*V200) -> #REF!
...

Sheet Transportes
B2: SERVIÇO | D2: Ocorrência | F2: Destino | H2: Densidade | K2: DMT (Km) | L2: Momento
C3: TRANSPORTE | D3: Origem | E3: Acesso | G3: Volume | H3: ou | J3: Peso | L3: Transporte
E4: Est. | G4: (m3) | H4: Taxa | J4: (t)
B5: CCP
B6: CP-II-32 | C6: Comercial | D6: Fábrica | E6: 0 | F6: Canteiro | H6: 0.38325434 | I6: t/m3 | J6: =G9*H6 -> 2992.9864 | K6: 167.78 | L6: =+J6*K6 -> 502163.27 | M6: t/km
B7: Areia | C7: Comercial | D7: Areal | E7: 304 | F7: Canteiro | G7: =G9*H7 -> 4750.3799 | H7: 0.60829 | I7: m3/m3 | K7: 46.09 | L7: =K7*G7 -> 218945.01 | M7: m3/km
B8: Brita | C8: Comercial | D8: Pedreira | E8: 0 | F8: Canteiro | G8: =G9*H8 -> 5373.8824 | H8: 0.68813 | I8: m3/m3 | K8: 32.38 | L8: =K8*G8 -> 174006.31 | M8: m3/km
B9: Concreto Usinado (CCP) | C9: Local | D9: =+F6 -> Canteiro | E9: 187 | F9: Pista | G9: ='MC CCP'!O27 -> 7809.4 | K9: ='MC CCP'!R27 -> 1.8456996 | L9: =K9*G9 -> 14413.807 | M9: m3/km
B12: BGTC
B13: CP-II-32 | C13: Comercial | D13: Fábrica | E13: 0 | F13: Canteiro | H13: 0.088 | I13: t/m3 | J13: =G15*H13 -> 188.09824 | K13: =K6 -> 167.78 | L13: =+J13*K13 -> 31559.122 | M13: t/km
B14: Brita | C14: Comercial | D14: Pedreira | E14: 0 | F14: Canteiro | G14: =G15*H14 -> 3009.5718 | H14: 1.408 | I14: m3/m3 | K14: =K8 -> 32.38 | L14: =K14*G14 -> 97449.934 | M14: m3/km
B15: BGTC | C15: Local | D15: Canteiro | E15: 187 | F15: Pista | G15: ='MC BGTC'!O117+'MC BGTC'!O137 -> 2137.48 | H15: 1.48 | K15: ='MC BGTC'!U142 -> 1.8715189 | L15: =K15*G15*H15 -> 5920.4946 | M15: m3/km
B17: TRANSPORTE MATERIAIS BÁSICOS (AÇO)
B18: AÇO (CA-25/50/60) | C18: Comercial | D18: Fábrica | E18: 0 | F18: Canteiro | J18: =('MCaço CA-50'!P7+'MCaço CA-25'!S34+MCtreliça!P28)/1000 -> 88.393102 | K18: =227+(187*20)/1000+0.04 -> 230.78 | L18: =+J18*K18 -> 20399.36 | M18: t/km | P18: =J18*1000 -> 88393.102
B19: AÇO (CA-25/50/60) | C19: Local | D19: Canteiro | E19: 187 | F19: Pista | J19: =J18 -> 88.393102 | K19: =K9 -> 1.8456996 | L19: =+J19*K19 -> 163.14711 | M19: t/km
B21: MEMÓRIA DE CÁLCULO DE QUANTIDADES - TRANSPORTES
L29: =L7+L8+L14 -> 490401.26

Sheet MIX BRASIL-FORT-KAPIVARI
A1: Nº DENOMINAÇÃO | C1: MIX BRASIL-FOR-KAP
A2: MATERIAL | C2: MISTURA
A3: DMT ponderado | C3: 46,01 KM DO CANTEIRO
A4: DATA: | C4: 46048
A5: REGISTRO N º | D5: 1 | P5: areia fina | Q5: po de pedra | R5: areia grossa
A6: AMOSTRA | D6: 1 | P6: 0.38 | Q6: 0.45 | R6: 0.17 | S6: =SUM(P6:R6) -> 1 | T6: =D8-D7 -> 0
A7: GRANULOMETRIA % RETIDA ACUMULADA | B7: 3/8" | C7: 9.5 | D7: =$P$6*'[231]BRASIL '!D7+$Q$6*[231]FORTALEZA!D7+$R$6*[231]KAPIVARI!D7 -> 0 | P7: 24.2 | Q7: 32.5 | R7: 131 | T7: =D9-D8 -> 0
B8: 1/4" | C8: 6.3 | D8: =$P$6*'[231]BRASIL '!D8+$Q$6*[231]FORTALEZA!D8+$R$6*[231]KAPIVARI!D8 -> 0 | T8: =D10-D9 -> 9.6407
B9: n° 4 | C9: 4.75 | D9: =$P$6*'[231]BRASIL '!D9+$Q$6*[231]FORTALEZA!D9+$R$6*[231]KAPIVARI!D9 -> 0 | P9: DMT | T9: =D11-D10 -> 19.301033
B10: n° 8 | C10: 2.36 | D10: =$P$6*'[231]BRASIL '!D10+$Q$6*[231]FORTALEZA!D10+$R$6*[231]KAPIVARI!D10 -> 9.6407 | P10: =P6*P7+Q6*Q7+R6*R7 -> 46.091 | T10: =D12-D11 -> 15.733433
B11: n° 16 | C11: 1.18 | D11: =$P$6*'[231]BRASIL '!D11+$Q$6*[231]FORTALEZA!D11+$R$6*[231]KAPIVARI!D11 -> 28.941733 | T11: =D13-D12 -> 37.574183
B12: n° 30 | C12: 0.6 | D12: =$P$6*'[231]BRASIL '!D12+$Q$6*[231]FORTALEZA!D12+$R$6*[231]KAPIVARI!D12 -> 44.675167 | T12: =D14-D13 -> 8.4711833
B13: n° 50 | C13: 0.3 | D13: =$P$6*'[231]BRASIL '!D13+$Q$6*[231]FORTALEZA!D13+$R$6*[231]KAPIVARI!D13 -> 82.24935
B14: n° 100 | C14: 0.15 | D14: =$P$6*'[231]BRASIL '!D14+$Q$6*[231]FORTALEZA!D14+$R$6*[231]KAPIVARI!D14 -> 90.720533
A15: MÓDULO DE FINURA | D15: =SUM(D9:D14,D7)/100 -> 2.5622748
F18: Estudo da Areia

Sheet Quant. Pav Rodovia
A1: Código | B1: Descrição | C1: Unidade | D1: Quantidade | E1: Custo Unitário | F1: BDI % | G1: PREÇO R$ | H1: PREÇO TOTAL R$
A2: COMP | B2: PAVIMENTO DE CONCRETO - AREIA E BRITA COMERCIAIS (INCLUSO: VIBROACABADORA E MÁQUINA TEXTURIZADORA E APLICADORA DE CURA QUÍMICA EM PAVIMENTO DE CONCRETO) | C2: m³ | D2: ='MC CCP'!$O$27 -> 7809.4 | E2: 543.21 | F2: 22.79 | G2: =E2*(1+F2/100) -> 667.00756 | H2: =G2*D2 -> 5208928.8
A3: COMP | B3: TRANSPORTE LOCAL DE CONCRETO COM CAMINHÃO BETONEIRA E MANUTENÇÃO DE CAMINHO DE SERVIÇOS | C3: m3km | D3: =+'MC CCP'!T27 -> 14413.807 | E3: 3.06 | F3: 22.79 | G3: =E3*(1+F3/100) -> 3.757374 | H3: =G3*D3 -> 54158.062
A4: 4011536 | B4: MEMBRANA PLÁSTICA ISOLANTE E IMPERMEABILIZANTE COM ESPESSURA DE 0,2 MM - FORNECIMENTO E INSTALAÇÃO | C4: m² | D4: =+'MC CCP'!M27 -> 39047.031 | E4: 1.81 | F4: 22.79 | G4: =E4*(1+F4/100) -> 2.222499 | H4: =G4*D4 -> 86781.987
A5: 40380 | B5: IMPRIMAÇÃO | C5: m2 | D5: ='MC IMPR'!$M$45 -> 17974.556 | E5: 0.5 | F5: 22.79 | G5: =E5*(1+F5/100) -> 0.61395 | H5: =G5*D5 -> 11035.479
A6: 40435 | B6: TRANSPORTE LOCAL DE MATERIAL BETUMINOSO | C6: TKM | D6: ='MC IMPR'!V45 -> 32.751472 | E6: 3.32 | F6: 22.79 | G6: =E6*(1+F6/100) -> 4.076628 | H6: =G6*D6 -> 133.51557
A7: 40617 | B7: ESTABILIZAÇÃO BRITA GRADUADA TRATADA COM CIMENTO (BGTC) - USINA | C7: m3 | D7: ='MC BGTC'!O137 -> 295.91526 | E7: 241.92 | F7: 22.79 | G7: =E7*(1+F7/100) -> 297.05357 | H7: =G7*D7 -> 87902.684
A8: COMP | B8: ESTABILIZAÇÃO 50% FRESAGEM + 50% BRITA GRADUADA TRATADA COM CIMENTO (BGTC) - USINA | C8: m3 | D8: ='MC BGTC'!O117 -> 1841.5647 | E8: 241.92 | F8: 22.79 | G8: =E8*(1+F8/100) -> 297.05357 | H8: =G8*D8 -> 547043.36
A9: 40325 | B9: TRANSPORTE DA MISTURA | C9: m3km | D9: ='MC BGTC'!W117+'MC BGTC'!W137 -> 5920.4946 | E9: 3.06 | F9: 22.79 | G9: =E9*(1+F9/100) -> 3.757374 | H9: =G9*D9 -> 22245.512
A10: 40470 | B10: FRESAGEM CONTÍNUA Á FRIO | C10: m3 | D10: ='MC BGTC'!O98 -> 920.804 | E10: 9.09 | F10: 22.79 | G10: =E10*(1+F10/100) -> 11.161611 | H10: =G10*D10 -> 10277.656
A11: 40430 | B11: TRANSPORTE DE PAVIMENTO REMOVIDO | C11: m3km | D11: ='MC BGTC'!$W$98 -> 2270.5196 | E11: 3.48 | F11: 22.79 | G11: =E11*(1+F11/100) -> 4.273092 | H11: =G11*D11 -> 9702.1389
A12: 40310 | B12: REGULARIZAÇÃO E COMPACTAÇÃO DO SUBLEITO | C12: m2 | D12: ='MC Reg_Subleito'!L76 -> 16227.598 | E12: 2.74 | F12: 22.79 | G12: =E12*(1+F12/100) -> 3.364446 | H12: =G12*D12 -> 54596.877
A13: 40455 | B13: TRANSPORTE COMERCIAL DE AGREGADOS | C13: m3km | D13: =Transportes!L7+Transportes!L8+Transportes!L14 -> 490401.26 | E13: 1.5 | F13: 22.79 | G13: =E13*(1+F13/100) -> 1.84185 | H13: =G13*D13 -> 903245.56
A14: 40450 | B14: TRANSPORTE COMERCIAL DE CIMENTO / CAL / FILLER | C14: TKM | D14: =Transportes!L6+Transportes!L13 -> 533722.39 | E14: 0.84 | F14: 22.79 | G14: =E14*(1+F14/100) -> 1.031436 | H14: =G14*D14 -> 550500.48
A15: 40485 | B15: FORNECIMENTO DE EMULSÃO ASFÁLTICA PARA IMPRIMAÇÃO - EAI | C15: t | D15: ='MC IMPR'!Q45 -> 23.366923 | E15: 3906.2079 | F15: 11.25 | G15: =E15*(1+F15/100) -> 4345.6563 | H15: =G15*D15 -> 101544.62
A16: 40530 | B16: TRANSPORTE COMERCIAL DE MATERIAL BETUMINOSO | C16: tkm | D16: =D15*(243+3.74) -> 5765.5545 | E16: 205.04211 | F16: 11.25 | G16: =E16*(1+F16/100) -> 228.10935 | H16: =G16*D16 -> 1315176.9
A17: 40451 | B17: TRANSPORTE COMERCIAL DE MATERIAL BÁSICO | C17: tkm | D17: =Transportes!L18 -> 20399.36 | E17: 0.8 | F17: 22.79 | G17: =E17*(1+F17/100) -> 0.98232 | H17: =G17*D17 -> 20038.699
A18: 47050 | B18: TRANSPORTE LOCAL DE MATERIAL BÁSICO | C18: tkm | D18: =Transportes!L19 -> 163.14711 | E18: 1.53 | F18: 22.79 | G18: =E18*(1+F18/100) -> 1.878687 | H18: =G18*D18 -> 306.50236
A19: 4011537 | B19: SERRAGEM DE JUNTAS EM PAVIMENTO DE CONCRETO, LIMPEZA E ENCHIMENTO COM SELANTE A FRIO | C19: m | D19: ='MC serragem'!$M$34 -> 19679.64 | E19: 18.67 | F19: 22.79 | G19: =E19*(1+F19/100) -> 22.924893 | H19: =G19*D19 -> 451153.64
A20: 507225DERPR | B20: FORNECIMENTO E COLOCAÇÃO DE AÇO CA-50 PARA BARRAS DE TRANSFERÊNCIA Ø= 25 mm | C20: kg | D20: ='MCaço CA-25'!S34 -> 48029.726 | E20: 9.0737 | F20: 22.79 | G20: =E20*(1+F20/100) -> 11.141596 | H20: =G20*D20 -> 535127.81
A21: 507210DERPR | B21: FORNECIMENTO E COLOCAÇÃO DE AÇO CA-50 PARA BARRAS DE LIGAÇÃO | C21: kg | D21: ='MCaço CA-50'!P7 -> 5621.1897 | E21: 8.0258 | F21: 22.79 | G21: =E21*(1+F21/100) -> 9.8548798 | H21: =G21*D21 -> 55396.149
A22: 0407743DN | B22: TRELIÇA NERVURADA TRÊS BARRAS LONGITUDINAIS INTERLIGADAS POR DUAS DIAGONAIS SINUSOIDAL - FORNECIMENTO E INSTALAÇÃO | C22: kg | D22: =MCtreliça!P28 -> 34742.186 | E22: 15.207 | F22: 22.79 | G22: =E22*(1+F22/100) -> 18.672675 | H22: =G22*D22 -> 648729.57
A23: 261610CC | B23: Pintura esmalte Alquidico estrutura metálica 1 demão ( para barra de Transferência) | C23: m2 | D23: ='MCaço CA-25'!M63 -> 528.41424 | F23: 22.79
H24: =SUM(H2:H22) -> 10674026

Sheet Modelo 1.0 - NS
L1: * | N1: ISC (%) | O1: EXP (%) | P1: FUNDO | Q1: Área de Regul. Subleito | R1: REGIÃO | S1: ÁREA DO FUNDO ATERRO E CORTE | T1: ÁREA REBAIXO DE ATERRO | U1: ÁREA CAMADA FINAL (ATERRO) | V1: ÁREA REBAIXO DE CORTE | W1: * | X1: 0 | Y1: REGIÃO ESPECIAL (AOE) | Z1: * | AH1: * | AQ1: NS
A2: LADO ESQUERDO | F2: EIXO | J2: LADO DIREITO | X2: 1 | Y2: CORTE | AQ2: LADO ESQUERDO | AS2: LADO DIREITO
A3: Offset | B3: Bordo | F3: Estaca | G3: Cota Projeto | H3: Cota Terreno | I3: Cota Vermelha | J3: Bordo | K3: Offset | X3: 2 | Y3: ATERRO 100% (<=0,60m) | AA3: FUNDAÇÃO DE ATERRO (<=0,60m) 100% PN | AI3: ATERRO (<=3,00m) 95% PN | AQ3: Offset | AR3: Bordo | AS3: Bordo | AT3: Offset | AV3: LARGURA ÚTIL PARA EMPRÉSTIMOS LATERAIS
A4: afast. (m) | B4: afast. (m) | J4: afast. (m) | K4: afast. (m) | X4: 2A | Y4: ATERRO 95/100% (<=3,00m) | AQ4: afast. (m) | AR4: afast. (m) | AS4: afast. (m) | AT4: afast. (m)
A5: Nota de Serviço | N5: 0.07 | O5: 0.04 | X5: 2B | Y5: ATERRO 95/100% (S/*. COMP. FUNDO) | AA5: CODi | AB5: Nº - FA | AC5: CODf | AD5: Nº - FA | AE5: VOLUME | AF5: PARCIAL | AG5: ACUM. | AI5: CODi | AJ5: Nº - FAA | AK5: CODf | AL5: Nº - FAA | AM5: VOLUME | AN5: PARCIAL | AO5: ACUM. | AV5: ESTACA | AW5: FX CERCA | AX5: OFFSET | AY5: FAIXA | BA5: offset esq | BB5: SALDO | BD5: offset dir | BE5: SALDO
A6: 5.984 | B6: 5.95 | C6: 45 | D6: + | E6: 10 | F6: 45+10.000 | G6: 780.988 | H6: 781.042 | I6: -0.054 | J6: 0 | K6: 0 | N6: 0.1 | O6: 0 | P6: TER | Q6: =IF(R6=0,0,ROUND(B6+J6,2)*0.2) -> 1.19 | R6: =IF(C6="",NA(),IFERROR(IF(I6<=0,$X$2,IF(I6<=0.6,$X$3,IF(I6<=3,$X$4,IF(I6>3,$X$5)))),$X$1)) -> 1 | S6: =IFERROR(IF(OR(R6=$X$1,R6=$X$5),0,IF(I6<0,(AR6+AS6)*0.2,(AQ6+AR6+AS6+AT6)*0.2)),0) -> 1.19 | T6: =IFERROR(IF(OR(R6=$X$2,AR6+AS6=0),0,IF(I6>=0,ROUND((AR6+AS6+0.6*1.5)*(0.2),2),0)),0) -> 0 | U6: =IFERROR(IF(OR(R6=$X$2,AR6+AS6=0),0,IF(I6>=0,ROUND((AR6+AS6+0.6*1.5)*(0.6),2),0)),0) -> 0 | V6: =IFERROR(IF(R6=$X$2,IF(N6<=$N$5,(AR6+AS6)*0.2,(AR6+AS6)*0.2),0),0) -> 1.19 | X6: =(C52*20+E52)-(C6*20+E6) -> 400 | AA6: =IF(AB6=0,"","FA-RET01."&COUNTIF(AB$6:$AB6,1)) | AB6: =IF(AND(AF7>=0,AF6=1,AF5<>"",AF5<>1),1,0) -> 0 | AD6: =IF(AND(AF7=0,AF6<>0,AF5<>""),1,0) -> 0 | AE6: =IF(R6=$X$3,IFERROR(ROUND(IFERROR((C6*20+E6)-(C5*20+E5),"")/2*(S5+S6),2),0),0) -> 0 | AF6: =IF(R6=$X$3,1,0) -> 0 | AG6: =IFERROR(IF(AC5<>"",0,AE6+AG5),0) -> 0 | AI6: =IF(AJ6=0,"","FAA-RET01."&COUNTIF($AJ$6:AJ6,1)) | AJ6: =IF(AND(AN7>=0,AN6=1,AN5<>"",AN5<>1),1,0) -> 0 | AL6: =IF(AND(AN7=0,AN6<>0,AN5<>""),1,0) -> 0 | AM6: =IF(R6=$X$4,IFERROR(ROUND(IFERROR((C6*20+E6)-(C5*20+E5),"")/2*(S5+S6),2),0),0) -> 0 | AN6: =IF(R6=$X$4,1,0) -> 0 | AO6: =IFERROR(IF(AK5<>"",0,AM6+AO5),0) -> 0 | AQ6: =IF(A6-B6<0,0,A6-B6) -> 0.034 | AR6: =B6 -> 5.95 | AS6: =J6 -> 0 | AT6: =IF(K6-J6<0,0,K6-J6) -> 0 | AV6: 5 | AW6: 2.5 | AX6: 5 | AY6: 40 | AZ6: 15.212 | BA6: =A6 -> 5.984 | BB6: =AY6-AW6-AX6-BA6 -> 26.516 | BD6: =K6 -> 0 | BE6: =AY6-AW6-AX6-BD6 -> 32.5 | BF6: 10 | BG6: =MATCH(BF6,AV6:AV23,0) -> 6
A7: 6.242 | B7: 5.95 | C7: 46 | D7: + | E7: 0 | F7: 46+0.000 | G7: 781.027 | H7: 780.886 | I7: 0.141 | J7: 9.525 | K7: 11.286 | N7: 0.1 | O7: 0 | P7: TER | Q7: =IF(R7=0,0,ROUND(B7+J7+8,2)*0.2) -> 4.696 | R7: =IF(C7="",NA(),IFERROR(IF(I7<=0,$X$2,IF(I7<=0.6,$X$3,IF(I7<=3,$X$4,IF(I7>3,$X$5)))),$X$1)) -> 2 | S7: =IFERROR(IF(OR(R7=$X$1,R7=$X$5),0,IF(I7<0,(AR7+AS7)*0.2,(AQ7+AR7+AS7+AT7)*0.2)),0) -> 3.5056 | T7: =IFERROR(IF(OR(R7=$X$2,AR7+AS7=0),0,IF(I7>=0,ROUND((AR7+AS7+0.6*1.5)*(0.2),2),0)),0) -> 3.28 | U7: =IFERROR(IF(OR(R7=$X$2,AR7+AS7=0),0,IF(I7>=0,ROUND((AR7+AS7+0.6*1.5)*(0.6),2),0)),0) -> 9.83 | V7: =IFERROR(IF(R7=$X$2,IF(N7<=$N$5,(AR7+AS7)*0.2,(AR7+AS7)*0.2),0),0) -> 0 | X7: =C73*20+E73 -> 190 | AA7: =IF(AB7=0,"","FA-RET01."&COUNTIF(AB$6:$AB7,1)) -> FA-RET01.1 | AB7: =IF(AND(AF8>=0,AF7=1,AF6<>"",AF6<>1),1,0) -> 1 | AC7: =IF(AD7=0,"","FA-RET01."&COUNTIF(AD$6:$AD7,1)) | AD7: =IF(AND(AF8=0,AF7<>0,AF6<>""),1,0) -> 0 | AE7: =IF(R7=$X$3,IFERROR(ROUND(IFERROR((C7*20+E7)-(C6*20+E6),"")/2*(S6+S7),2),0),0) -> 23.48 | AF7: =IF(R7=$X$3,1,0) -> 1 | AG7: =IFERROR(IF(AC6<>"",0,AE7+AG6),0) -> 23.48 | AI7: =IF(AJ7=0,"","FAA-RET01."&COUNTIF($AJ$6:AJ7,1)) | AJ7: =IF(AND(AN8>=0,AN7=1,AN6<>"",AN6<>1),1,0) -> 0 | AK7: =IF(AL6=0,"","FAA-RET01."&COUNTIF(AL$6:$AL7,1)) | AL7: =IF(AND(AN8=0,AN7<>0,AN6<>""),1,0) -> 0 | AM7: =IF(R7=$X$4,IFERROR(ROUND(IFERROR((C7*20+E7)-(C6*20+E6),"")/2*(S6+S7),2),0),0) -> 0 | AN7: =IF(R7=$X$4,1,0) -> 0 | AO7: =IFERROR(IF(AK6<>"",0,AM7+AO6),0) -> 0 | AQ7: =IF(A7-B7<0,0,A7-B7) -> 0.292 | AR7: =B7 -> 5.95 | AS7: =J7 -> 9.525 | AT7: =IF(K7-J7<0,0,K7-J7) -> 1.761 | AV7: 6 | AW7: 2.5 | AX7: 5 | AY7: 40 | AZ7: 15.366 | BA7: =A7 -> 6.242 | BB7: =AY7-AW7-AX7-BA7 -> 26.258 | BD7: =K7 -> 11.286 | BE7: =AY7-AW7-AX7-BD7 -> 21.214
A8: 6.257 | B8: 5.95 | C8: 46 | D8: + | E8: 10 | F8: 46+10.000 | G8: 781.067 | H8: 780.904 | I8: 0.163 | J8: 9.525 | K8: 11.207 | N8: 0.1 | O8: 0 | P8: TER | Q8: =IF(R8=0,0,ROUND(B8+J8+8,2)*0.2) -> 4.696 | R8: =IF(C8="",NA(),IFERROR(IF(I8<=0,$X$2,IF(I8<=0.6,$X$3,IF(I8<=3,$X$4,IF(I8>3,$X$5)))),$X$1)) -> 2 | S8: =IFERROR(IF(OR(R8=$X$1,R8=$X$5),0,IF(I8<0,(AR8+AS8)*0.2,(AQ8+AR8+AS8+AT8)*0.2)),0) -> 3.4928 | T8: =IFERROR(IF(OR(R8=$X$2,AR8+AS8=0),0,IF(I8>=0,ROUND((AR8+AS8+0.6*1.5)*(0.2),2),0)),0) -> 3.28 | U8: =IFERROR(IF(OR(R8=$X$2,AR8+AS8=0),0,IF(I8>=0,ROUND((AR8+AS8+0.6*1.5)*(0.6),2),0)),0) -> 9.83 | V8: =IFERROR(IF(R8=$X$2,IF(N8<=$N$5,(AR8+AS8)*0.2,(AR8+AS8)*0.2),0),0) -> 0 | X8: =(C87*20+E87)-(C75*20+E75) -> 120 | AA8: =IF(AB8=0,"","FA-RET01."&COUNTIF(AB$6:$AB8,1)) | AB8: =IF(AND(AF9>=0,AF8=1,AF7<>"",AF7<>1),1,0) -> 0 | AC8: =IF(AD8=0,"","FA-RET01."&COUNTIF(AD$6:$AD8,1)) | AD8: =IF(AND(AF9=0,AF8<>0,AF7<>""),1,0) -> 0 | AE8: =IF(R8=$X$3,IFERROR(ROUND(IFERROR((C8*20+E8)-(C7*20+E7),"")/2*(S7+S8),2),0),0) -> 34.99 | AF8: =IF(R8=$X$3,1,0) -> 1 | AG8: =IFERROR(IF(AC7<>"",0,AE8+AG7),0) -> 58.47 | AI8: =IF(AJ8=0,"","FAA-RET01."&COUNTIF($AJ$6:AJ8,1)) | AJ8: =IF(AND(AN9>=0,AN8=1,AN7<>"",AN7<>1),1,0) -> 0 | AK8: =IF(AL7=0,"","FAA-RET01."&COUNTIF(AL$6:$AL8,1)) | AL8: =IF(AND(AN9=0,AN8<>0,AN7<>""),1,0) -> 0 | AM8: =IF(R8=$X$4,IFERROR(ROUND(IFERROR((C8*20+E8)-(C7*20+E7),"")/2*(S7+S8),2),0),0) -> 0 | AN8: =IF(R8=$X$4,1,0) -> 0 | AO8: =IFERROR(IF(AK7<>"",0,AM8+AO7),0) -> 0 | AQ8: =IF(A8-B8<0,0,A8-B8) -> 0.307 | AR8: =B8 -> 5.95 | AS8: =J8 -> 9.525 | AT8: =IF(K8-J8<0,0,K8-J8) -> 1.682 | AV8: 7 | AW8: 2.5 | AX8: 5 | AY8: 40 | AZ8: 15.608 | BA8: =A8 -> 6.257 | BB8: =AY8-AW8-AX8-BA8 -> 26.243 | BD8: =K8 -> 11.207 | BE8: =AY8-AW8-AX8-BD8 -> 21.293
A9: 6.237 | B9: 5.95 | C9: 47 | D9: + | E9: 0 | F9: 47+0.000 | G9: 781.11 | H9: 781.002 | I9: 0.108 | J9: 9.525 | K9: 11.119 | N9: 0.1 | O9: 0 | P9: TER | Q9: =IF(R9=0,0,ROUND(B9+J9+8,2)*0.2) -> 4.696 | R9: =IF(C9="",NA(),IFERROR(IF(I9<=0,$X$2,IF(I9<=0.6,$X$3,IF(I9<=3,$X$4,IF(I9>3,$X$5)))),$X$1)) -> 2 | S9: =IFERROR(IF(OR(R9=$X$1,R9=$X$5),0,IF(I9<0,(AR9+AS9)*0.2,(AQ9+AR9+AS9+AT9)*0.2)),0) -> 3.4712 | T9: =IFERROR(IF(OR(R9=$X$2,AR9+AS9=0),0,IF(I9>=0,ROUND((AR9+AS9+0.6*1.5)*(0.2),2),0)),0) -> 3.28 | U9: =IFERROR(IF(OR(R9=$X$2,AR9+AS9=0),0,IF(I9>=0,ROUND((AR9+AS9+0.6*1.5)*(0.6),2),0)),0) -> 9.83 | V9: =IFERROR(IF(R9=$X$2,IF(N9<=$N$5,(AR9+AS9)*0.2,(AR9+AS9)*0.2),0),0) -> 0 | X9: =(C114*20+E114)-(C89*20+E89) -> 250 | AA9: =IF(AB9=0,"","FA-RET01."&COUNTIF(AB$6:$AB9,1)) | AB9: =IF(AND(AF10>=0,AF9=1,AF8<>"",AF8<>1),1,0) -> 0 | AC9: =IF(AD9=0,"","FA-RET01."&COUNTIF(AD$6:$AD9,1)) | AD9: =IF(AND(AF10=0,AF9<>0,AF8<>""),1,0) -> 0 | AE9: =IF(R9=$X$3,IFERROR(ROUND(IFERROR((C9*20+E9)-(C8*20+E8),"")/2*(S8+S9),2),0),0) -> 34.82 | AF9: =IF(R9=$X$3,1,0) -> 1 | AG9: =IFERROR(IF(AC8<>"",0,AE9+AG8),0) -> 93.29 | AI9: =IF(AJ9=0,"","FAA-RET01."&COUNTIF($AJ$6:AJ9,1)) | AJ9: =IF(AND(AN10>=0,AN9=1,AN8<>"",AN8<>1),1,0) -> 0 | AK9: =IF(AL8=0,"","FAA-RET01."&COUNTIF(AL$6:$AL9,1)) | AL9: =IF(AND(AN10=0,AN9<>0,AN8<>""),1,0) -> 0 | AM9: =IF(R9=$X$4,IFERROR(ROUND(IFERROR((C9*20+E9)-(C8*20+E8),"")/2*(S8+S9),2),0),0) -> 0 | AN9: =IF(R9=$X$4,1,0) -> 0 | AO9: =IFERROR(IF(AK8<>"",0,AM9+AO8),0) -> 0 | AQ9: =IF(A9-B9<0,0,A9-B9) -> 0.287 | AR9: =B9 -> 5.95 | AS9: =J9 -> 9.525 | AT9: =IF(K9-J9<0,0,K9-J9) -> 1.594 | AV9: 8 | AW9: 2.5 | AX9: 5 | AY9: 40 | AZ9: 15.938 | BA9: =A9 -> 6.237 | BB9: =AY9-AW9-AX9-BA9 -> 26.263 | BD9: =K9 -> 11.119 | BE9: =AY9-AW9-AX9-BD9 -> 21.381
A10: 6.187 | B10: 5.95 | C10: 47 | D10: + | E10: 10 | F10: 47+10.000 | G10: 781.163 | H10: 781.096 | I10: 0.067 | J10: 9.525 | K10: 11.001 | N10: 0.1 | O10: 0 | P10: TER | Q10: =IF(R10=0,0,ROUND(B10+J10+8,2)*0.2) -> 4.696 | R10: =IF(C10="",NA(),IFERROR(IF(I10<=0,$X$2,IF(I10<=0.6,$X$3,IF(I10<=3,$X$4,IF(I10>3,$X$5)))),$X$1)) -> 2 | S10: =IFERROR(IF(OR(R10=$X$1,R10=$X$5),0,IF(I10<0,(AR10+AS10)*0.2,(AQ10+AR10+AS10+AT10)*0.2)),0) -> 3.4376 | T10: =IFERROR(IF(OR(R10=$X$2,AR10+AS10=0),0,IF(I10>=0,ROUND((AR10+AS10+0.6*1.5)*(0.2),2),0)),0) -> 3.28 | U10: =IFERROR(IF(OR(R10=$X$2,AR10+AS10=0),0,IF(I10>=0,ROUND((AR10+AS10+0.6*1.5)*(0.6),2),0)),0) -> 9.83 | V10: =IFERROR(IF(R10=$X$2,IF(N10<=$N$5,(AR10+AS10)*0.2,(AR10+AS10)*0.2),0),0) -> 0 | X10: =SUM(X6:X9)/1000 -> 0.96 | Y10: KM | AA10: =IF(AB10=0,"","FA-RET01."&COUNTIF(AB$6:$AB10,1)) | AB10: =IF(AND(AF11>=0,AF10=1,AF9<>"",AF9<>1),1,0) -> 0 | AC10: =IF(AD10=0,"","FA-RET01."&COUNTIF(AD$6:$AD10,1)) | AD10: =IF(AND(AF11=0,AF10<>0,AF9<>""),1,0) -> 0 | AE10: =IF(R10=$X$3,IFERROR(ROUND(IFERROR((C10*20+E10)-(C9*20+E9),"")/2*(S9+S10),2),0),0) -> 34.54 | AF10: =IF(R10=$X$3,1,0) -> 1 | AG10: =IFERROR(IF(AC9<>"",0,AE10+AG9),0) -> 127.83 | AI10: =IF(AJ10=0,"","FAA-RET01."&COUNTIF($AJ$6:AJ10,1)) | AJ10: =IF(AND(AN11>=0,AN10=1,AN9<>"",AN9<>1),1,0) -> 0 | AK10: =IF(AL9=0,"","FAA-RET01."&COUNTIF(AL$6:$AL10,1)) | AL10: =IF(AND(AN11=0,AN10<>0,AN9<>""),1,0) -> 0 | AM10: =IF(R10=$X$4,IFERROR(ROUND(IFERROR((C10*20+E10)-(C9*20+E9),"")/2*(S9+S10),2),0),0) -> 0 | AN10: =IF(R10=$X$4,1,0) -> 0 | AO10: =IFERROR(IF(AK9<>"",0,AM10+AO9),0) -> 0 | AQ10: =IF(A10-B10<0,0,A10-B10) -> 0.237 | AR10: =B10 -> 5.95 | AS10: =J10 -> 9.525 | AT10: =IF(K10-J10<0,0,K10-J10) -> 1.476 | AV10: 9 | AW10: 2.5 | AX10: 5 | AY10: 40 | AZ10: 16.356 | BA10: =A10 -> 6.187 | BB10: =AY10-AW10-AX10-BA10 -> 26.313 | BD10: =K10 -> 11.001 | BE10: =AY10-AW10-AX10-BD10 -> 21.499
A11: 6.125 | B11: 5.95 | C11: 48 | D11: + | E11: 0 | F11: 48+0.000 | G11: 781.226 | H11: 781.199 | I11: 0.027 | J11: 9.525 | K11: 10.845 | N11: 0.1 | O11: 0 | P11: TER | Q11: =IF(R11=0,0,ROUND(B11+J11+8,2)*0.2) -> 4.696 | R11: =IF(C11="",NA(),IFERROR(IF(I11<=0,$X$2,IF(I11<=0.6,$X$3,IF(I11<=3,$X$4,IF(I11>3,$X$5)))),$X$1)) -> 2 | S11: =IFERROR(IF(OR(R11=$X$1,R11=$X$5),0,IF(I11<0,(AR11+AS11)*0.2,(AQ11+AR11+AS11+AT11)*0.2)),0) -> 3.394 | T11: =IFERROR(IF(OR(R11=$X$2,AR11+AS11=0),0,IF(I11>=0,ROUND((AR11+AS11+0.6*1.5)*(0.2),2),0)),0) -> 3.28 | U11: =IFERROR(IF(OR(R11=$X$2,AR11+AS11=0),0,IF(I11>=0,ROUND((AR11+AS11+0.6*1.5)*(0.6),2),0)),0) -> 9.83 | V11: =IFERROR(IF(R11=$X$2,IF(N11<=$N$5,(AR11+AS11)*0.2,(AR11+AS11)*0.2),0),0) -> 0 | AA11: =IF(AB11=0,"","FA-RET01."&COUNTIF(AB$6:$AB11,1)) | AB11: =IF(AND(AF12>=0,AF11=1,AF10<>"",AF10<>1),1,0) -> 0 | AC11: =IF(AD11=0,"","FA-RET01."&COUNTIF(AD$6:$AD11,1)) | AD11: =IF(AND(AF12=0,AF11<>0,AF10<>""),1,0) -> 0 | AE11: =IF(R11=$X$3,IFERROR(ROUND(IFERROR((C11*20+E11)-(C10*20+E10),"")/2*(S10+S11),2),0),0) -> 34.16 | AF11: =IF(R11=$X$3,1,0) -> 1 | AG11: =IFERROR(IF(AC10<>"",0,AE11+AG10),0) -> 161.99 | AI11: =IF(AJ11=0,"","FAA-RET01."&COUNTIF($AJ$6:AJ11,1)) | AJ11: =IF(AND(AN12>=0,AN11=1,AN10<>"",AN10<>1),1,0) -> 0 | AK11: =IF(AL10=0,"","FAA-RET01."&COUNTIF(AL$6:$AL11,1)) | AL11: =IF(AND(AN12=0,AN11<>0,AN10<>""),1,0) -> 0 | AM11: =IF(R11=$X$4,IFERROR(ROUND(IFERROR((C11*20+E11)-(C10*20+E10),"")/2*(S10+S11),2),0),0) -> 0 | AN11: =IF(R11=$X$4,1,0) -> 0 | AO11: =IFERROR(IF(AK10<>"",0,AM11+AO10),0) -> 0 | AQ11: =IF(A11-B11<0,0,A11-B11) -> 0.175 | AR11: =B11 -> 5.95 | AS11: =J11 -> 9.525 | AT11: =IF(K11-J11<0,0,K11-J11) -> 1.32 | AV11: 10 | AW11: 2.5 | AX11: 5 | AY11: 40 | AZ11: 16.862 | BA11: =A11 -> 6.125 | BB11: =AY11-AW11-AX11-BA11 -> 26.375 | BD11: =K11 -> 10.845 | BE11: =AY11-AW11-AX11-BD11 -> 21.655
A12: 6.06 | B12: 5.95 | C12: 48 | D12: + | E12: 10 | F12: 48+10.000 | G12: 781.297 | H12: 781.26 | I12: 0.037 | J12: 9.525 | K12: 10.794 | N12: 0.1 | O12: 0.00076318419 | P12: TER | Q12: =IF(R12=0,0,ROUND(B12+J12+8,2)*0.2) -> 4.696 | R12: =IF(C12="",NA(),IFERROR(IF(I12<=0,$X$2,IF(I12<=0.6,$X$3,IF(I12<=3,$X$4,IF(I12>3,$X$5)))),$X$1)) -> 2 | S12: =IFERROR(IF(OR(R12=$X$1,R12=$X$5),0,IF(I12<0,(AR12+AS12)*0.2,(AQ12+AR12+AS12+AT12)*0.2)),0) -> 3.3708 | T12: =IFERROR(IF(OR(R12=$X$2,AR12+AS12=0),0,IF(I12>=0,ROUND((AR12+AS12+0.6*1.5)*(0.2),2),0)),0) -> 3.28 | U12: =IFERROR(IF(OR(R12=$X$2,AR12+AS12=0),0,IF(I12>=0,ROUND((AR12+AS12+0.6*1.5)*(0.6),2),0)),0) -> 9.83 | V12: =IFERROR(IF(R12=$X$2,IF(N12<=$N$5,(AR12+AS12)*0.2,(AR12+AS12)*0.2),0),0) -> 0 | AA12: =IF(AB12=0,"","FA-RET01."&COUNTIF(AB$6:$AB12,1)) | AB12: =IF(AND(AF13>=0,AF12=1,AF11<>"",AF11<>1),1,0) -> 0 | AC12: =IF(AD12=0,"","FA-RET01."&COUNTIF(AD$6:$AD12,1)) | AD12: =IF(AND(AF13=0,AF12<>0,AF11<>""),1,0) -> 0 | AE12: =IF(R12=$X$3,IFERROR(ROUND(IFERROR((C12*20+E12)-(C11*20+E11),"")/2*(S11+S12),2),0),0) -> 33.82 | AF12: =IF(R12=$X$3,1,0) -> 1 | AG12: =IFERROR(IF(AC11<>"",0,AE12+AG11),0) -> 195.81 | AI12: =IF(AJ12=0,"","FAA-RET01."&COUNTIF($AJ$6:AJ12,1)) | AJ12: =IF(AND(AN13>=0,AN12=1,AN11<>"",AN11<>1),1,0) -> 0 | AK12: =IF(AL11=0,"","FAA-RET01."&COUNTIF(AL$6:$AL12,1)) | AL12: =IF(AND(AN13=0,AN12<>0,AN11<>""),1,0) -> 0 | AM12: =IF(R12=$X$4,IFERROR(ROUND(IFERROR((C12*20+E12)-(C11*20+E11),"")/2*(S11+S12),2),0),0) -> 0 | AN12: =IF(R12=$X$4,1,0) -> 0 | AO12: =IFERROR(IF(AK11<>"",0,AM12+AO11),0) -> 0 | AQ12: =IF(A12-B12<0,0,A12-B12) -> 0.11 | AR12: =B12 -> 5.95 | AS12: =J12 -> 9.525 | AT12: =IF(K12-J12<0,0,K12-J12) -> 1.269 | AV12: 11 | AW12: 2.5 | AX12: 5 | AY12: 40 | AZ12: 17.311 | BA12: =A12 -> 6.06 | BB12: =AY12-AW12-AX12-BA12 -> 26.44 | BD12: =K12 -> 10.794 | BE12: =AY12-AW12-AX12-BD12 -> 21.706
A13: 5.959 | B13: 5.95 | C13: 49 | D13: + | E13: 0 | F13: 49+0.000 | G13: 781.377 | H13: 781.269 | I13: 0.108 | J13: 9.525 | K13: 10.722 | N13: 0.1 | O13: 0.00076318419 | P13: TER | Q13: =IF(R13=0,0,ROUND(B13+J13+8,2)*0.2) -> 4.696 | R13: =IF(C13="",NA(),IFERROR(IF(I13<=0,$X$2,IF(I13<=0.6,$X$3,IF(I13<=3,$X$4,IF(I13>3,$X$5)))),$X$1)) -> 2 | S13: =IFERROR(IF(OR(R13=$X$1,R13=$X$5),0,IF(I13<0,(AR13+AS13)*0.2,(AQ13+AR13+AS13+AT13)*0.2)),0) -> 3.3362 | T13: =IFERROR(IF(OR(R13=$X$2,AR13+AS13=0),0,IF(I13>=0,ROUND((AR13+AS13+0.6*1.5)*(0.2),2),0)),0) -> 3.28 | U13: =IFERROR(IF(OR(R13=$X$2,AR13+AS13=0),0,IF(I13>=0,ROUND((AR13+AS13+0.6*1.5)*(0.6),2),0)),0) -> 9.83 | V13: =IFERROR(IF(R13=$X$2,IF(N13<=$N$5,(AR13+AS13)*0.2,(AR13+AS13)*0.2),0),0) -> 0 | AA13: =IF(AB13=0,"","FA-RET01."&COUNTIF(AB$6:$AB13,1)) | AB13: =IF(AND(AF14>=0,AF13=1,AF12<>"",AF12<>1),1,0) -> 0 | AC13: =IF(AD13=0,"","FA-RET01."&COUNTIF(AD$6:$AD13,1)) | AD13: =IF(AND(AF14=0,AF13<>0,AF12<>""),1,0) -> 0 | AE13: =IF(R13=$X$3,IFERROR(ROUND(IFERROR((C13*20+E13)-(C12*20+E12),"")/2*(S12+S13),2),0),0) -> 33.54 | AF13: =IF(R13=$X$3,1,0) -> 1 | AG13: =IFERROR(IF(AC12<>"",0,AE13+AG12),0) -> 229.35 | AI13: =IF(AJ13=0,"","FAA-RET01."&COUNTIF($AJ$6:AJ13,1)) | AJ13: =IF(AND(AN14>=0,AN13=1,AN12<>"",AN12<>1),1,0) -> 0 | AK13: =IF(AL12=0,"","FAA-RET01."&COUNTIF(AL$6:$AL13,1)) | AL13: =IF(AND(AN14=0,AN13<>0,AN12<>""),1,0) -> 0 | AM13: =IF(R13=$X$4,IFERROR(ROUND(IFERROR((C13*20+E13)-(C12*20+E12),"")/2*(S12+S13),2),0),0) -> 0 | AN13: =IF(R13=$X$4,1,0) -> 0 | AO13: =IFERROR(IF(AK12<>"",0,AM13+AO12),0) -> 0 | AQ13: =IF(A13-B13<0,0,A13-B13) -> 0.009 | AR13: =B13 -> 5.95 | AS13: =J13 -> 9.525 | AT13: =IF(K13-J13<0,0,K13-J13) -> 1.197 | AV13: 12 | AW13: 2.5 | AX13: 5 | AY13: 40 | AZ13: 17.575 | BA13: =A13 -> 5.959 | BB13: =AY13-AW13-AX13-BA13 -> 26.541 | BD13: =K13 -> 10.722 | BE13: =AY13-AW13-AX13-BD13 -> 21.778
A14: 6.004 | B14: 5.95 | C14: 49 | D14: + | E14: 10 | F14: 49+10.000 | G14: 781.467 | H14: 781.349 | I14: 0.118 | J14: 9.525 | K14: 10.652 | N14: 0.1 | O14: 0.00076318419 | P14: TER | Q14: =IF(R14=0,0,ROUND(B14+J14+8,2)*0.2) -> 4.696 | R14: =IF(C14="",NA(),IFERROR(IF(I14<=0,$X$2,IF(I14<=0.6,$X$3,IF(I14<=3,$X$4,IF(I14>3,$X$5)))),$X$1)) -> 2 | S14: =IFERROR(IF(OR(R14=$X$1,R14=$X$5),0,IF(I14<0,(AR14+AS14)*0.2,(AQ14+AR14+AS14+AT14)*0.2)),0) -> 3.3312 | T14: =IFERROR(IF(OR(R14=$X$2,AR14+AS14=0),0,IF(I14>=0,ROUND((AR14+AS14+0.6*1.5)*(0.2),2),0)),0) -> 3.28 | U14: =IFERROR(IF(OR(R14=$X$2,AR14+AS14=0),0,IF(I14>=0,ROUND((AR14+AS14+0.6*1.5)*(0.6),2),0)),0) -> 9.83 | V14: =IFERROR(IF(R14=$X$2,IF(N14<=$N$5,(AR14+AS14)*0.2,(AR14+AS14)*0.2),0),0) -> 0 | AA14: =IF(AB14=0,"","FA-RET01."&COUNTIF(AB$6:$AB14,1)) | AB14: =IF(AND(AF15>=0,AF14=1,AF13<>"",AF13<>1),1,0) -> 0 | AC14: =IF(AD14=0,"","FA-RET01."&COUNTIF(AD$6:$AD14,1)) | AD14: =IF(AND(AF15=0,AF14<>0,AF13<>""),1,0) -> 0 | AE14: =IF(R14=$X$3,IFERROR(ROUND(IFERROR((C14*20+E14)-(C13*20+E13),"")/2*(S13+S14),2),0),0) -> 33.34 | AF14: =IF(R14=$X$3,1,0) -> 1 | AG14: =IFERROR(IF(AC13<>"",0,AE14+AG13),0) -> 262.69 | AI14: =IF(AJ14=0,"","FAA-RET01."&COUNTIF($AJ$6:AJ14,1)) | AJ14: =IF(AND(AN15>=0,AN14=1,AN13<>"",AN13<>1),1,0) -> 0 | AK14: =IF(AL13=0,"","FAA-RET01."&COUNTIF(AL$6:$AL14,1)) | AL14: =IF(AND(AN15=0,AN14<>0,AN13<>""),1,0) -> 0 | AM14: =IF(R14=$X$4,IFERROR(ROUND(IFERROR((C14*20+E14)-(C13*20+E13),"")/2*(S13+S14),2),0),0) -> 0 | AN14: =IF(R14=$X$4,1,0) -> 0 | AO14: =IFERROR(IF(AK13<>"",0,AM14+AO13),0) -> 0 | AQ14: =IF(A14-B14<0,0,A14-B14) -> 0.054 | AR14: =B14 -> 5.95 | AS14: =J14 -> 9.525 | AT14: =IF(K14-J14<0,0,K14-J14) -> 1.127 | AV14: 13 | AW14: 2.5 | AX14: 5 | AY14: 40 | AZ14: 18.04 | BA14: =A14 -> 6.004 | BB14: =AY14-AW14-AX14-BA14 -> 26.496 | BD14: =K14 -> 10.652 | BE14: =AY14-AW14-AX14-BD14 -> 21.848
A15: 5.988 | B15: 5.95 | C15: 50 | D15: + | E15: 0 | F15: 50+0.000 | G15: 781.566 | H15: 781.431 | I15: 0.135 | J15: 9.525 | K15: 10.587 | N15: 0.1 | O15: 0.00076318419 | P15: TER | Q15: =IF(R15=0,0,ROUND(B15+J15+8,2)*0.2) -> 4.696 | R15: =IF(C15="",NA(),IFERROR(IF(I15<=0,$X$2,IF(I15<=0.6,$X$3,IF(I15<=3,$X$4,IF(I15>3,$X$5)))),$X$1)) -> 2 | S15: =IFERROR(IF(OR(R15=$X$1,R15=$X$5),0,IF(I15<0,(AR15+AS15)*0.2,(AQ15+AR15+AS15+AT15)*0.2)),0) -> 3.315 | T15: =IFERROR(IF(OR(R15=$X$2,AR15+AS15=0),0,IF(I15>=0,ROUND((AR15+AS15+0.6*1.5)*(0.2),2),0)),0) -> 3.28 | U15: =IFERROR(IF(OR(R15=$X$2,AR15+AS15=0),0,IF(I15>=0,ROUND((AR15+AS15+0.6*1.5)*(0.6),2),0)),0) -> 9.83 | V15: =IFERROR(IF(R15=$X$2,IF(N15<=$N$5,(AR15+AS15)*0.2,(AR15+AS15)*0.2),0),0) -> 0 | AA15: =IF(AB15=0,"","FA-RET01."&COUNTIF(AB$6:$AB15,1)) | AB15: =IF(AND(AF16>=0,AF15=1,AF14<>"",AF14<>1),1,0) -> 0 | AC15: =IF(AD15=0,"","FA-RET01."&COUNTIF(AD$6:$AD15,1)) | AD15: =IF(AND(AF16=0,AF15<>0,AF14<>""),1,0) -> 0 | AE15: =IF(R15=$X$3,IFERROR(ROUND(IFERROR((C15*20+E15)-(C14*20+E14),"")/2*(S14+S15),2),0),0) -> 33.23 | AF15: =IF(R15=$X$3,1,0) -> 1 | AG15: =IFERROR(IF(AC14<>"",0,AE15+AG14),0) -> 295.92 | AI15: =IF(AJ15=0,"","FAA-RET01."&COUNTIF($AJ$6:AJ15,1)) | AJ15: =IF(AND(AN16>=0,AN15=1,AN14<>"",AN14<>1),1,0) -> 0 | AK15: =IF(AL14=0,"","FAA-RET01."&COUNTIF(AL$6:$AL15,1)) | AL15: =IF(AND(AN16=0,AN15<>0,AN14<>""),1,0) -> 0 | AM15: =IF(R15=$X$4,IFERROR(ROUND(IFERROR((C15*20+E15)-(C14*20+E14),"")/2*(S14+S15),2),0),0) -> 0 | AN15: =IF(R15=$X$4,1,0) -> 0 | AO15: =IFERROR(IF(AK14<>"",0,AM15+AO14),0) -> 0 | AQ15: =IF(A15-B15<0,0,A15-B15) -> 0.038 | AR15: =B15 -> 5.95 | AS15: =J15 -> 9.525 | AT15: =IF(K15-J15<0,0,K15-J15) -> 1.062 | AV15: 14 | AW15: 2.5 | AX15: 5 | AY15: 40 | AZ15: 18.497 | BA15: =A15 -> 5.988 | BB15: =AY15-AW15-AX15-BA15 -> 26.512 | BD15: =K15 -> 10.587 | BE15: =AY15-AW15-AX15-BD15 -> 21.913
A16: 5.958 | B16: 5.95 | C16: 50 | D16: + | E16: 10 | F16: 50+10.000 | G16: 781.674 | H16: 781.577 | I16: 0.097 | J16: 9.525 | K16: 10.487 | N16: 0.1 | O16: 0.00076318419 | P16: TER | Q16: =IF(R16=0,0,ROUND(B16+J16+8,2)*0.2) -> 4.696 | R16: =IF(C16="",NA(),IFERROR(IF(I16<=0,$X$2,IF(I16<=0.6,$X$3,IF(I16<=3,$X$4,IF(I16>3,$X$5)))),$X$1)) -> 2 | S16: =IFERROR(IF(OR(R16=$X$1,R16=$X$5),0,IF(I16<0,(AR16+AS16)*0.2,(AQ16+AR16+AS16+AT16)*0.2)),0) -> 3.289 | T16: =IFERROR(IF(OR(R16=$X$2,AR16+AS16=0),0,IF(I16>=0,ROUND((AR16+AS16+0.6*1.5)*(0.2),2),0)),0) -> 3.28 | U16: =IFERROR(IF(OR(R16=$X$2,AR16+AS16=0),0,IF(I16>=0,ROUND((AR16+AS16+0.6*1.5)*(0.6),2),0)),0) -> 9.83 | V16: =IFERROR(IF(R16=$X$2,IF(N16<=$N$5,(AR16+AS16)*0.2,(AR16+AS16)*0.2),0),0) -> 0 | AA16: =IF(AB16=0,"","FA-RET01."&COUNTIF(AB$6:$AB16,1)) | AB16: =IF(AND(AF17>=0,AF16=1,AF15<>"",AF15<>1),1,0) -> 0 | AC16: =IF(AD16=0,"","FA-RET01."&COUNTIF(AD$6:$AD16,1)) | AD16: =IF(AND(AF17=0,AF16<>0,AF15<>""),1,0) -> 0 | AE16: =IF(R16=$X$3,IFERROR(ROUND(IFERROR((C16*20+E16)-(C15*20+E15),"")/2*(S15+S16),2),0),0) -> 33.02 | AF16: =IF(R16=$X$3,1,0) -> 1 | AG16: =IFERROR(IF(AC15<>"",0,AE16+AG15),0) -> 328.94 | AI16: =IF(AJ16=0,"","FAA-RET01."&COUNTIF($AJ$6:AJ16,1)) | AJ16: =IF(AND(AN17>=0,AN16=1,AN15<>"",AN15<>1),1,0) -> 0 | AK16: =IF(AL15=0,"","FAA-RET01."&COUNTIF(AL$6:$AL16,1)) | AL16: =IF(AND(AN17=0,AN16<>0,AN15<>""),1,0) -> 0 | AM16: =IF(R16=$X$4,IFERROR(ROUND(IFERROR((C16*20+E16)-(C15*20+E15),"")/2*(S15+S16),2),0),0) -> 0 | AN16: =IF(R16=$X$4,1,0) -> 0 | AO16: =IFERROR(IF(AK15<>"",0,AM16+AO15),0) -> 0 | AQ16: =IF(A16-B16<0,0,A16-B16) -> 0.008 | AR16: =B16 -> 5.95 | AS16: =J16 -> 9.525 | AT16: =IF(K16-J16<0,0,K16-J16) -> 0.962 | AV16: 14 | AW16: 2.5 | AX16: 5 | AY16: 40 | AZ16: 18.931 | BA16: =A16 -> 5.958 | BB16: =AY16-AW16-AX16-BA16 -> 26.542 | BD16: =K16 -> 10.487 | BE16: =AY16-AW16-AX16-BD16 -> 22.013
A17: 5.985 | B17: 5.95 | C17: 51 | D17: + | E17: 0 | F17: 51+0.000 | G17: 781.791 | H17: 781.716 | I17: 0.075 | J17: 9.525 | K17: 10.469 | N17: 0.1 | O17: 0.00076318419 | P17: TER | Q17: =IF(R17=0,0,ROUND(B17+J17+8,2)*0.2) -> 4.696 | R17: =IF(C17="",NA(),IFERROR(IF(I17<=0,$X$2,IF(I17<=0.6,$X$3,IF(I17<=3,$X$4,IF(I17>3,$X$5)))),$X$1)) -> 2 | S17: =IFERROR(IF(OR(R17=$X$1,R17=$X$5),0,IF(I17<0,(AR17+AS17)*0.2,(AQ17+AR17+AS17+AT17)*0.2)),0) -> 3.2908 | T17: =IFERROR(IF(OR(R17=$X$2,AR17+AS17=0),0,IF(I17>=0,ROUND((AR17+AS17+0.6*1.5)*(0.2),2),0)),0) -> 3.28 | U17: =IFERROR(IF(OR(R17=$X$2,AR17+AS17=0),0,IF(I17>=0,ROUND((AR17+AS17+0.6*1.5)*(0.6),2),0)),0) -> 9.83 | V17: =IFERROR(IF(R17=$X$2,IF(N17<=$N$5,(AR17+AS17)*0.2,(AR17+AS17)*0.2),0),0) -> 0 | AA17: =IF(AB17=0,"","FA-RET01."&COUNTIF(AB$6:$AB17,1)) | AB17: =IF(AND(AF18>=0,AF17=1,AF16<>"",AF16<>1),1,0) -> 0 | AC17: =IF(AD17=0,"","FA-RET01."&COUNTIF(AD$6:$AD17,1)) | AD17: =IF(AND(AF18=0,AF17<>0,AF16<>""),1,0) -> 0 | AE17: =IF(R17=$X$3,IFERROR(ROUND(IFERROR((C17*20+E17)-(C16*20+E16),"")/2*(S16+S17),2),0),0) -> 32.9 | AF17: =IF(R17=$X$3,1,0) -> 1 | AG17: =IFERROR(IF(AC16<>"",0,AE17+AG16),0) -> 361.84 | AI17: =IF(AJ17=0,"","FAA-RET01."&COUNTIF($AJ$6:AJ17,1)) | AJ17: =IF(AND(AN18>=0,AN17=1,AN16<>"",AN16<>1),1,0) -> 0 | AK17: =IF(AL16=0,"","FAA-RET01."&COUNTIF(AL$6:$AL17,1)) | AL17: =IF(AND(AN18=0,AN17<>0,AN16<>""),1,0) -> 0 | AM17: =IF(R17=$X$4,IFERROR(ROUND(IFERROR((C17*20+E17)-(C16*20+E16),"")/2*(S16+S17),2),0),0) -> 0 | AN17: =IF(R17=$X$4,1,0) -> 0 | AO17: =IFERROR(IF(AK16<>"",0,AM17+AO16),0) -> 0 | AQ17: =IF(A17-B17<0,0,A17-B17) -> 0.035 | AR17: =B17 -> 5.95 | AS17: =J17 -> 9.525 | AT17: =IF(K17-J17<0,0,K17-J17) -> 0.944 | AV17: 15 | AW17: 2.5 | AX17: 5 | AY17: 40 | AZ17: 18.968 | BA17: =A17 -> 5.985 | BB17: =AY17-AW17-AX17-BA17 -> 26.515 | BD17: =K17 -> 10.469 | BE17: =AY17-AW17-AX17-BD17 -> 22.031
A18: 5.992 | B18: 5.95 | C18: 51 | D18: + | E18: 10 | F18: 51+10.000 | G18: 781.918 | H18: 781.854 | I18: 0.064 | J18: 9.525 | K18: 10.44 | N18: 0.1 | O18: 0.00076318419 | P18: TER | Q18: =IF(R18=0,0,ROUND(B18+J18+8,2)*0.2) -> 4.696 | R18: =IF(C18="",NA(),IFERROR(IF(I18<=0,$X$2,IF(I18<=0.6,$X$3,IF(I18<=3,$X$4,IF(I18>3,$X$5)))),$X$1)) -> 2 | S18: =IFERROR(IF(OR(R18=$X$1,R18=$X$5),0,IF(I18<0,(AR18+AS18)*0.2,(AQ18+AR18+AS18+AT18)*0.2)),0) -> 3.2864 | T18: =IFERROR(IF(OR(R18=$X$2,AR18+AS18=0),0,IF(I18>=0,ROUND((AR18+AS18+0.6*1.5)*(0.2),2),0)),0) -> 3.28 | U18: =IFERROR(IF(OR(R18=$X$2,AR18+AS18=0),0,IF(I18>=0,ROUND((AR18+AS18+0.6*1.5)*(0.6),2),0)),0) -> 9.83 | V18: =IFERROR(IF(R18=$X$2,IF(N18<=$N$5,(AR18+AS18)*0.2,(AR18+AS18)*0.2),0),0) -> 0 | AA18: =IF(AB18=0,"","FA-RET01."&COUNTIF(AB$6:$AB18,1)) | AB18: =IF(AND(AF19>=0,AF18=1,AF17<>"",AF17<>1),1,0) -> 0 | AC18: =IF(AD18=0,"","FA-RET01."&COUNTIF(AD$6:$AD18,1)) | AD18: =IF(AND(AF19=0,AF18<>0,AF17<>""),1,0) -> 0 | AE18: =IF(R18=$X$3,IFERROR(ROUND(IFERROR((C18*20+E18)-(C17*20+E17),"")/2*(S17+S18),2),0),0) -> 32.89 | AF18: =IF(R18=$X$3,1,0) -> 1 | AG18: =IFERROR(IF(AC17<>"",0,AE18+AG17),0) -> 394.73 | AI18: =IF(AJ18=0,"","FAA-RET01."&COUNTIF($AJ$6:AJ18,1)) | AJ18: =IF(AND(AN19>=0,AN18=1,AN17<>"",AN17<>1),1,0) -> 0 | AK18: =IF(AL17=0,"","FAA-RET01."&COUNTIF(AL$6:$AL18,1)) | AL18: =IF(AND(AN19=0,AN18<>0,AN17<>""),1,0) -> 0 | AM18: =IF(R18=$X$4,IFERROR(ROUND(IFERROR((C18*20+E18)-(C17*20+E17),"")/2*(S17+S18),2),0),0) -> 0 | AN18: =IF(R18=$X$4,1,0) -> 0 | AO18: =IFERROR(IF(AK17<>"",0,AM18+AO17),0) -> 0 | AQ18: =IF(A18-B18<0,0,A18-B18) -> 0.042 | AR18: =B18 -> 5.95 | AS18: =J18 -> 9.525 | AT18: =IF(K18-J18<0,0,K18-J18) -> 0.915 | AV18: 16 | AW18: 2.5 | AX18: 5 | AY18: 40 | AZ18: 19.639 | BA18: =A18 -> 5.992 | BB18: =AY18-AW18-AX18-BA18 -> 26.508 | BD18: =K18 -> 10.44 | BE18: =AY18-AW18-AX18-BD18 -> 22.06
A19: 6.058 | B19: 5.95 | C19: 52 | D19: + | E19: 0 | F19: 52+0.000 | G19: 782.053 | H19: 782.016 | I19: 0.037 | J19: 9.525 | K19: 10.385 | N19: 0.1 | O19: 0 | P19: TER | Q19: =IF(R19=0,0,ROUND(B19+J19+8,2)*0.2) -> 4.696 | R19: =IF(C19="",NA(),IFERROR(IF(I19<=0,$X$2,IF(I19<=0.6,$X$3,IF(I19<=3,$X$4,IF(I19>3,$X$5)))),$X$1)) -> 2 | S19: =IFERROR(IF(OR(R19=$X$1,R19=$X$5),0,IF(I19<0,(AR19+AS19)*0.2,(AQ19+AR19+AS19+AT19)*0.2)),0) -> 3.2886 | T19: =IFERROR(IF(OR(R19=$X$2,AR19+AS19=0),0,IF(I19>=0,ROUND((AR19+AS19+0.6*1.5)*(0.2),2),0)),0) -> 3.28 | U19: =IFERROR(IF(OR(R19=$X$2,AR19+AS19=0),0,IF(I19>=0,ROUND((AR19+AS19+0.6*1.5)*(0.6),2),0)),0) -> 9.83 | V19: =IFERROR(IF(R19=$X$2,IF(N19<=$N$5,(AR19+AS19)*0.2,(AR19+AS19)*0.2),0),0) -> 0 | AA19: =IF(AB19=0,"","FA-RET01."&COUNTIF(AB$6:$AB19,1)) | AB19: =IF(AND(AF20>=0,AF19=1,AF18<>"",AF18<>1),1,0) -> 0 | AC19: =IF(AD19=0,"","FA-RET01."&COUNTIF(AD$6:$AD19,1)) -> FA-RET01.1 | AD19: =IF(AND(AF20=0,AF19<>0,AF18<>""),1,0) -> 1 | AE19: =IF(R19=$X$3,IFERROR(ROUND(IFERROR((C19*20+E19)-(C18*20+E18),"")/2*(S18+S19),2),0),0) -> 32.88 | AF19: =IF(R19=$X$3,1,0) -> 1 | AG19: =IFERROR(IF(AC18<>"",0,AE19+AG18),0) -> 427.61 | AI19: =IF(AJ19=0,"","FAA-RET01."&COUNTIF($AJ$6:AJ19,1)) | AJ19: =IF(AND(AN20>=0,AN19=1,AN18<>"",AN18<>1),1,0) -> 0 | AK19: =IF(AL18=0,"","FAA-RET01."&COUNTIF(AL$6:$AL19,1)) | AL19: =IF(AND(AN20=0,AN19<>0,AN18<>""),1,0) -> 0 | AM19: =IF(R19=$X$4,IFERROR(ROUND(IFERROR((C19*20+E19)-(C18*20+E18),"")/2*(S18+S19),2),0),0) -> 0 | AN19: =IF(R19=$X$4,1,0) -> 0 | AO19: =IFERROR(IF(AK18<>"",0,AM19+AO18),0) -> 0 | AQ19: =IF(A19-B19<0,0,A19-B19) -> 0.108 | AR19: =B19 -> 5.95 | AS19: =J19 -> 9.525 | AT19: =IF(K19-J19<0,0,K19-J19) -> 0.86 | AV19: 17 | AW19: 2.5 | AX19: 5 | AY19: 40 | AZ19: 20.863 | BA19: =A19 -> 6.058 | BB19: =AY19-AW19-AX19-BA19 -> 26.442 | BD19: =K19 -> 10.385 | BE19: =AY19-AW19-AX19-BD19 -> 22.115
A20: 6.008 | B20: 5.95 | C20: 52 | D20: + | E20: 10 | F20: 52+10.000 | G20: 782.198 | H20: 782.203 | I20: -0.005 | J20: 9.525 | K20: 10.385 | N20: 0.1 | O20: 0 | P20: TER | Q20: =IF(R20=0,0,ROUND(B20+J20+8,2)*0.2) -> 4.696 | R20: =IF(C20="",NA(),IFERROR(IF(I20<=0,$X$2,IF(I20<=0.6,$X$3,IF(I20<=3,$X$4,IF(I20>3,$X$5)))),$X$1)) -> 1 | S20: =IFERROR(IF(OR(R20=$X$1,R20=$X$5),0,IF(I20<0,(AR20+AS20)*0.2,(AQ20+AR20+AS20+AT20)*0.2)),0) -> 3.095 | T20: =IFERROR(IF(OR(R20=$X$2,AR20+AS20=0),0,IF(I20>=0,ROUND((AR20+AS20+0.6*1.5)*(0.2),2),0)),0) -> 0 | U20: =IFERROR(IF(OR(R20=$X$2,AR20+AS20=0),0,IF(I20>=0,ROUND((AR20+AS20+0.6*1.5)*(0.6),2),0)),0) -> 0 | V20: =IFERROR(IF(R20=$X$2,IF(N20<=$N$5,(AR20+AS20)*0.2,(AR20+AS20)*0.2),0),0) -> 3.095 | AA20: =IF(AB20=0,"","FA-RET01."&COUNTIF(AB$6:$AB20,1)) | AB20: =IF(AND(AF21>=0,AF20=1,AF19<>"",AF19<>1),1,0) -> 0 | AC20: =IF(AD20=0,"","FA-RET01."&COUNTIF(AD$6:$AD20,1)) | AD20: =IF(AND(AF21=0,AF20<>0,AF19<>""),1,0) -> 0 | AE20: =IF(R20=$X$3,IFERROR(ROUND(IFERROR((C20*20+E20)-(C19*20+E19),"")/2*(S19+S20),2),0),0) -> 0 | AF20: =IF(R20=$X$3,1,0) -> 0 | AG20: =IFERROR(IF(AC19<>"",0,AE20+AG19),0) -> 0 | AI20: =IF(AJ20=0,"","FAA-RET01."&COUNTIF($AJ$6:AJ20,1)) | AJ20: =IF(AND(AN21>=0,AN20=1,AN19<>"",AN19<>1),1,0) -> 0 | AK20: =IF(AL19=0,"","FAA-RET01."&COUNTIF(AL$6:$AL20,1)) | AL20: =IF(AND(AN21=0,AN20<>0,AN19<>""),1,0) -> 0 | AM20: =IF(R20=$X$4,IFERROR(ROUND(IFERROR((C20*20+E20)-(C19*20+E19),"")/2*(S19+S20),2),0),0) -> 0 | AN20: =IF(R20=$X$4,1,0) -> 0 | AO20: =IFERROR(IF(AK19<>"",0,AM20+AO19),0) -> 0 | AQ20: =IF(A20-B20<0,0,A20-B20) -> 0.058 | AR20: =B20 -> 5.95 | AS20: =J20 -> 9.525 | AT20: =IF(K20-J20<0,0,K20-J20) -> 0.86 | AV20: 18 | AW20: 2.5 | AX20: 5 | AY20: 40 | AZ20: 21.593 | BA20: =A20 -> 6.008 | BB20: =AY20-AW20-AX20-BA20 -> 26.492 | BD20: =K20 -> 10.385 | BE20: =AY20-AW20-AX20-BD20 -> 22.115
A21: 5.981 | B21: 5.95 | C21: 53 | D21: + | E21: 0 | F21: 53+0.000 | G21: 782.352 | H21: 782.427 | I21: -0.075 | J21: 9.525 | K21: 10.375 | N21: 0.1 | O21: 0 | P21: TER | Q21: =IF(R21=0,0,ROUND(B21+J21+8,2)*0.2) -> 4.696 | R21: =IF(C21="",NA(),IFERROR(IF(I21<=0,$X$2,IF(I21<=0.6,$X$3,IF(I21<=3,$X$4,IF(I21>3,$X$5)))),$X$1)) -> 1 | S21: =IFERROR(IF(OR(R21=$X$1,R21=$X$5),0,IF(I21<0,(AR21+AS21)*0.2,(AQ21+AR21+AS21+AT21)*0.2)),0) -> 3.095 | T21: =IFERROR(IF(OR(R21=$X$2,AR21+AS21=0),0,IF(I21>=0,ROUND((AR21+AS21+0.6*1.5)*(0.2),2),0)),0) -> 0 | U21: =IFERROR(IF(OR(R21=$X$2,AR21+AS21=0),0,IF(I21>=0,ROUND((AR21+AS21+0.6*1.5)*(0.6),2),0)),0) -> 0 | V21: =IFERROR(IF(R21=$X$2,IF(N21<=$N$5,(AR21+AS21)*0.2,(AR21+AS21)*0.2),0),0) -> 3.095 | AA21: =IF(AB21=0,"","FA-RET01."&COUNTIF(AB$6:$AB21,1)) | AB21: =IF(AND(AF22>=0,AF21=1,AF20<>"",AF20<>1),1,0) -> 0 | AC21: =IF(AD21=0,"","FA-RET01."&COUNTIF(AD$6:$AD21,1)) | AD21: =IF(AND(AF22=0,AF21<>0,AF20<>""),1,0) -> 0 | AE21: =IF(R21=$X$3,IFERROR(ROUND(IFERROR((C21*20+E21)-(C20*20+E20),"")/2*(S20+S21),2),0),0) -> 0 | AF21: =IF(R21=$X$3,1,0) -> 0 | AG21: =IFERROR(IF(AC20<>"",0,AE21+AG20),0) -> 0 | AI21: =IF(AJ21=0,"","FAA-RET01."&COUNTIF($AJ$6:AJ21,1)) | AJ21: =IF(AND(AN22>=0,AN21=1,AN20<>"",AN20<>1),1,0) -> 0 | AK21: =IF(AL20=0,"","FAA-RET01."&COUNTIF(AL$6:$AL21,1)) | AL21: =IF(AND(AN22=0,AN21<>0,AN20<>""),1,0) -> 0 | AM21: =IF(R21=$X$4,IFERROR(ROUND(IFERROR((C21*20+E21)-(C20*20+E20),"")/2*(S20+S21),2),0),0) -> 0 | AN21: =IF(R21=$X$4,1,0) -> 0 | AO21: =IFERROR(IF(AK20<>"",0,AM21+AO20),0) -> 0 | AQ21: =IF(A21-B21<0,0,A21-B21) -> 0.031 | AR21: =B21 -> 5.95 | AS21: =J21 -> 9.525 | AT21: =IF(K21-J21<0,0,K21-J21) -> 0.85 | AV21: 18 | AW21: 2.5 | AX21: 5 | AY21: 40 | AZ21: 22.479 | BA21: =A21 -> 5.981 | BB21: =AY21-AW21-AX21-BA21 -> 26.519 | BD21: =K21 -> 10.375 | BE21: =AY21-AW21-AX21-BD21 -> 22.125
A22: 5.953 | B22: 5.95 | C22: 53 | D22: + | E22: 3.172 | F22: 53+3.172 | G22: 782.403 | H22: 782.476 | I22: -0.073 | J22: 9.525 | K22: 10.383 | N22: 0.1 | O22: 0 | P22: TER | Q22: =IF(R22=0,0,ROUND(B22+J22+8,2)*0.2) -> 4.696 | R22: =IF(C22="",NA(),IFERROR(IF(I22<=0,$X$2,IF(I22<=0.6,$X$3,IF(I22<=3,$X$4,IF(I22>3,$X$5)))),$X$1)) -> 1 | S22: =IFERROR(IF(OR(R22=$X$1,R22=$X$5),0,IF(I22<0,(AR22+AS22)*0.2,(AQ22+AR22+AS22+AT22)*0.2)),0) -> 3.095 | T22: =IFERROR(IF(OR(R22=$X$2,AR22+AS22=0),0,IF(I22>=0,ROUND((AR22+AS22+0.6*1.5)*(0.2),2),0)),0) -> 0 | U22: =IFERROR(IF(OR(R22=$X$2,AR22+AS22=0),0,IF(I22>=0,ROUND((AR22+AS22+0.6*1.5)*(0.6),2),0)),0) -> 0 | V22: =IFERROR(IF(R22=$X$2,IF(N22<=$N$5,(AR22+AS22)*0.2,(AR22+AS22)*0.2),0),0) -> 3.095 | AA22: =IF(AB22=0,"","FA-RET01."&COUNTIF(AB$6:$AB22,1)) | AB22: =IF(AND(AF23>=0,AF22=1,AF21<>"",AF21<>1),1,0) -> 0 | AC22: =IF(AD22=0,"","FA-RET01."&COUNTIF(AD$6:$AD22,1)) | AD22: =IF(AND(AF23=0,AF22<>0,AF21<>""),1,0) -> 0 | AE22: =IF(R22=$X$3,IFERROR(ROUND(IFERROR((C22*20+E22)-(C21*20+E21),"")/2*(S21+S22),2),0),0) -> 0 | AF22: =IF(R22=$X$3,1,0) -> 0 | AG22: =IFERROR(IF(AC21<>"",0,AE22+AG21),0) -> 0 | AI22: =IF(AJ22=0,"","FAA-RET01."&COUNTIF($AJ$6:AJ22,1)) | AJ22: =IF(AND(AN23>=0,AN22=1,AN21<>"",AN21<>1),1,0) -> 0 | AK22: =IF(AL21=0,"","FAA-RET01."&COUNTIF(AL$6:$AL22,1)) | AL22: =IF(AND(AN23=0,AN22<>0,AN21<>""),1,0) -> 0 | AM22: =IF(R22=$X$4,IFERROR(ROUND(IFERROR((C22*20+E22)-(C21*20+E21),"")/2*(S21+S22),2),0),0) -> 0 | AN22: =IF(R22=$X$4,1,0) -> 0 | AO22: =IFERROR(IF(AK21<>"",0,AM22+AO21),0) -> 0 | AQ22: =IF(A22-B22<0,0,A22-B22) -> 0.003 | AR22: =B22 -> 5.95 | AS22: =J22 -> 9.525 | AT22: =IF(K22-J22<0,0,K22-J22) -> 0.858 | AV22: 19 | AW22: 2.5 | AX22: 5 | AY22: 40 | AZ22: 22.489 | BA22: =A22 -> 5.953 | BB22: =AY22-AW22-AX22-BA22 -> 26.547 | BD22: =K22 -> 10.383 | BE22: =AY22-AW22-AX22-BD22 -> 22.117
... A52: 6.167 | B52: 5.95 | C52: 65 | D52: + | E52: 10 | F52: 65+10.000 | G52: 788.892 | H52: 788.993 | I52: -0.101 | J52: 8.312 | K52: 0 | N52: 0.1 | O52: 0.00097092095 | P52: TER | Q52: =IF(R52=0,0,ROUND(B52+J52+8,2)*0.2) -> 4.452 | R52: =IF(C52="",NA(),IFERROR(IF(I52<=0,$X$2,IF(I52<=0.6,$X$3,IF(I52<=3,$X$4,IF(I52>3,$X$5)))),$X$1)) -> 1 | S52: =IFERROR(IF(OR(R52=$X$1,R52=$X$5),0,IF(I52<0,(AR52+AS52)*0.2,(AQ52+AR52+AS52+AT52)*0.2)),0) -> 2.8524 | T52: =IFERROR(IF(OR(R52=$X$2,AR52+AS52=0),0,IF(I52>=0,ROUND((AR52+AS52+0.6*1.5)*(0.2),2),0)),0) -> 0 | U52: =IFERROR(IF(OR(R52=$X$2,AR52+AS52=0),0,IF(I52>=0,ROUND((AR52+AS52+0.6*1.5)*(0.6),2),0)),0) -> 0 | V52: =IFERROR(IF(R52=$X$2,IF(N52<=$N$5,(AR52+AS52)*0.2,(AR52+AS52)*0.2),0),0) -> 2.8524 | AA52: =IF(AB52=0,"","FA-RET01."&COUNTIF(AB$6:$AB52,1)) | AB52: =IF(AND(AF53>=0,AF52=1,AF51<>"",AF51<>1),1,0) -> 0 | AC52: =IF(AD52=0,"","FA-RET01."&COUNTIF(AD$6:$AD52,1)) | AD52: =IF(AND(AF53=0,AF52<>0,AF51<>""),1,0) -> 0 | AE52: =IF(R52=$X$3,IFERROR(ROUND(IFERROR((C52*20+E52)-(C51*20+E51),"")/2*(S51+S52),2),0),0) -> 0 | AF52: =IF(R52=$X$3,1,0) -> 0 | AG52: =IFERROR(IF(AC51<>"",0,AE52+AG51),0) -> 0 | AI52: =IF(AJ52=0,"","FAA-RET01."&COUNTIF($AJ$6:AJ52,1)) | AJ52: =IF(AND(AN53>=0,AN52=1,AN51<>"",AN51<>1),1,0) -> 0 | AK52: =IF(AL51=0,"","FAA-RET01."&COUNTIF(AL$6:$AL52,1)) | AL52: =IF(AND(AN53=0,AN52<>0,AN51<>""),1,0) -> 0 | AM52: =IF(R52=$X$4,IFERROR(ROUND(IFERROR((C52*20+E52)-(C51*20+E51),"")/2*(S51+S52),2),0),0) -> 0 | AN52: =IF(R52=$X$4,1,0) -> 0 | AO52: =IFERROR(IF(AK51<>"",0,AM52+AO51),0) -> 0 | AQ52: =IF(A52-B52<0,0,A52-B52) -> 0.217 | AR52: =B52 -> 5.95 | AS52: =J52 -> 8.312 | AT52: =IF(K52-J52<0,0,K52-J52) -> 0 | AV52: 45 | AW52: 2.5 | AX52: 5 | AY52: 40 | AZ52: 18.127 | BA52: =A52 -> 6.167 | BB52: =AY52-AW52-AX52-BA52 -> 26.333 | BD52: =K52 -> 0 | BE52: =AY52-AW52-AX52-BD52 -> 32.5
AA53: =IF(AB53=0,"","FA-RET01."&COUNTIF(AB$6:$AB53,1)) | AF53: 0
A54: 5.957 | B54: 5.95 | C54: 0 | D54: + | E54: 0 | F54: 0+0.000 | G54: 795.153 | H54: 795.141 | I54: 0.012 | J54: 5.931 | K54: 6.093 | N54: 0.1 | O54: 0.00088470529 | P54: TER | Q54: =IF(R54=0,0,ROUND(B54+J54+8,2)*0.2) -> 3.976 | R54: =IF(C54="",NA(),IFERROR(IF(I54<=0,$X$2,IF(I54<=0.6,$X$3,IF(I54<=3,$X$4,IF(I54>3,$X$5)))),$X$1)) -> 2 | S54: =IFERROR(IF(OR(R54=$X$1,R54=$X$5),0,IF(I54<0,(AR54+AS54)*0.2,(AQ54+AR54+AS54+AT54)*0.2)),0) -> 2.41 | T54: =IFERROR(IF(OR(R54=$X$2,AR54+AS54=0),0,IF(I54>=0,ROUND((AR54+AS54+0.6*1.5)*(0.2),2),0)),0) -> 2.56 | U54: =IFERROR(IF(OR(R54=$X$2,AR54+AS54=0),0,IF(I54>=0,ROUND((AR54+AS54+0.6*1.5)*(0.6),2),0)),0) -> 7.67 | V54: =IFERROR(IF(R54=$X$2,IF(N54<=$N$5,(AR54+AS54)*0.2,(AR54+AS54)*0.2),0),0) -> 0 | AA54: =IF(AB54=0,"","FA.RET02-"&COUNTIF(AB$6:$AB54,1)) -> FA.RET02-4 | AB54: =IF(AND(AF55>=0,AF54=1,AF53<>"",AF53<>1),1,0) -> 1 | AC54: =IF(AD54=0,"","FA.RET02-"&COUNTIF(AD$6:$AD54,1)) | AD54: =IF(AND(AF55=0,AF54<>0,AF53<>""),1,0) -> 0 | AE54: =IF(R54=$X$3,IFERROR(ROUND(IFERROR((C54*20+E54)-(C53*20+E53),"")/2*(S53+S54),2),0),0) -> 0 | AF54: =IF(R54=$X$3,1,0) -> 1 | AG54: =IFERROR(IF(AC53<>"",0,AE54+AG53),0) -> 0 | AI54: =IF(AJ54=0,"","FAA.RET02-"&COUNTIF($AJ$6:AJ54,1)) | AJ54: =IF(AND(AN55>=0,AN54=1,AN53<>"",AN53<>1),1,0) -> 0 | AK54: =IF(AL53=0,"","FAA.RET02-"&COUNTIF(AL$6:$AL54,1)) | AL54: =IF(AND(AN55=0,AN54<>0,AN53<>""),1,0) -> 0 | AM54: =IF(R54=$X$4,IFERROR(ROUND(IFERROR((C54*20+E54)-(C53*20+E53),"")/2*(S53+S54),2),0),0) -> 0 | AN54: =IF(R54=$X$4,1,0) -> 0 | AO54: =IFERROR(IF(AK53<>"",0,AM54+AO53),0) -> 0 | AQ54: =IF(A54-B54<0,0,A54-B54) -> 0.007 | AR54: =B54 -> 5.95 | AS54: =J54 -> 5.931 | AT54: =IF(K54-J54<0,0,K54-J54) -> 0.162 | AV54: 48 | AW54: 2.5 | AX54: 5 | AY54: 40 | AZ54: 17.421 | BA54: =A54 -> 5.957 | BB54: =AY54-AW54-AX54-BA54 -> 26.543 | BD54: =K54 -> 6.093 | BE54: =AY54-AW54-AX54-BD54 -> 26.407
A55: 5.996 | B55: 5.95 | C55: 0 | D55: + | E55: 10 | F55: 0+10.000 | G55: 795.561 | H55: 795.531 | I55: 0.03 | J55: 5.939 | K55: 6.092 | N55: 0.1 | O55: 0.00088470529 | P55: TER | Q55: =IF(R55=0,0,ROUND(B55+J55+8,2)*0.2) -> 3.978 | R55: =IF(C55="",NA(),IFERROR(IF(I55<=0,$X$2,IF(I55<=0.6,$X$3,IF(I55<=3,$X$4,IF(I55>3,$X$5)))),$X$1)) -> 2 | S55: =IFERROR(IF(OR(R55=$X$1,R55=$X$5),0,IF(I55<0,(AR55+AS55)*0.2,(AQ55+AR55+AS55+AT55)*0.2)),0) -> 2.4176 | T55: =IFERROR(IF(OR(R55=$X$2,AR55+AS55=0),0,IF(I55>=0,ROUND((AR55+AS55+0.6*1.5)*(0.2),2),0)),0) -> 2.56 | U55: =IFERROR(IF(OR(R55=$X$2,AR55+AS55=0),0,IF(I55>=0,ROUND((AR55+AS55+0.6*1.5)*(0.6),2),0)),0) -> 7.67 | V55: =IFERROR(IF(R55=$X$2,IF(N55<=$N$5,(AR55+AS55)*0.2,(AR55+AS55)*0.2),0),0) -> 0 | AA55: =IF(AB55=0,"","FA.RET02-"&COUNTIF(AB$6:$AB55,1)) | AB55: =IF(AND(AF56>=0,AF55=1,AF54<>"",AF54<>1),1,0) -> 0 | AC55: =IF(AD55=0,"","FA.RET02-"&COUNTIF(AD$6:$AD55,1)) | AD55: =IF(AND(AF56=0,AF55<>0,AF54<>""),1,0) -> 0 | AE55: =IF(R55=$X$3,IFERROR(ROUND(IFERROR((C55*20+E55)-(C54*20+E54),"")/2*(S54+S55),2),0),0) -> 24.14 | AF55: =IF(R55=$X$3,1,0) -> 1 | AG55: =IFERROR(IF(AC54<>"",0,AE55+AG54),0) -> 24.14 | AI55: =IF(AJ55=0,"","FAA.RET02-"&COUNTIF($AJ$6:AJ55,1)) | AJ55: =IF(AND(AN56>=0,AN55=1,AN54<>"",AN54<>1),1,0) -> 0 | AK55: =IF(AL54=0,"","FAA.RET02-"&COUNTIF(AL$6:$AL55,1)) | AL55: =IF(AND(AN56=0,AN55<>0,AN54<>""),1,0) -> 0 | AM55: =IF(R55=$X$4,IFERROR(ROUND(IFERROR((C55*20+E55)-(C54*20+E54),"")/2*(S54+S55),2),0),0) -> 0 | AN55: =IF(R55=$X$4,1,0) -> 0 | AO55: =IFERROR(IF(AK54<>"",0,AM55+AO54),0) -> 0 | AQ55: =IF(A55-B55<0,0,A55-B55) -> 0.046 | AR55: =B55 -> 5.95 | AS55: =J55 -> 5.939 | AT55: =IF(K55-J55<0,0,K55-J55) -> 0.153 | AV55: 49 | AW55: 2.5 | AX55: 5 | AY55: 40 | AZ55: 17.979 | BA55: =A55 -> 5.996 | BB55: =AY55-AW55-AX55-BA55 -> 26.504 | BD55: =K55 -> 6.092 | BE55: =AY55-AW55-AX55-BD55 -> 26.408
A56: 6.012 | B56: 5.95 | C56: 1 | D56: + | E56: 0 | F56: 1+0.000 | G56: 795.989 | H56: 795.95 | I56: 0.039 | J56: 6.165 | K56: 6.299 | N56: 0.1 | O56: 0.00088470529 | P56: TER | Q56: =IF(R56=0,0,ROUND(B56+J56+8,2)*0.2) -> 4.024 | R56: =IF(C56="",NA(),IFERROR(IF(I56<=0,$X$2,IF(I56<=0.6,$X$3,IF(I56<=3,$X$4,IF(I56>3,$X$5)))),$X$1)) -> 2 | S56: =IFERROR(IF(OR(R56=$X$1,R56=$X$5),0,IF(I56<0,(AR56+AS56)*0.2,(AQ56+AR56+AS56+AT56)*0.2)),0) -> 2.4622 | T56: =IFERROR(IF(OR(R56=$X$2,AR56+AS56=0),0,IF(I56>=0,ROUND((AR56+AS56+0.6*1.5)*(0.2),2),0)),0) -> 2.6 | U56: =IFERROR(IF(OR(R56=$X$2,AR56+AS56=0),0,IF(I56>=0,ROUND((AR56+AS56+0.6*1.5)*(0.6),2),0)),0) -> 7.81 | V56: =IFERROR(IF(R56=$X$2,IF(N56<=$N$5,(AR56+AS56)*0.2,(AR56+AS56)*0.2),0),0) -> 0 | AA56: =IF(AB56=0,"","FA.RET02-"&COUNTIF(AB$6:$AB56,1)) | AB56: =IF(AND(AF57>=0,AF56=1,AF55<>"",AF55<>1),1,0) -> 0 | AC56: =IF(AD56=0,"","FA.RET02-"&COUNTIF(AD$6:$AD56,1)) | AD56: =IF(AND(AF57=0,AF56<>0,AF55<>""),1,0) -> 0 | AE56: =IF(R56=$X$3,IFERROR(ROUND(IFERROR((C56*20+E56)-(C55*20+E55),"")/2*(S55+S56),2),0),0) -> 24.4 | AF56: =IF(R56=$X$3,1,0) -> 1 | AG56: =IFERROR(IF(AC55<>"",0,AE56+AG55),0) -> 48.54 | AI56: =IF(AJ56=0,"","FAA.RET02-"&COUNTIF($AJ$6:AJ56,1)) | AJ56: =IF(AND(AN57>=0,AN56=1,AN55<>"",AN55<>1),1,0) -> 0 | AK56: =IF(AL55=0,"","FAA.RET02-"&COUNTIF(AL$6:$AL56,1)) | AL56: =IF(AND(AN57=0,AN56<>0,AN55<>""),1,0) -> 0 | AM56: =IF(R56=$X$4,IFERROR(ROUND(IFERROR((C56*20+E56)-(C55*20+E55),"")/2*(S55+S56),2),0),0) -> 0 | AN56: =IF(R56=$X$4,1,0) -> 0 | AO56: =IFERROR(IF(AK55<>"",0,AM56+AO55),0) -> 0 | AQ56: =IF(A56-B56<0,0,A56-B56) -> 0.062 | AR56: =B56 -> 5.95 | AS56: =J56 -> 6.165 | AT56: =IF(K56-J56<0,0,K56-J56) -> 0.134 | AV56: 50 | AW56: 2.5 | AX56: 5 | AY56: 40 | AZ56: 17.779 | BA56: =A56 -> 6.012 | BB56: =AY56-AW56-AX56-BA56 -> 26.488 | BD56: =K56 -> 6.299 | BE56: =AY56-AW56-AX56-BD56 -> 26.201
A57: 6.019 | B57: 5.95 | C57: 1 | D57: + | E57: 10 | F57: 1+10.000 | G57: 796.436 | H57: 796.371 | I57: 0.065 | J57: 6.679 | K57: 6.86 | N57: 0.1 | O57: 0.00088470529 | P57: TER | Q57: =IF(R57=0,0,ROUND(B57+J57+8,2)*0.2) -> 4.126 | R57: =IF(C57="",NA(),IFERROR(IF(I57<=0,$X$2,IF(I57<=0.6,$X$3,IF(I57<=3,$X$4,IF(I57>3,$X$5)))),$X$1)) -> 2 | S57: =IFERROR(IF(OR(R57=$X$1,R57=$X$5),0,IF(I57<0,(AR57+AS57)*0.2,(AQ57+AR57+AS57+AT57)*0.2)),0) -> 2.5758 | T57: =IFERROR(IF(OR(R57=$X$2,AR57+AS57=0),0,IF(I57>=0,ROUND((AR57+AS57+0.6*1.5)*(0.2),2),0)),0) -> 2.71 | U57: =IFERROR(IF(OR(R57=$X$2,AR57+AS57=0),0,IF(I57>=0,ROUND((AR57+AS57+0.6*1.5)*(0.6),2),0)),0) -> 8.12 | V57: =IFERROR(IF(R57=$X$2,IF(N57<=$N$5,(AR57+AS57)*0.2,(AR57+AS57)*0.2),0),0) -> 0 | AA57: =IF(AB57=0,"","FA.RET02-"&COUNTIF(AB$6:$AB57,1)) | AB57: =IF(AND(AF58>=0,AF57=1,AF56<>"",AF56<>1),1,0) -> 0 | AC57: =IF(AD57=0,"","FA.RET02-"&COUNTIF(AD$6:$AD57,1)) | AD57: =IF(AND(AF58=0,AF57<>0,AF56<>""),1,0) -> 0 | AE57: =IF(R57=$X$3,IFERROR(ROUND(IFERROR((C57*20+E57)-(C56*20+E56),"")/2*(S56+S57),2),0),0) -> 25.19 | AF57: =IF(R57=$X$3,1,0) -> 1 | AG57: =IFERROR(IF(AC56<>"",0,AE57+AG56),0) -> 73.73 | AI57: =IF(AJ57=0,"","FAA.RET02-"&COUNTIF($AJ$6:AJ57,1)) | AJ57: =IF(AND(AN58>=0,AN57=1,AN56<>"",AN56<>1),1,0) -> 0 | AK57: =IF(AL56=0,"","FAA.RET02-"&COUNTIF(AL$6:$AL57,1)) | AL57: =IF(AND(AN58=0,AN57<>0,AN56<>""),1,0) -> 0 | AM57: =IF(R57=$X$4,IFERROR(ROUND(IFERROR((C57*20+E57)-(C56*20+E56),"")/2*(S56+S57),2),0),0) -> 0 | AN57: =IF(R57=$X$4,1,0) -> 0 | AO57: =IFERROR(IF(AK56<>"",0,AM57+AO56),0) -> 0 | AQ57: =IF(A57-B57<0,0,A57-B57) -> 0.069 | AR57: =B57 -> 5.95 | AS57: =J57 -> 6.679 | AT57: =IF(K57-J57<0,0,K57-J57) -> 0.181 | AV57: 51 | AW57: 2.5 | AX57: 5 | AY57: 40 | AZ57: 18.119 | BA57: =A57 -> 6.019 | BB57: =AY57-AW57-AX57-BA57 -> 26.481 | BD57: =K57 -> 6.86 | BE57: =AY57-AW57-AX57-BD57 -> 25.64
A58: 6.016 | B58: 5.95 | C58: 2 | D58: + | E58: 0 | F58: 2+0.000 | G58: 796.903 | H58: 796.869 | I58: 0.034 | J58: 7.397 | K58: 7.51 | N58: 0.1 | O58: 0.00088470529 | P58: TER | Q58: =IF(R58=0,0,ROUND(B58+J58+8,2)*0.2) -> 4.27 | R58: =IF(C58="",NA(),IFERROR(IF(I58<=0,$X$2,IF(I58<=0.6,$X$3,IF(I58<=3,$X$4,IF(I58>3,$X$5)))),$X$1)) -> 2 | S58: =IFERROR(IF(OR(R58=$X$1,R58=$X$5),0,IF(I58<0,(AR58+AS58)*0.2,(AQ58+AR58+AS58+AT58)*0.2)),0) -> 2.7052 | T58: =IFERROR(IF(OR(R58=$X$2,AR58+AS58=0),0,IF(I58>=0,ROUND((AR58+AS58+0.6*1.5)*(0.2),2),0)),0) -> 2.85 | U58: =IFERROR(IF(OR(R58=$X$2,AR58+AS58=0),0,IF(I58>=0,ROUND((AR58+AS58+0.6*1.5)*(0.6),2),0)),0) -> 8.55 | V58: =IFERROR(IF(R58=$X$2,IF(N58<=$N$5,(AR58+AS58)*0.2,(AR58+AS58)*0.2),0),0) -> 0 | AA58: =IF(AB58=0,"","FA.RET02-"&COUNTIF(AB$6:$AB58,1)) | AB58: =IF(AND(AF59>=0,AF58=1,AF57<>"",AF57<>1),1,0) -> 0 | AC58: =IF(AD58=0,"","FA.RET02-"&COUNTIF(AD$6:$AD58,1)) -> FA.RET02-4 | AD58: =IF(AND(AF59=0,AF58<>0,AF57<>""),1,0) -> 1 | AE58: =IF(R58=$X$3,IFERROR(ROUND(IFERROR((C58*20+E58)-(C57*20+E57),"")/2*(S57+S58),2),0),0) -> 26.41 | AF58: =IF(R58=$X$3,1,0) -> 1 | AG58: =IFERROR(IF(AC57<>"",0,AE58+AG57),0) -> 100.14 | AI58: =IF(AJ58=0,"","FAA.RET02-"&COUNTIF($AJ$6:AJ58,1)) | AJ58: =IF(AND(AN59>=0,AN58=1,AN57<>"",AN57<>1),1,0) -> 0 | AK58: =IF(AL57=0,"","FAA.RET02-"&COUNTIF(AL$6:$AL58,1)) | AL58: =IF(AND(AN59=0,AN58<>0,AN57<>""),1,0) -> 0 | AM58: =IF(R58=$X$4,IFERROR(ROUND(IFERROR((C58*20+E58)-(C57*20+E57),"")/2*(S57+S58),2),0),0) -> 0 | AN58: =IF(R58=$X$4,1,0) -> 0 | AO58: =IFERROR(IF(AK57<>"",0,AM58+AO57),0) -> 0 | AQ58: =IF(A58-B58<0,0,A58-B58) -> 0.066 | AR58: =B58 -> 5.95 | AS58: =J58 -> 7.397 | AT58: =IF(K58-J58<0,0,K58-J58) -> 0.113 | AV58: 52 | AW58: 2.5 | AX58: 5 | AY58: 40 | AZ58: 18.013 | BA58: =A58 -> 6.016 | BB58: =AY58-AW58-AX58-BA58 -> 26.484 | BD58: =K58 -> 7.51 | BE58: =AY58-AW58-AX58-BD58 -> 24.99
A59: 5.958 | B59: 5.95 | C59: 2 | D59: + | E59: 10 | F59: 2+10.000 | G59: 797.389 | H59: 797.393 | I59: -0.004 | J59: 8.007 | K59: 8.19 | N59: 0.1 | O59: 0.00088470529 | P59: TER | Q59: =IF(R59=0,0,ROUND(B59+J59+8,2)*0.2) -> 4.392 | R59: =IF(C59="",NA(),IFERROR(IF(I59<=0,$X$2,IF(I59<=0.6,$X$3,IF(I59<=3,$X$4,IF(I59>3,$X$5)))),$X$1)) -> 1 | S59: =IFERROR(IF(OR(R59=$X$1,R59=$X$5),0,IF(I59<0,(AR59+AS59)*0.2,(AQ59+AR59+AS59+AT59)*0.2)),0) -> 2.7914 | T59: =IFERROR(IF(OR(R59=$X$2,AR59+AS59=0),0,IF(I59>=0,ROUND((AR59+AS59+0.6*1.5)*(0.2),2),0)),0) -> 0 | U59: =IFERROR(IF(OR(R59=$X$2,AR59+AS59=0),0,IF(I59>=0,ROUND((AR59+AS59+0.6*1.5)*(0.6),2),0)),0) -> 0 | V59: =IFERROR(IF(R59=$X$2,IF(N59<=$N$5,(AR59+AS59)*0.2,(AR59+AS59)*0.2),0),0) -> 2.7914 | AA59: =IF(AB59=0,"","FA.RET02-"&COUNTIF(AB$6:$AB59,1)) | AB59: =IF(AND(AF60>=0,AF59=1,AF58<>"",AF58<>1),1,0) -> 0 | AC59: =IF(AD59=0,"","FA.RET02-"&COUNTIF(AD$6:$AD59,1)) | AD59: =IF(AND(AF60=0,AF59<>0,AF58<>""),1,0) -> 0 | AE59: =IF(R59=$X$3,IFERROR(ROUND(IFERROR((C59*20+E59)-(C58*20+E58),"")/2*(S58+S59),2),0),0) -> 0 | AF59: =IF(R59=$X$3,1,0) -> 0 | AG59: =IFERROR(IF(AC58<>"",0,AE59+AG58),0) -> 0 | AI59: =IF(AJ59=0,"","FAA.RET02-"&COUNTIF($AJ$6:AJ59,1)) | AJ59: =IF(AND(AN60>=0,AN59=1,AN58<>"",AN58<>1),1,0) -> 0 | AK59: =IF(AL58=0,"","FAA.RET02-"&COUNTIF(AL$6:$AL59,1)) | AL59: =IF(AND(AN60=0,AN59<>0,AN58<>""),1,0) -> 0 | AM59: =IF(R59=$X$4,IFERROR(ROUND(IFERROR((C59*20+E59)-(C58*20+E58),"")/2*(S58+S59),2),0),0) -> 0 | AN59: =IF(R59=$X$4,1,0) -> 0 | AO59: =IFERROR(IF(AK58<>"",0,AM59+AO58),0) -> 0 | AQ59: =IF(A59-B59<0,0,A59-B59) -> 0.008 | AR59: =B59 -> 5.95 | AS59: =J59 -> 8.007 | AT59: =IF(K59-J59<0,0,K59-J59) -> 0.183 | AV59: 53 | AW59: 2.5 | AX59: 5 | AY59: 40 | AZ59: 17.705 | BA59: =A59 -> 5.958 | BB59: =AY59-AW59-AX59-BA59 -> 26.542 | BD59: =K59 -> 8.19 | BE59: =AY59-AW59-AX59-BD59 -> 24.31
A60: 5.974 | B60: 5.95 | C60: 3 | D60: + | E60: 0 | F60: 3+0.000 | G60: 797.894 | H60: 797.891 | I60: 0.003 | J60: 8.347 | K60: 8.406 | N60: 0.1 | O60: 0.00088470529 | P60: TER | Q60: =IF(R60=0,0,ROUND(B60+J60+8,2)*0.2) -> 4.46 | R60: =IF(C60="",NA(),IFERROR(IF(I60<=0,$X$2,IF(I60<=0.6,$X$3,IF(I60<=3,$X$4,IF(I60>3,$X$5)))),$X$1)) -> 2 | S60: =IFERROR(IF(OR(R60=$X$1,R60=$X$5),0,IF(I60<0,(AR60+AS60)*0.2,(AQ60+AR60+AS60+AT60)*0.2)),0) -> 2.876 | T60: =IFERROR(IF(OR(R60=$X$2,AR60+AS60=0),0,IF(I60>=0,ROUND((AR60+AS60+0.6*1.5)*(0.2),2),0)),0) -> 3.04 | U60: =IFERROR(IF(OR(R60=$X$2,AR60+AS60=0),0,IF(I60>=0,ROUND((AR60+AS60+0.6*1.5)*(0.6),2),0)),0) -> 9.12 | V60: =IFERROR(IF(R60=$X$2,IF(N60<=$N$5,(AR60+AS60)*0.2,(AR60+AS60)*0.2),0),0) -> 0 | AA60: =IF(AB60=0,"","FA.RET02-"&COUNTIF(AB$6:$AB60,1)) -> FA.RET02-5 | AB60: =IF(AND(AF61>=0,AF60=1,AF59<>"",AF59<>1),1,0) -> 1 | AC60: =IF(AD60=0,"","FA.RET02-"&COUNTIF(AD$6:$AD60,1)) | AD60: =IF(AND(AF61=0,AF60<>0,AF59<>""),1,0) -> 0 | AE60: =IF(R60=$X$3,IFERROR(ROUND(IFERROR((C60*20+E60)-(C59*20+E59),"")/2*(S59+S60),2),0),0) -> 28.34 | AF60: =IF(R60=$X$3,1,0) -> 1 | AG60: =IFERROR(IF(AC59<>"",0,AE60+AG59),0) -> 28.34 | AI60: =IF(AJ60=0,"","FAA.RET02-"&COUNTIF($AJ$6:AJ60,1)) | AJ60: =IF(AND(AN61>=0,AN60=1,AN59<>"",AN59<>1),1,0) -> 0 | AK60: =IF(AL59=0,"","FAA.RET02-"&COUNTIF(AL$6:$AL60,1)) | AL60: =IF(AND(AN61=0,AN60<>0,AN59<>""),1,0) -> 0 | AM60: =IF(R60=$X$4,IFERROR(ROUND(IFERROR((C60*20+E60)-(C59*20+E59),"")/2*(S59+S60),2),0),0) -> 0 | AN60: =IF(R60=$X$4,1,0) -> 0 | AO60: =IFERROR(IF(AK59<>"",0,AM60+AO59),0) -> 0 | AQ60: =IF(A60-B60<0,0,A60-B60) -> 0.024 | AR60: =B60 -> 5.95 | AS60: =J60 -> 8.347 | AT60: =IF(K60-J60<0,0,K60-J60) -> 0.059 | AV60: 54 | AW60: 2.5 | AX60: 5 | AY60: 40 | AZ60: 17.662 | BA60: =A60 -> 5.974 | BB60: =AY60-AW60-AX60-BA60 -> 26.526 | BD60: =K60 -> 8.406 | BE60: =AY60-AW60-AX60-BD60 -> 24.094 | BH60: =AVERAGEIFS(AZ6:$AZ$115,$AV$6:$AV$115,19,$AV$6:$AV$115,20) -> #DIV/0!
A61: 6.011 | B61: 5.95 | C61: 3 | D61: + | E61: 10 | F61: 3+10.000 | G61: 798.418 | H61: 798.399 | I61: 0.019 | J61: 8.425 | K61: 8.51 | N61: 0.1 | O61: 0.00088470529 | P61: TER | Q61: =IF(R61=0,0,ROUND(B61+J61+8,2)*0.2) -> 4.476 | R61: =IF(C61="",NA(),IFERROR(IF(I61<=0,$X$2,IF(I61<=0.6,$X$3,IF(I61<=3,$X$4,IF(I61>3,$X$5)))),$X$1)) -> 2 | S61: =IFERROR(IF(OR(R61=$X$1,R61=$X$5),0,IF(I61<0,(AR61+AS61)*0.2,(AQ61+AR61+AS61+AT61)*0.2)),0) -> 2.9042 | T61: =IFERROR(IF(OR(R61=$X$2,AR61+AS61=0),0,IF(I61>=0,ROUND((AR61+AS61+0.6*1.5)*(0.2),2),0)),0) -> 3.06 | U61: =IFERROR(IF(OR(R61=$X$2,AR61+AS61=0),0,IF(I61>=0,ROUND((AR61+AS61+0.6*1.5)*(0.6),2),0)),0) -> 9.17 | V61: =IFERROR(IF(R61=$X$2,IF(N61<=$N$5,(AR61+AS61)*0.2,(AR61+AS61)*0.2),0),0) -> 0 | AA61: =IF(AB61=0,"","FA.RET02-"&COUNTIF(AB$6:$AB61,1)) | AB61: =IF(AND(AF62>=0,AF61=1,AF60<>"",AF60<>1),1,0) -> 0 | AC61: =IF(AD61=0,"","FA.RET02-"&COUNTIF(AD$6:$AD61,1)) | AD61: =IF(AND(AF62=0,AF61<>0,AF60<>""),1,0) -> 0 | AE61: =IF(R61=$X$3,IFERROR(ROUND(IFERROR((C61*20+E61)-(C60*20+E60),"")/2*(S60+S61),2),0),0) -> 28.9 | AF61: =IF(R61=$X$3,1,0) -> 1 | AG61: =IFERROR(IF(AC60<>"",0,AE61+AG60),0) -> 57.24 | AI61: =IF(AJ61=0,"","FAA.RET02-"&COUNTIF($AJ$6:AJ61,1)) | AJ61: =IF(AND(AN62>=0,AN61=1,AN60<>"",AN60<>1),1,0) -> 0 | AK61: =IF(AL60=0,"","FAA.RET02-"&COUNTIF(AL$6:$AL61,1)) | AL61: =IF(AND(AN62=0,AN61<>0,AN60<>""),1,0) -> 0 | AM61: =IF(R61=$X$4,IFERROR(ROUND(IFERROR((C61*20+E61)-(C60*20+E60),"")/2*(S60+S61),2),0),0) -> 0 | AN61: =IF(R61=$X$4,1,0) -> 0 | AO61: =IFERROR(IF(AK60<>"",0,AM61+AO60),0) -> 0 | AQ61: =IF(A61-B61<0,0,A61-B61) -> 0.061 | AR61: =B61 -> 5.95 | AS61: =J61 -> 8.425 | AT61: =IF(K61-J61<0,0,K61-J61) -> 0.085 | AV61: 55 | AW61: 2.5 | AX61: 5 | AY61: 40 | AZ61: 17.035 | BA61: =A61 -> 6.011 | BB61: =AY61-AW61-AX61-BA61 -> 26.489 | BD61: =K61 -> 8.51 | BE61: =AY61-AW61-AX61-BD61 -> 23.99 | BG61: =MIN(BE61:BE97) -> 21.753 | BH61: =AVERAGEIFS(AZ6:AZ115,AV6:AV115,">=55",AV6:AV115,"<100") -> 19.47349
